Workbook
Name CDP: [1]!Tabla3[CDP]
Name CDPPROYECTO: [1]!Tabla3[PROYECTO]
Name CODIGO: [1]!Tabla2[CÓDIGO DE PROYECTO BPIN]
Name estado: [1]!Tabla7[Estado]
Name Frecuencia: [1]!Tabla6[Frecuencia]
Name PROYECTO: [1]!Tabla2[PROYECTO DE INVERSIÓN]
Name PROYECTOS: [1]!Tabla2[PROYECTO DE INVERSIÓN]
Name RP: [1]!Tabla5[RP]

Sheet INSTRUCTIVO
B1: INSTRUCTIVO PARA EL DILIGENCIAMIENTO DEL PLAN DE ACCIÓN INSTITUCIONAL VIGENCIA 2024
B2: PLANTEAMIENTO ESTRATÉGICO PLAN DE ACCIÓN INSTITUCIONAL (Hoja 1)
B3: OBJETIVO DE DESARROLLO SOSTENIBLE | C3: Ingrese en esta casilla el ODS con el que se articula el programa de su competencia según el Acuerdo 139 que adopta el Plan de Desarrollo Distrital 2024-2027 'Cartagena, Ciudad de Derechos'.
B4: OBJETIVO ESTRATÉGICO | C4: Ingrese en esta casilla el objetivo estratégico definido en la plataforma estratégica, relacionado con su proceso y con la línea estratégica en la cual el Acuerdo 139 del 2024 le asignó su responsabilidad.
B5: LINEA ESTRATÉGICA | C5: Ingrese en esta casilla la línea estratégica correspondiente al programa de su competencia según el Acuerdo 139 que adopta el Plan de Desarrollo Distrital 2024-2027 'Cartagena, Ciudad de Derechos'.
B6: IMPULSOR DE AVANCE | C6: Ingrese en esta casilla el impulsor de avance que facilita el logro del objetivo del programa de su competencia según el Acuerdo 139 que adopta el Plan de Desarrollo Distrital 2024-2027 'Cartagena, Ciudad de Derechos'.
B7: META DE RESULTADO | C7: Ingrese en esta casilla la meta de resultado esperada del programa de su competencia según el Acuerdo 139 que adopta el Plan de Desarrollo Distrital 2024-2027 'Cartagena, Ciudad de Derechos'.
B8: PROGRAMA | C8: Ingrese en esta casilla el nombre de los programas de su competencia según el Acuerdo 139 que adopta el Plan de Desarrollo Distrital 2024-2027 'Cartagena, Ciudad de Derechos' (revise e incorpore los programas del Capítulo de los Pueblos y Comunidades Étnicas donde tienen compromisos, así como sus metas compartidas con otras dependencias).
B9: CÓDIGO DE PROGRAMA | C9: Ingrese en esta casilla el código del programa establecido en el Plan Operativo Anual de Inversiones.
B10: INDICADOR DE PRODUCTO SEGÚN PDD | C10: Ingrese en este casilla el indicador definido para cumplir la meta de producto en el Plan de Desarrollo según el Acuerdo 139 que adopta el Plan de Desarrollo Distrital 2024-2027 'Cartagena, Ciudad de Derechos'
B11: UNIDAD DE MEDIDA DEL INDICADOR DE PRODUCTO | C11: Ingrese en esta casilla la expresion fisica con la que se mostrará el resultado de la meta propuesta. (Ejemplo: número, porcentaje, kilometro).
B12: LINEA BASE SEGUN PDD | C12: Ingrese en esta casilla el valor que se encuentra en el Acuerdo 139 que adopta el Plan de Desarrollo Distrital 2024-2027 'Cartagena, Ciudad de Derechos', como el punto de partida para definir el alcance de la meta producto.
B13: DESCRIPCION DE LA META PRODUCTO 2024-2027 | C13: Ingrese en esta casilla lo que persigue el indicador en el cuatrenio, se encuentra plasmado en el Acuerdo 139 que adopta el Plan de Desarrollo Distrital 2024-2027 'Cartagena, Ciudad de Derechos'
B14: PONDERACION DE LA META PRODUCTO | C14: Ingrese en esta casilla el valor porcentual asignado a la meta producto
... B18: PROGRAMACIÓN META PRODUCTO A 2024 | C18: Ingrese en esta casilla, la cantidad de la meta propuesta para la actual vigencia, relacionada con el Plan Indicativo.
B20: GESTIÓN ADMINISTRATIVA MIPG (Hoja 2)
B21: El objetivo principal del Modelo Integrado de Planeación y Gestión - MIPG es dinamizar la gestión de las organizaciones públicas para generar bienes y servicios que resuelvan efectivamente las necesidades de la ciudadanía en el marco de la integralidad y la legalidad y la promoción de acciones que contribuyan a la lucha contra la corrupcion. Por lo que el principal beneficio del actual Modelo Integrado de Planeación y Gestión - MIPG es su contribución al fortalecimiento de las capacidades de las organizaciones, ya que se focaliza en las prácticas y procesos clave que ellas adelantan para convertir insumos en resultados, apuntando a transformar el Estado Colombiano, de un Estado legislativo a un Estado prestador de servicios. En relacion a lo anterior pretendemos que se identifique desde su dependencia como se relaciona el trabajo que se efectua para lograr lo propuesto.
B22: META DE RESULTADO | C22: Ingrese en esta casilla la meta de resultado esperada del programa de su competencia según el Acuerdo 139 que adopta el Plan de Desarrollo Distrital 2024-2027 'Cartagena, Ciudad de Derechos'.
B23: DIMENSIONES DE MIPG | C23: Ingrese en esta casilla la dimensión identificada: Definir desde la competencia de la dependencia y sus procesos con que dimensión se identifican de las 7 que componen el modelo. Como son: 1. Talento Humano 2. Direccionamiento Estrategico 3. Gestion con Valores por Resultados 4. Evaluacion de Resultados 5. Informacion y Comunicación 6. Gestion del Conocimiento 7. Control Interno
B24: POLÍTICAS DE GESTIÓN Y DESEMPEÑO INSTITUCIONAL | C24: Relacione en esta casilla la política de gestión y desempeño institucional alineada a su proceso (Éstas se ubican en una de las siete dimensiones de MIPG y las 19 políticas)
B25: PROCESO ASOCIADO A PROGRAMA Y PRODUCTO | C25: Relacione en esta casilla el proceso de gestión asociado al programa y al producto (Identifique el proceso de su competencia en el mapa de interrelacion de procesos alineado con su dependencia).
B26: SUBPROCESO ASOCIADO | C26: Relacione en esta casilla el subproceso de su competencia (Identifique esto en el mapa de interrelación de procesos).
B27: OBJETIVO DEL SUBPROCESO | C27: Descripcion del objetivo del subproceso al cual pertenece
B28: NOMBRE DEL INDICADOR | C28: Ingrese en esta casilla el nombre del indicador asociado a los objetivos estratégicos de la entidad, de acuerdo al proceso o subproceso de su competencia.
B29: PROPÓSITO | C29: Describa en esta casilla la meta que espera lograr a partir del indicador mencionado en la casilla anterior.
B30: FRECUENCIA | C30: Describa en esta casilla la frecuencia con la que se hará el reporte.
B31: TIPO DE INDICADOR | C31: Describa en esta casilla el tipo de indicador relacionado, según su naturaleza (eficiencia, eficaz, efectividad, etc).
B32: GRUPOS DE VALOR | C32: Defina en esta casilla con una X a qué grupo de valor pertenece, ya sea entidades, ciudadanía, servidores-interno.
B33: PLANES DECRETO 612 DE 2018 | C33: Indique a cuál Plan Institucional, de los establecidos en el Decreto 612 del 2018, le aporta este producto.
B34: POLÍTICA DE ADMINISTRACION DE RIESGOS
B35: “Establece los lineamientos y parámetros en la Alcaldía Mayor de Cartagena de Indias para la identificación, análisis, evaluación, tratamiento, monitoreo, revisión, valoración, comunicación, consulta y seguimiento de los riesgos a los que se expone y pueden afectar el cumplimiento de los objetivos institucionales en el marco de los procesos, planes y proyectos de la entidad debido a eventos potenciales y que pueden llevar a la posibilidad de incurrir en pérdidas o afectaciones a nivel económico o reputaciones por deficiencias, fallas o inadecuaciones, en el recurso humano, procesos, tecnología, infraestructura o por la ocurrencia de acontecimientos externos.”
B36: RIESGOS ASOCIADOS AL PROCESO | C36: Ingrese en esta casilla cada uno de los riesgos identificados en el proceso definido, y desarrollado en la caracterización de la gestión por proceso
B37: CONTROLES ESTABLECIDOS PARA LOS RIESGOS | C37: Ingrese en esta casilla cada uno de los controles formulados para cada riesgo identificado en el proceso definido
B39: PLAN DE ACCION - INVERSIÓN (Hoja 3)
B40: PROYECTO DE INVERSIÓN | C40: Ingrese en esta casilla el nombre del proyecto a partir del cual se desarrollará el programa con el que se articula.
B41: CÓDIGO DE PROYECTO BPIN | C41: Ingrese en esta casilla el número BPIN del proyecto a partir del cual se desarrollará el programa con el que se articula.
B42: OBJETIVO GENERAL DEL PROYECTO | C42: Ingrese en esta casilla el fin general del proyecto a partir del cual se desarrollará el programa con el que se articula.
B43: OBJETIVO ESPECÍFICO DEL PROYECTO | C43: Ingrese en esta casilla el objetivo específico asociado al objetivo general diligenciado en la casilla anterior.
B44: PRODUCTO DEL PROYECTO | C44: Ingrese en esta casilla el producto que materializa el objetivo específico relacionado en la casilla anterior.
B45: PONDERACIÓN DE PRODUCTO | C45: Ingrese en esta casilla la ponderacion asignada al producto en cuestión.
B46: ACTIVIDADES DE PROYECTO DE INVERSIÓN ( HITOS ) | C46: Ingrese en esta casilla el listado de actividades del proyecto a partir de las cuales se desarrollará el programa con el que se articula (Incluir actividades misionales que se desarrollan conforme al propósito de la entidad y su proceso). Es importante que este listado de actividades coincida totalmente con las viabilizadas en el SUIFP.
B47: TRAZADOR PRESUPUESTAL | C47: Ingrese en esta casilla el trazador presupuestal asociado a la actividad de proyecto.
B48: ENTREGABLE | C48: Ingrese en esta casilla el producto resultante de cada actividad de proyecto a realizar.
B49: PROGRAMACIÓN NUMÉRICA DE LA ACTIVIDAD PROYECTO 2024 | C49: Ingrese en esta casilla el número o pocentaje que se pretende alcanzar con cada actividad del proyecto durante la vigencia.
B50: FECHA DE INICIO DE LA ACTIVIDAD O ENTREGABLE | C50: Indique en esta casilla la fecha de inicio de la actividad en la vigencia 2024
B51: FECHA DE TERMINACIÓN DEL ENTREGABLE | C51: Indique en esta casilla la fecha de terminación de la actividad en la vigencia 2024
... B57: ACCIONES DE CONTROL DE LOS RIESGOS DE LOS PROYECTOS | C57: Ingrese en esta casilla las acciones para controlar los riesgos identificados al proyecto
B59: PLAN ANUAL DE ADQUISICIONES (Hoja 3)
B60: ¿REQUIERE CONTRATACIÓN? | C60: En esta casilla ingrese si es necesaria la contratación
B61: DESCRIPCION DE LA ADQUISICION ASOCIADA AL PROYECTO | C61: Relacione la descripcion que se encuentra en el Plan Anual de Adquisiciones asociada al proyecto de inversión
B62: CUANTÍA ASIGNADA A LA CONTRATACIÓN | C62: Ingrese en esta casilla el valor de la contratación relacionada
B63: MODALIDAD DE SELECCIÓN | C63: Indique la modalidad de contratación selecionada (Licitación Pública, concurso de méritos, selección abreviada, mínima cuantía, contratación directa)
B64: FUENTE DE RECURSOS | C64: Indique la fuente de recursos asignada por el acuerdo de presupuesto
B65: FECHA DE INICIO DE CONTRATACIÓN | C65: Indique la fecha tentativa de inicio del proceso de contratación
B67: PROGRAMACIÓN PRESUPUESTAL (Hoja 3)
B68: APROPIACIÓN INICIAL (en pesos) | C68: Ingrese el valor numérico en pesos del Plan Operativo Anual de Inversión asignado al rubro presupuestal
B69: APROPACION DEFINITIVA POR PROYECTO | C69: Ingrese el valor numérico en pesos del Plan Operativo Anual de Inversion asignado al rubro presupuestal luego de adiciones y deducciones
B70: FUENTE DE FINANCIACIÓN | C70: Ingrese el nombre de la fuente de recursos con lo que financiará la actividad
B71: RUBRO PRESUPUESTAL | C71: Indique el rubro del presupuesto que abarca el sector de su competencia.
B72: CODIGO RUBRO PRESUPUESTAL | C72: Ingrese el código numérico que identifica el concepto del gasto (Funcionamiento, Deuda, Inversión) y el cual es definido en el Decreto de Liquidación.

Sheet ESTRATÉGICO
C1: ALCALDIA DISTRITAL DE CARTAGENA DE INDIAS | AG1: Código: PTDGI01-F001
C2: MACROPROCESO: PLANEACIÓN TERRITORIAL Y DIRECCIONAMIENTO ESTRATEGICO | AG2: Versión: 1.0
C3: PROCESO / SUBPROCESO: GESTIÓN DE LA INVERSIÓN PUBLICA / GESTIÓN DEL PLAN DE DESARROLLO Y SUS INSTRUMENTOS DE EJECUCIÓN | AG3: Fecha: 16/07/2024
C4: FORMATO DE REPORTE DE INFORMACIÓN PLAN DE ACCIÓN INSTITUCIOANAL | AG4: Página: 1 de 3
A5: DEPENDENCIA: | C5: SECRETARÍA DE EDUCACIÓN DISTRITAL
A6: PLANTEAMIENTO ESTRATÉGICO- PLAN DE DESARROLLO
A7: DATOS GENERALES | P7: PROGRAMACIÓN META PRODUCTO | T7: ACUMULADOS | Y7: REPORTES META PRODUCTO
A8: OBJETIVO DE DESARROLLO SOSTENIBLE | B8: OBJETIVO ESTRATÉGICO | C8: LÍNEA ESTRATÉGICA | D8: IMPULSOR DE AVANCE | E8: META RESULTADO | F8: PROGRAMA | G8: CÓDIGO DE PROGRAMA | H8: INDICADOR DE PRODUCTO SEGÚN PDD | I8: UNIDAD DE MEDIDA DEL INDICADOR DE PRODUCTO | J8: LÍNEA BASE SEGUN PDD | K8: DESCRIPCIÓN DE LA META PRODUCTO 2024-2027 | L8: PONDERACIÓN DE LA META PRODUCTO | M8: DENOMINACIÓN DEL PRODUCTO | N8: ENTREGABLE INDICADOR DE PRODUCTO SEGÚN CATALOGO DE PRODUCTO | O8: VALOR DE LA META PRODUCTO 2024-2027 | P8: PROGRAMACIÓN META PRODUCTO 2024 | Q8: PROGRAMACIÓN META PRODUCTO 2025 | R8: PROGRAMACIÓN META PRODUCTO 2026 | S8: PROGRAMACIÓN META PRODUCTO 2027 | T8: ACUMULADO 2024 | U8: ACUMULADO 2025 | V8: ACUMULADO 2026 | W8: ACUMULADO 2027 | X8: ACUMULADO CUATRIENIO | Y8: REPORTE META PRODUCTO DE MARZO 2026 | Z8: REPORTE META PRODUCTO DE JUNIO 2026 | AA8: REPORTE META PRODUCTO DE SEPTIEMBRE 2026 | AB8: REPORTE META PRODUCTO DE DICIEMBRE 2026 | AC8: AVANCE META PRODUCTO AL AÑO (PONDERADO) | AD8: AVANCE META PRODUCTO AL CUATRIENIO (PONDERADO) | AE8: AVANCE META PRODUCTO AL AÑO (SIMPLE) | AF8: AVANCE META PRODUCTO AL CUATRIENIO (SIMPLE) | AG8: OBSERVACIONES TRIMESTRE ENERO A MARZO 2026 | AI8: OBSERVACIONES TRIMESTRE ABRIL A JUNIO 2026
A9: 4. Educación de Calidad | B9: 2. Dignificar la Vida de los habitantes del Distrito de Cartagena de Indias con el desarrollo y fortalecimiento de la infraestructura educativa, la calidad y la cobertura de la educación en las instituciones públicas, y la reducción de la pobreza multidimensional con la disminución del déficit habitacional, ampliación de la cobertura del saneamiento básico, y garantizando una vivienda digna para toda la población, durante el período de gobierno 2024-2027. | C9: VIDA DIGNA | D9: EDUCACION | E9: Incrementar la tasa de cobertura neta sin extraedad global al 95% | F9: Modernización De La Infraestructura Educativa | G9: 02-02-03 | H9: Plan Maestro de Infraestructura Educativa formulado e implementado. | I9: Porcentaje | J9: 91,37% de cobertura neta sin extraedad global Fuente: Secretaría de Educación Distrital, 2023 | K9: Formular e implementar un (1) Plan Maestro de Infraestructura Educativa. | L9: 0.1 | M9: Servicio | N9: 220100104 Documentos operativos formulados | O9: 1 | P9: NP | Q9: 0.3 | R9: 0.7 | S9: 0.2 | T9: 0 | U9: 0.1 | V9: =+Y9+Z9+AA9+AB9 -> 0.2 | X9: =+T9+U9+V9+W9 -> 0.3 | Y9: 0 | Z9: 0.2 | AC9: =(V9/R9)*L9 -> 0.028571429 | AD9: =(X9/O9)*L9 -> 0.03 | AE9: =V9/R9 -> 0.28571429 | AF9: =X9/O9 -> 0.3 | AG9: Con respecto al período anterior, no se registraron avances. El Plan Maestro de Infraestructura Educativa se estructura en dos capítulos: 1) Técnico y 2) Social. En el capítulo técnico, un equipo de estudiantes del programa de Ingeniería Civil de la Universidad del Sinú ha venido realizando visitas a las Instituciones Educativas (IE) con el fin de levantar y actualizar la información diagnóstica. En cuanto al capítulo social, se está proyectando un cronograma de socialización dirigido a los diferentes grupos de interés, tales como el gobierno escolar, asociaciones de padres de familia (Asopadres), Juntas de Acción Comunal (JAC), rectores, coordinadores, Unidades de Administración Local de Educación (Unaldes), entre otros. Se espera reportar avances en el próximo período. Se cuenta con la estructura del documento, avance que corresponde al 10% dentro del 50% de la Formulacion del mismo. | AI9: • Se reporta avance en cuanto a la formulación del plan el cual fue evaluado por parte del Ministerio de Educación obteniendo buenos comentarios. En cuanto al aspecto técnico se ha adelantado la evaluación diagnostica de 6 instituciones educativas.
A10: 4. Educación de Calidad | B10: 2. Dignificar la Vida de los habitantes del Distrito de Cartagena de Indias con el desarrollo y fortalecimiento de la infraestructura educativa, la calidad y la cobertura de la educación en las instituciones públicas, y la reducción de la pobreza multidimensional con la disminución del déficit habitacional, ampliación de la cobertura del saneamiento básico, y garantizando una vivienda digna para toda la población, durante el período de gobierno 2024-2027. | C10: VIDA DIGNA | D10: EDUCACION | E10: Incrementar la tasa de cobertura neta sin extraedad global al 95% | F10: Modernización De La Infraestructura Educativa | G10: 02-02-04 | H10: Número de predios de IEO legalizados | I10: Número | J10: 91,37% de cobertura neta sin extraedad global Fuente: Secretaría de Educación Distrital, 2023 | K10: Legalizar sesenta (60) predios de Instituciones Educativas Oficiales. | L10: 0.1 | M10: Servicio | N10: 229905600 Documentos normativos realizados | O10: 60 | P10: 5 | Q10: 17 | R10: 21 | S10: 21 | T10: 1 | U10: 3 | V10: =+Y10+Z10+AA10+AB10 -> 0 | X10: =+T10+U10+V10+W10 -> 4 | Y10: 0 | Z10: 0 | AC10: =(V10/R10)*L10 -> 0 | AD10: =(X10/O10)*L10 -> 0.0066666667 | AE10: =V10/R10 -> 0 | AF10: =X10/O10 -> 0.066666667 | AG10: Se celebró contrato MC-SED-PS-003-2025 suscrito entre VALOR CORP SAS y la ALCALDIA DISTRITAL DE CARTAGENA DE INDIAS para avalúo de inmuebles de Fe y Alegría y la Boquilla. Teniendo en cuenta el rezago de esta meta se realizó un desglose de actividades asi: 1 - Organizacion de expedientes: Se viene avanzando en esta actividad, se prevee culminar en el mes de Abril 2 - Actualizacion de estudio juridico 3 - Remision de expedientes a entidad correspondiente 4 - Seguimiento 5 - Mesas de trabajo Con el equipo juridico se han venido realizando mesas de trabajo con el fin de avanzar en las tareas propuestas | AI10: No se reporta avance
A11: 4. Educación de Calidad | B11: 2. Dignificar la Vida de los habitantes del Distrito de Cartagena de Indias con el desarrollo y fortalecimiento de la infraestructura educativa, la calidad y la cobertura de la educación en las instituciones públicas, y la reducción de la pobreza multidimensional con la disminución del déficit habitacional, ampliación de la cobertura del saneamiento básico, y garantizando una vivienda digna para toda la población, durante el período de gobierno 2024-2027. | C11: VIDA DIGNA | D11: EDUCACION | E11: Incrementar la tasa de cobertura neta sin extraedad global al 95% | F11: Modernización De La Infraestructura Educativa | G11: 02-02-05 | H11: Número de nuevas Instituciones Educativas Oficiales construidas | I11: Número | J11: 91,37% de cobertura neta sin extraedad global Fuente: Secretaría de Educación Distrital, 2023 | K11: Construir cinco (5) nuevas Instituciones Educativas Oficiales. | L11: 0.2 | M11: Bien | N11: 220105100 Sedes educativas nuevas construidas | O11: 5 | P11: 1 | Q11: 1 | R11: 1.05 | S11: 1 | T11: 1 | U11: 0.95 | V11: =+Y11+Z11+AA11+AB11 -> 0.05 | X11: =+T11+U11+V11+W11 -> 2 | Y11: 0.04 | Z11: 0.01 | AC11: =(V11/R11)*L11 -> 0.0095238095 | AD11: =(X11/O11)*L11 -> 0.08 | AE11: =V11/R11 -> 0.047619048 | AF11: =X11/O11 -> 0.4 | AG11: IE Cecilia Porras cuenta con un avance del 99%, en la vigencia anterior se reportó un avance del 95% (0,95). Probable entrega mes de Abril. Se encuentra en ejecucion el proceso LP-SED-001-2025, correspondiente a la complementación, ajuste, elaboración de estudios y diseños definitivos, y ejecución de la obra de construcción y dotación de cinco nuevas instituciones educativas oficiales en distintas Unidades Comuneras de Gobierno del Distrito de Cartagena contando con los siguientes avances de acuerdo a reporte de seguimiento mensual emitido por la interventoría: * Parque Heredia: 50,10% * Ciudadela de la Paz: 47,90% * Antonio Jose de Sucre: 45,06 * Bayunca; 38,64% * Pasacaballos 17,94% | AI11: • IE Cecilia Porras inicia su funcionamiento y prestación del servicio. Se reporta como completada en este trimestre. • Se encuentra en ejecución el proceso LP-SED-001-2025, correspondiente a la complementación, ajuste, elaboración de estudios y diseños definitivos, y ejecución de la obra de construcción y dotación de cinco nuevas instituciones educativas oficiales en distintas Unidades Comuneras de Gobierno del Distrito de Cartagena contando con los siguientes avances de acuerdo a reporte de seguimiento semanal emitido por la interventoría: 1. Parque Heredia: 85,79% 2. Ciudadela de la Paz: 82,81% 3. Antonio Jose de Sucre: 80,81% 4. Bayunca; 60,81% 5. Pasacaballos 29,26%
A12: 4. Educación de Calidad | B12: 2. Dignificar la Vida de los habitantes del Distrito de Cartagena de Indias con el desarrollo y fortalecimiento de la infraestructura educativa, la calidad y la cobertura de la educación en las instituciones públicas, y la reducción de la pobreza multidimensional con la disminución del déficit habitacional, ampliación de la cobertura del saneamiento básico, y garantizando una vivienda digna para toda la población, durante el período de gobierno 2024-2027. | C12: VIDA DIGNA | D12: EDUCACION | E12: Incrementar la tasa de cobertura neta sin extraedad global al 95% | F12: Modernización De La Infraestructura Educativa | G12: 02-02-06 | H12: Número de sedes educativas reconstruidas y/o con ampliación de la infraestructura | I12: Número | J12: 91,37% de cobertura neta sin extraedad global Fuente: Secretaría de Educación Distrital, 2023 | K12: Reconstruir y/o ampliar quince (15) sedes educativas. | L12: 0.3 | M12: Bien | N12: 220105200 Sedes educativas mejoradas | O12: 15 | P12: 2 | Q12: 4 | R12: 5 | S12: 5 | T12: 1 | U12: 5 | V12: =+Y12+Z12+AA12+AB12 -> 0 | X12: =+T12+U12+V12+W12 -> 6 | Y12: 0 | Z12: 0 | AC12: =(V12/R12)*L12 -> 0 | AD12: =(X12/O12)*L12 -> 0.12 | AE12: =V12/R12 -> 0 | AF12: =X12/O12 -> 0.4 | AG12: Se está en los trámites administrativos para transferir recursos para la construccion de aulas modulares para ampliación de ambientes de aprendizaje en la institucion educativa de Ararca. IE Fernandez Baena Se encuentra en proceso de contratación en estado BORRADOR y en trámite de licencia. | AI12: • Se realizaron transferencias enfocadas en la ampliación de las siguientes IE por medio de aulas modulares: 1. San Francisco de Asís 2. Ararca 3. Archipiélago de San Bernardo (Fase2) • IE FERNANDEZ BAENA: Se selecciona contratista y se adelantan trámites administrativos de contratación de la interventoría. A la fecha se cuenta con Licencia de Construcción. • INEM: Las intervenciones en esta IE presentan al finalizar el trimestre un avance de 52.15%
A13: 4. Educación de Calidad | B13: 2. Dignificar la Vida de los habitantes del Distrito de Cartagena de Indias con el desarrollo y fortalecimiento de la infraestructura educativa, la calidad y la cobertura de la educación en las instituciones públicas, y la reducción de la pobreza multidimensional con la disminución del déficit habitacional, ampliación de la cobertura del saneamiento básico, y garantizando una vivienda digna para toda la población, durante el período de gobierno 2024-2027. | C13: VIDA DIGNA | D13: EDUCACION | E13: Incrementar la tasa de cobertura neta sin extraedad global al 95% | F13: Modernización De La Infraestructura Educativa | G13: 02-02-07 | H13: Número de sedes educativas mejoradas y/o adecuadas | I13: Número | J13: 91,37% de cobertura neta sin extraedad global Fuente: Secretaría de Educación Distrital, 2023 | K13: Mejorar y/o adecuar ochenta (80) sedes educativas. | L13: 0.2 | M13: Bien | N13: 220105200 Sedes educativas mejoradas | O13: 80 | P13: 8 | Q13: 22 | R13: 19 | S13: 24 | T13: 10 | U13: 31 | V13: =+Y13+Z13+AA13+AB13 -> 13 | X13: =+T13+U13+V13+W13 -> 54 | Y13: 9 | Z13: 4 | AC13: =(V13/R13)*L13 -> 0.13684211 | AD13: =(X13/O13)*L13 -> 0.135 | AE13: =V13/R13 -> 0.68421053 | AF13: =X13/O13 -> 0.675 | AG13: Se encuentra en ejecución trabajos de mejoramiento en las instituciones relacionadas a continuacion donde se muestra el porcentaje de avance indicado: Jorge Artel 100% Manuela Beltrán 100% Maria Reina 100% Nuestra señora del Perpetuo Socorro 100% Madre Laura Sede Castilla y Rada 100% Santa Maria 100% San Juan de Damasco 74,4% 20 de Julio Sede Yira Castro 71,70% Liceo Bolivar (FASE 1) 100% San Juan Bautista 5,90% En el marco del convenio 1424 con el FFIE se encuentran en ejecucion por medio del contrato 1380-2056-2025 las intervenciones a las instituciones: Maria Reina SAC 7 - 100% Camilo Torres Sede Nuevo Horizonte: 100% Valores Unidos: 53,63% Luis Carlos Galán: 71,24% Manuela Vergara de Curi: 74,55% Nuestro Esfuerzo: 0% Camilo Torres Principal: 2,58% La Libertad: 0,23% Antonia Santos sede Juan Salvador Gaviota: Por definir alcance | AI13: • Por medio del proceso LP-SED-001-2026 cuyo alcance es OBRAS DE MEJORAMIENTO, MANTENIMIENTO Y ADECUACIÓN EN LAS INSTITUCIONES EDUCATIVAS OFICIALES DEL DISTRITO DE CARTAGENA se pretende intervenir 35 colegios. A 30 de Junio ya se designó contratista de obra y se espera en el mes de Julio contratar la interventoría • Proceso de mantenimientos 2025 culminado (Se reportan 2IE) 1. Jorge Artel 100% - Reportado trimestre anterior 2. Manuela Beltrán 100% - Reportado trimestre anterior 3. Maria Reina 100% - Reportado trimestre anterior 4. Nuestra señora del Perpetuo Socorro 100% - Reportado trimestre anterior 5. Madre Laura Sede Castilla y Rada 100% - Reportado trimestre anterior 6. Santa Maria 100% - Reportado trimestre anterior 7. Liceo Bolívar (FASE 1) 100% - Reportado trimestre anterior 8. San Juan de Damasco 100% 9. 20 de Julio Sede Yira Castro 100% • En el marco del convenio 1424 con el FFIE se encuentran en ejecución por medio del contrato 1380-2056-2025 las intervenciones a las instituciones: (Se reportan 2IE) 1. Maria Reina SAC 7 - 100% - Reportado trimestre anterior 2. Camilo Torres Sede Nuevo Horizonte: 100% - Reportado trimestre anterior 3. Valores Unidos: 61,42% 4. Luis Carlos Galán: 100% 5. Manuela Vergara de Curi: 100% 6. Nuestro Esfuerzo: 4,87% 7. Camilo Torres Principal: 49,35% 8. La Libertad: 8,59% 9. Antonia Santos sede Juan Salvador Gaviota: 2% • Se realizaron transferencias enfocadas en mejoramientos de ambientes de aprendizaje en las instituciones educativas: 1. Fernando de la Vega 2. Pedro Romero 3. Cecilia Porras • Contratación e inicio de ejecución del contrato MC-SED-PS-003-2026, derivado del proceso de selección de mínima cuantía MC-SED-003-2026, cuyo objeto consiste en: "Contratar el mantenimiento preventivo y correctivo, así como la puesta en marcha de los ascensores y equipos elevadores de las Instituciones Educativas Oficiales Valores Unidos, Politécnico El Pozón, San Felipe Neri, Nuevo Bosque y Gabriel García Márquez, en el marco del proyecto de modernización de la infraestructura educativa del Distrito de Cartagena de Indias."
A14: 4. Educación de Calidad | B14: 2. Dignificar la Vida de los habitantes del Distrito de Cartagena de Indias con el desarrollo y fortalecimiento de la infraestructura educativa, la calidad y la cobertura de la educación en las instituciones públicas, y la reducción de la pobreza multidimensional con la disminución del déficit habitacional, ampliación de la cobertura del saneamiento básico, y garantizando una vivienda digna para toda la población, durante el período de gobierno 2024-2027. | C14: VIDA DIGNA | D14: EDUCACION | E14: Incrementar la tasa de cobertura neta sin extraedad global al 95% | F14: Modernización De La Infraestructura Educativa | G14: 02-02-08 | H14: Número de aulas con dotación de mobiliario escolar y material pedagógico | I14: Número | J14: 91,37% de cobertura neta sin extraedad global Fuente: Secretaría de Educación Distrital, 2023 | K14: Dotar mil (1.000) aulas con mobiliario escolar, aires acondicionados, abanicos y material pedagógico. | L14: 0.1 | M14: Bien | N14: 220106900 Sedes educativas mejoradas | O14: 1000 | P14: 160 | Q14: 255 | R14: 340 | S14: 303 | T14: 89 | U14: 232 | V14: =+Y14+Z14+AA14+AB14 -> 196 | X14: =+T14+U14+V14+W14 -> 517 | Y14: 95 | Z14: 101 | AC14: =(V14/R14)*L14 -> 0.057647059 | AD14: =(X14/O14)*L14 -> 0.0517 | AE14: =V14/R14 -> 0.57647059 | AF14: =X14/O14 -> 0.517 | AG14: En el periodo se dotaron las siguientes instituciones educativas: - JORGE ARTEL - SANTA MARÍA - MARÍA REINA - NUESTRA SRA. DEL PERPETUO SOCORRO - MANUELA BELTRÁN - MADRE LAURA - CECILIA PORRAS | AI14: • Durante el periodo reportado se realizaron visitas de diagnóstico por necesidad de mobiliario en las instituciones: 1. Madre Gabriela de San Martin 2. Ambientalista de Cartagena • Por medio de Orden de Compra No. 164451 se contrató la ADQUISICIÓN DE EQUIPOS DE VENTILACIÓN COMO VENTILADORES Y EQUIPOS DE AIRE ACONDICIONADO PARA MEJORAR Y/O ADECUAR AMBIENTES DE APRENDIZAJE suministrados a las instituciones educativas relacionadas a continuación: (Se reportan 101 aulas)
B15: Avance Programa Modernización De La Infraestructura Educativa | AC15: =SUM(AC9:AC14) -> 0.2325844 | AD15: =SUM(AD9:AD14) -> 0.42336667 | AE15: =AVERAGE(AE9:AE14) -> 0.26566907 | AF15: =AVERAGE(AF9:AF14) -> 0.39311111
A16: 4. Educación de Calidad | B16: 2. Dignificar la Vida de los habitantes del Distrito de Cartagena de Indias con el desarrollo y fortalecimiento de la infraestructura educativa, la calidad y la cobertura de la educación en las instituciones públicas, y la reducción de la pobreza multidimensional con la disminución del déficit habitacional, ampliación de la cobertura del saneamiento básico, y garantizando una vivienda digna para toda la población, durante el período de gobierno 2024-2027. | C16: VIDA DIGNA | D16: EDUCACION | E16: Incrementar a 40% el porcentaje de las Instituciones Educativas Oficiales con oferta en Educación Inicial para la atención de la primera infancia | F16: Avanzando desde el comienzo. | G16: 02-02-04 | H16: Número de Instituciones Educativas Oficiales con oferta de educación inicial para la atención a la primera infancia implementada | I16: Porcentaje | J16: 2 Instituciones Educativas Oficiales con oferta de educación inicial para la atención de la primera infancia en el Distrito implementada. Fuente: Secretaría de Educación, 2023. | K16: Implementar en cuarenta (40) Instituciones Educativas Oficiales la oferta de educación inicial para la atención a la primera infancia. | L16: 0.6 | M16: Servicio | N16: 220103700 Instituciones educativas oficiales que implementan el nivel preescolar en el marco de la atención integral | O16: 40 | P16: 15 | Q16: 10 | R16: 10 | S16: 5 | T16: 15 | U16: 10 | V16: =+Y16+Z16+AA16+AB16 -> 10 | X16: =+T16+U16+V16+W16 -> 35 | Y16: 10 | Z16: 0 | AC16: =(V16/R16)*L16 -> 0.6 | AD16: =(X16/O16)*L16 -> 0.525 | AE16: =V16/R16 -> 1 | AF16: =X16/O16 -> 0.875 | AG16: Para el presente reporte, 25 IEO vienen de continuidad con la nueva oferta educativa y 10 mas dierón apertura. Para un total de 35 IEO con nueva oferta en el nivel de preescolar. | AI16: La meta se encuentra cumplida.
A17: 4. Educación de Calidad | B17: 2. Dignificar la Vida de los habitantes del Distrito de Cartagena de Indias con el desarrollo y fortalecimiento de la infraestructura educativa, la calidad y la cobertura de la educación en las instituciones públicas, y la reducción de la pobreza multidimensional con la disminución del déficit habitacional, ampliación de la cobertura del saneamiento básico, y garantizando una vivienda digna para toda la población, durante el período de gobierno 2024-2027. | C17: VIDA DIGNA | D17: EDUCACION | E17: Incrementar a 40% el porcentaje de las Instituciones Educativas Oficiales con oferta en Educación Inicial para la atención de la primera infancia | F17: Avanzando desde el comienzo. | G17: 02-02-05 | H17: Número de Instituciones Educativas Oficiales asesoradas con estrategias de articulación institucional para asegurar el tránsito armónico de niños y niñas desde los programas de atención a la primera infancia del ICBF al sistema educativo oficial | I17: Porcentaje | J17: 80 Instituciones Educativas Oficiales asesoradas con estrategias de articulación institucional para asegurar el tránsisto armónico de niños y niñas desde los programas de atención a la primera infancia del ICBF al sistema educativo oficial en el cuatrienio 2020-2023 | K17: Asesorar a cinto (105) Instituciones Educativas Oficiales con estrategias de articulaión institucional para asegurar el tránsito armónico de los niños y niñas desde los programas de atención a la primera infancia del ICBF al sistema educativo oficial | L17: 0.4 | M17: Servicio | N17: 220108900 Servicio de asistencia técnica | O17: 105 | P17: 30 | Q17: 25 | R17: 25 | S17: 25 | T17: 10 | U17: 45 | V17: =+Y17+Z17+AA17+AB17 -> 0 | X17: =+T17+U17+V17+W17 -> 55 | Y17: 0 | Z17: 0 | AC17: =(V17/R17)*L17 -> 0 | AD17: =(X17/O17)*L17 -> 0.20952381 | AE17: =V17/R17 -> 0 | AF17: =X17/O17 -> 0.52380952 | AG17: Para el cuatrienio se lleva un acumulado de 55 IEO asesoradas con con estrategias de articulaión institucional para asegurar el tránsito armónico de los niños y niñas desde los programas de atención a la primera infancia del ICBF al sistema educativo oficial. Para este periodo 2026, 25 IEO se suman a las asesorias por parte de la secretaría de educación a través de las asistencias técnicas. Estas asistencias aún no inician, sin embargo, ya se seleccionarón a las 25 IEO que se suman en la vigencia 2026. | AI17: No se ha dado inicio, Teniendo en cuenta que la resolución a matricula no había sido expedida y en ella se dictan disposiciones importantes para ser abordadas en las asistencias técnicas, aun no se da inicio a estas. Sin embargo, ya se emitió la resolución 5657 del 16 de junio del 2026, se tiene previsto iniciar las asistencias técnicas al regreso del receso escolar de las instituciones educativas.
B18: Avance Programa Avanzando desde el comienzo | AC18: =SUM(AC16:AC17) -> 0.6 | AD18: =SUM(AD16:AD17) -> 0.73452381 | AE18: =AVERAGE(AE16:AE17) -> 0.5 | AF18: =AVERAGE(AF16:AF17) -> 0.69940476
A19: 4. Educación de Calidad | B19: 2. Dignificar la Vida de los habitantes del Distrito de Cartagena de Indias con el desarrollo y fortalecimiento de la infraestructura educativa, la calidad y la cobertura de la educación en las instituciones públicas, y la reducción de la pobreza multidimensional con la disminución del déficit habitacional, ampliación de la cobertura del saneamiento básico, y garantizando una vivienda digna para toda la población, durante el período de gobierno 2024-2027. | C19: VIDA DIGNA | D19: EDUCACION | E19: Reducir la tasa de deserción en educación preescolar, básica y media de Instituciones Educativas Oficiales a 2,47% | F19: Me Quedo Porque Me Quedo | G19: 02-02-05 | H19: Número de niños, niñas y adolescentes vinculados con estrategias para el acceso al sistema educativo oficial | I19: Porcentaje | J19: 182.465 niños, niñas y adolescentes vinculados al sistema con estrategias de acceso. Fuente: SIMAT, 2023. | K19: Vincular a dos mil trescientos noventa (2.390) niños, niñas y adolescente adicionales con estrategias para el acceso al sistema educativo oficial. | L19: 0.1 | M19: Servicio | N19: 220101700 Personas beneficiadas con estrategias de fomento para el acceso a la educación inicial, preescolar, básica y media. | O19: 2390 | P19: NP | Q19: 585 | R19: 878 | S19: 927 | T19: 0 | U19: 0 | V19: =+Y19+Z19+AA19+AB19 -> 0 | X19: =+T19+U19+V19+W19 -> 0 | Y19: 0 | Z19: 0 | AC19: =(V19/R19)*L19 -> 0 | AD19: =(X19/O19)*L19 -> 0 | AE19: =V19/R19 -> 0 | AF19: =X19/O19 -> 0 | AG19: A la fecha se logró la suscripción 49.673 cupos, a traves de la suscripción de 53 contratos. distribuidos de la siguiente manera: Banco de oferentes: 25.667 estudiantes, a traves de 45 contratos, que representan 45 instituciones educativas. Confesiones releigiosas: 24.006, estudiantes, a traves de 8 contratos, que representan 16 instituciones educativas. Anexo 2: FUC aprobado por el MEN para la contratación de cupos educativos. | AI19: A la fecha se logró la suscripción 49.673 cupos, a traves de la suscripción de 53 contratos. distribuidos de la siguiente manera: Banco de oferentes: 25.667 estudiantes, a traves de 45 contratos, que representan 45 instituciones educativas. Confesiones releigiosas: 24.006, estudiantes, a traves de 8 contratos, que representan 16 instituciones educativas. Anexo 4: FUC aprobado por el MEN para la contratación de cupos educativos.
A20: 4. Educación de Calidad | B20: 2. Dignificar la Vida de los habitantes del Distrito de Cartagena de Indias con el desarrollo y fortalecimiento de la infraestructura educativa, la calidad y la cobertura de la educación en las instituciones públicas, y la reducción de la pobreza multidimensional con la disminución del déficit habitacional, ampliación de la cobertura del saneamiento básico, y garantizando una vivienda digna para toda la población, durante el período de gobierno 2024-2027. | C20: VIDA DIGNA | D20: EDUCACION | E20: Reducir la tasa de deserción en educación preescolar, básica y media de Instituciones Educativas Oficiales a 2,47% | F20: Me Quedo Porque Me Quedo | G20: 02-02-06 | H20: Número de estudiantes de Instituciones Educativas Oficiales atendidos con Programa de Alimentación Escolar como estrategia de permanencia | I20: Porcentaje | J20: 98.842 estudiantes atendidos con PAE como estrategia de permanencia a corte 2023. Fuente: Secretaría de Educación, 2023. | K20: Atender a ciento seis mil cuatrocientos ochenta y siete (106.487) estudiantes anualmente con el Programa de Alimentación Escolar como estrategia de permanencia. | L20: 0.4 | M20: Servicio | N20: 220102805 Estudiantes beneficiados del programa de alimentación escolar | O20: 425948 | P20: 106487 | Q20: 106487 | R20: 106487 | S20: 106487 | T20: 100207 | U20: 106487 | V20: =+Z20 -> 106487 | X20: =+T20+U20+V20+W20 -> 313181 | Y20: 106487 | Z20: 106487 | AC20: =(V20/R20)*L20 -> 0.4 | AD20: =(X20/O20)*L20 -> 0.29410257 | AE20: =(V20/R20)*0.5 -> 0.5 | AF20: =48.5%+6.25%+6.25% -> 0.61 | AG20: se realizó la entrega de los compelementos cómo se puede evidenciar en la facturas | AI20: Se realizó la entrega de los complementos cómo se puede evidenciar en la facturas.
A21: 4. Educación de Calidad | B21: 2. Dignificar la Vida de los habitantes del Distrito de Cartagena de Indias con el desarrollo y fortalecimiento de la infraestructura educativa, la calidad y la cobertura de la educación en las instituciones públicas, y la reducción de la pobreza multidimensional con la disminución del déficit habitacional, ampliación de la cobertura del saneamiento básico, y garantizando una vivienda digna para toda la población, durante el período de gobierno 2024-2027. | C21: VIDA DIGNA | D21: EDUCACION | E21: Reducir la tasa de deserción en educación preescolar, básica y media de Instituciones Educativas Oficiales a 2,47% | F21: Me Quedo Porque Me Quedo | G21: 02-02-07 | H21: Número de estudiantes de Instituciones Educativas Oficiales atendidos con transporte escolar | I21: Porcentaje | J21: 3.524 estudiantes atendido con transporte escolar a corte 2023. Fuente: Secretaría de Educación, 2023. | K21: Atender a cinco mil quinientso (5.500) estudiantes anualmente con transporte escolar. | L21: 0.2 | M21: Servicio | N21: 220102900 Beneficiarios de transporte escolar | O21: 22000 | P21: 5500 | Q21: 5500 | R21: 5500 | S21: 5500 | T21: 5011 | U21: 3954 | V21: =+Y21+Z21+AA21+AB21 -> 2880 | X21: =+T21+U21+V21+W21 -> 11845 | Y21: 2880 | Z21: 0 | AC21: =(V21/R21)*L21 -> 0.10472727 | AD21: =(X21/O21)*L21 -> 0.10768182 | AE21: =V21/R21 -> 0.52363636 | AF21: =X21/O21 -> 0.53840909 | AG21: Con los recursos asignados se ha dado un alcance para atender a 2880 estudiantes con transporte maritimo y terrestre, priorizando a los estudiantes de las zonas insulares, rurales, la población con discapacidad y las zonas con deficiencia en oferta educativa, sumando a la población afectada por la intervención que se realiza a la infraestructura educativa, vale la pena aclarar que los recursos no son suficientes para atender a esta población durante todo el calendario escolar. | AI21: Con los recursos asignados se ha dado un alcance para atender a 2880 estudiantes con transporte maritimo y terrestre, priorizando a los estudiantes de las zonas insulares, rurales, la población con discapacidad y las zonas con deficiencia en oferta educativa, sumando a la población afectada por la intervención que se realiza a la infraestructura educativa, vale la pena aclarar que los recursos no son suficientes para atender a esta población durante todo el calendario escolar.
A22: 4. Educación de Calidad | B22: 2. Dignificar la Vida de los habitantes del Distrito de Cartagena de Indias con el desarrollo y fortalecimiento de la infraestructura educativa, la calidad y la cobertura de la educación en las instituciones públicas, y la reducción de la pobreza multidimensional con la disminución del déficit habitacional, ampliación de la cobertura del saneamiento básico, y garantizando una vivienda digna para toda la población, durante el período de gobierno 2024-2027. | C22: VIDA DIGNA | D22: EDUCACION | E22: Reducir la tasa de deserción en educación preescolar, básica y media de Instituciones Educativas Oficiales a 2,47% | F22: Me Quedo Porque Me Quedo | G22: 02-02-08 | H22: Número de estudiantes de Instituciones Educativas Oficiales atendidos con otras estrategias de permanencia (kits escolares, uniformes, y jornadas escolares complementarias) | I22: Porcentaje | J22: 5.473 estudiantes atendidos con otras estratgias de permanencia. Fuente: Secretaría de Educación, 2023. | K22: Atender a diez mil (10.000) estudiantes anualmente con otras estrategías de permanencia. | L22: 0.25 | M22: Servicio | N22: 220103300 Personas beneficiarias de estrategias de permanencia | O22: 40000 | P22: 10000 | Q22: 10000 | R22: 10000 | S22: 10000 | T22: 11786 | U22: 10025 | V22: =+Y22+Z22+AA22+AB22 -> 10000 | X22: =+T22+U22+V22+W22 -> 31811 | Y22: 7000 | Z22: 3000 | AC22: =(V22/R22)*L22 -> 0.25 | AD22: =(X22/O22)*L22 -> 0.19881875 | AE22: =V22/R22 -> 1 | AF22: =X22/O22 -> 0.795275 | AG22: Se hicieron entrega de kits escolares beneficiando a mas de 7000 estudiantes con el apoyo de la empresa ecopetrol, llegando a impactar alredodor de 15 establecimientos educativos de la zona insular y urbana ubicados en la zona de influencia de dicha empresa. | AI22: Se hizo entrega de kits escolares beneficiando a mas de 9000 estudiantes con el apoyo de la empresa ecopetrol, llegando a impactar alredodor de 15 establecimientos, educativos de la zona insular y urbana ubicados en la zona de influencia de dicha empresa. Así mismo se inicio la implementación de Jornada Escolar Complementaria en articulación con las cajas de compensación comfenalco y comfamiliar.
A23: 4. Educación de Calidad | B23: 2. Dignificar la Vida de los habitantes del Distrito de Cartagena de Indias con el desarrollo y fortalecimiento de la infraestructura educativa, la calidad y la cobertura de la educación en las instituciones públicas, y la reducción de la pobreza multidimensional con la disminución del déficit habitacional, ampliación de la cobertura del saneamiento básico, y garantizando una vivienda digna para toda la población, durante el período de gobierno 2024-2027. | C23: VIDA DIGNA | D23: EDUCACION | E23: Reducir la tasa de deserción en educación preescolar, básica y media de Instituciones Educativas Oficiales a 2,47% | F23: Me Quedo Porque Me Quedo | G23: 02-02-09 | H23: Planes Institucionales de Permanencia Escolar – PIPE, formulados e implementados en Instituciones Educativas Oficiales | I23: Porcentaje | J23: 10 Instituciones Educativas Oficiales con Planes Institucionales de Permanencia Escolar-PIPE formulado e implementado a corte 2023. Fuente: Secretaría de Educación, 2023. | K23: Formular e implementar Planes Institucionales de Permanencia Escolar-PIPE en cuarenta y cinco (45) Instituciones Educativas Oficiales. | L23: 0.05 | M23: Servicio | N23: 220101202 Documentos sobre evaluación de permanencia en la educación preescolar, básica y media elaborados | O23: 45 | P23: 10 | Q23: 15 | R23: 15 | S23: 5 | T23: 10 | U23: 15 | V23: =+Y23+Z23+AA23+AB23 -> 7 | X23: =+T23+U23+V23+W23 -> 32 | Y23: 0 | Z23: 7 | AC23: =(V23/R23)*L23 -> 0.023333333 | AD23: =(X23/O23)*L23 -> 0.035555556 | AE23: =V23/R23 -> 0.46666667 | AF23: =X23/O23 -> 0.71111111 | AG23: En esta primera fase se avanzó en retomar el proceso con las 25 IE que vienen siendo atendidas desde esta estrategia y se realizó la focalización de las 15 que entrarán en el proceso en la presente vigencia. | AI23: Se inicia el proceso de implementación de la estrategia PIPE con las asistencias técnicas en 7 de las 15 Instituciones Educativas focalizadas, en donde se inicio con la primera fase de la construcción del plan de permanencia.
B24: Avance programa Me Quedo Porque Me Quedo | AC24: =SUM(AC19:AC23) -> 0.77806061 | AD24: =SUM(AD19:AD23) -> 0.63615869 | AE24: =AVERAGE(AE19:AE23) -> 0.49806061 | AF24: =AVERAGE(AF19:AF23) -> 0.53095904
A25: 4. Educación de Calidad | B25: 2. Dignificar la Vida de los habitantes del Distrito de Cartagena de Indias con el desarrollo y fortalecimiento de la infraestructura educativa, la calidad y la cobertura de la educación en las instituciones públicas, y la reducción de la pobreza multidimensional con la disminución del déficit habitacional, ampliación de la cobertura del saneamiento básico, y garantizando una vivienda digna para toda la población, durante el período de gobierno 2024-2027. | C25: VIDA DIGNA | D25: EDUCACION | E25: Incrementar a 67% el porcentaje de Instituciones Educativas Oficiales que cuentan con fortalecimiento de educación inclusiva | F25: Yo Cuento | G25: 02-02-06 | H25: Número de Instituciones Educativas Oficiales vinculadas a estrategias para el fortalecimiento de la oferta de educación inclusiva para preescolar, básica y media | I25: Porcentaje | J25: 45 Instituciones Educativas Oficiales con estrategias para el fortalecimiento de la oferta de educación inclusiva para preescolar, básica y media a corte 2023 Fuente: Secretaría de Educación, 2023 | K25: Vincular a setenta y dos (72) Instituciones Educativas Oficiales a estrategias para el fortalecimiento de la oferta de educación inclusiva para preescolar, básica y media | L25: 0.1 | M25: Servicio | N25: 220108400 Establecimientos educativos en operación | O25: 72 | P25: 48 | Q25: 8 | R25: 8 | S25: 8 | T25: 48 | U25: 8 | V25: =+Y25+AA25+AB25 -> 64 | X25: =+T25+U25+V25+W25 -> 120 | Y25: 64 | Z25: 64 | AC25: 0.1 | AD25: 0.1 | AE25: 1 | AF25: 1 | AG25: Se focalizan 64 Establecimiento Educativos con fortalecimiento de la oferta educaciva para la inclusión. De estos 21 cuentan con docentes de Apoyo Pedagogico en planta temporal, 2 en prestación del servicio. 40 Establecimientos con asistencia técnica y acompañamiento. | AI25: Se continúa con la ejecución del Plan de Asistencia Técnica para el fortalecimiento de la educación inclusiva en 64 establecimientos educativos focalizados con oferta de educación inclusiva, mediante acciones de acompañamiento en los componentes pedagógico, administrativo y comunitario, orientadas a garantizar el acceso, la permanencia, la participación y el aprendizaje de los estudiantes con discapacidad. En el componente pedagógico, se brinda asistencia técnica para el análisis y estudio de casos, el diseño, implementación y seguimiento del Plan Individual de Ajustes Razonables (PIAR), así como el fortalecimiento de estrategias pedagógicas inclusivas y la eliminación de barreras para el aprendizaje y la participación. En el componente administrativo, se acompaña a los establecimientos educativos en la actualización de la caracterización de los estudiantes con discapacidad y trastornos, el fortalecimiento de los procesos de registro y reporte en el Sistema Integrado de Matrícula (SIMAT) y la organización de la información necesaria para la planeación y seguimiento de la oferta educativa inclusiva. En el componente comunitario, se desarrollan procesos de orientación y acompañamiento a las familias, fortaleciendo su participación en la trayectoria educativa de los estudiantes, así como el apoyo en los procesos de certificación de discapacidad y la articulación con las entidades del sector salud. La asistencia técnica fortalece las diferentes modalidades de atención definidas por la Secretaría de Educación Distrital, entre ellas la oferta general de educación inclusiva, educación domiciliaria, educación hospitalaria, oferta bilingüe-bicultural para estudiantes sordos, atención educativa para estudiantes con discapacidad visual y estrategias para la identificación y atención de estudiantes con capacidades y talentos excepcionales. Los establecimientos educativos focalizados son: IE Juan José Nieto; IE Playas de Acapulco; IE Soledad Román de Núñez; IE Ciudad de Tunja; IE María Auxiliadora; IE Técnica de Pasacaballos; IE Santana; IE José María Córdoba; IE 20 de Julio; IE Villa de Aranjuez; IE Fulgencio Lequerica; IE Fredonia; IE Fe y Alegría; IE Ambientalista de Cartagena; IE Gabriel García Márquez; IE Puerto Rey; IE La Boquilla; IE Manzanillo del Mar; IE Bayunca; IE Nuevo Bosque; IE INEM José Manuel Rodríguez Torices; IE Fernández Baena; IE San Lucas; IE Fernando de la Vega; IE Nuestro Esfuerzo; IE La Milagrosa; IE Santa María; IE Ternera; IE Jorge Artel; IE Antonia Santos; IE San Felipe Neri; IE San Juan de Damasco; IE Camilo Torres; IE Líbano; IE Pontezuela; IE Arroyo Grande; IE Arroyo de Piedra; IE Tierra Baja; IE Liceo de Bolívar; IE Olga González Arraut; IE Madre Gabriela de San Martín; IE Clemente Manuel Zabala; IE Caño del Oro; IE Rafael Núñez; Escuela Normal Superior de Cartagena; IE Mercedes Ábrego; IE Soledad Acosta de Samper; IE Antonio Nariño; Colegio Naval de Crespo; CADS Manuela Beltrán; IE Foco Rojo; IE Tierra Bomba; IE Francisco de Paula Santander; IE Promoción Social; IE John F. Kennedy; IE Valores Unidos; IE Villa Estrella; IE La Libertad; IE Manuela Beltrán e IE Omaira Sánchez.
A26: 4. Educación de Calidad | B26: 2. Dignificar la Vida de los habitantes del Distrito de Cartagena de Indias con el desarrollo y fortalecimiento de la infraestructura educativa, la calidad y la cobertura de la educación en las instituciones públicas, y la reducción de la pobreza multidimensional con la disminución del déficit habitacional, ampliación de la cobertura del saneamiento básico, y garantizando una vivienda digna para toda la población, durante el período de gobierno 2024-2027. | C26: VIDA DIGNA | D26: EDUCACION | E26: Incrementar a 67% el porcentaje de Instituciones Educativas Oficiales que cuentan con fortalecimiento de educación inclusiva | F26: Yo Cuento | G26: 02-02-07 | H26: Número de aulas hospitalarias para la atención de niños, niñas, adolescentes y jóvenes en condición de enfermedad habilitadas | I26: Porcentaje | J26: 1 Aula Hospitalaria habilitada para la atención de niños, niñas, adolescentes y jóvenes en condición de enfermedad. Fuente: Secretaría de Educación, 2023 | K26: Habilitar cuatro (4) Aulas Hospitalarias para la atención de niños, niñas, adolescentes y jóvenes en condición de enfermedad | L26: 0.15 | M26: Servicio | N26: 220107000 Ambientes de aprendizaje dotados | O26: 4 | P26: 2 | Q26: 1 | R26: 1 | S26: 0 | T26: 3 | U26: 1 | V26: =+Y26+Z26+AA26+AB26 -> 2 | X26: 4 | Y26: 1 | Z26: 1 | AC26: =(V26/R26)*L26 -> 0.3 | AD26: 0.15 | AE26: 1 | AF26: 1 | AG26: A corte de 31 de marzo se cuenta con 4 aulas hospitalarias: clinica blas de Lezo, Hospital Infantil Napoleon Franco Pareja, Clinica la Misericordia, Clinica Serena del Mar. Esta última se encuentra en proceso de socialización de la modalidad de atención. | AH26: 1 (SERENA DEL MAR) | AI26: Se continúa con la implementación de la oferta de atención educativa hospitalaria y domiciliaria, en articulación con la Fundación Universitaria Los Libertadores y la Universidad de San Buenaventura, garantizando la continuidad de los procesos educativos de estudiantes en condición de enfermedad. La estrategia se desarrolla en las Aulas Hospitalarias de Blas de Lezo, Casa del Niño, Clínica La Misericordia, Fundevida, Funvivir y Serena del Mar, fortaleciendo el acceso, la permanencia y el ejercicio efectivo del derecho a la educación mediante un trabajo articulado entre los sectores de educación y salud.
A27: 4. Educación de Calidad | B27: 2. Dignificar la Vida de los habitantes del Distrito de Cartagena de Indias con el desarrollo y fortalecimiento de la infraestructura educativa, la calidad y la cobertura de la educación en las instituciones públicas, y la reducción de la pobreza multidimensional con la disminución del déficit habitacional, ampliación de la cobertura del saneamiento básico, y garantizando una vivienda digna para toda la población, durante el período de gobierno 2024-2027. | C27: VIDA DIGNA | D27: EDUCACION | E27: Incrementar a 67% el porcentaje de Instituciones Educativas Oficiales que cuentan con fortalecimiento de educación inclusiva | F27: Yo Cuento | G27: 02-02-08 | H27: Número de Instituciones Educativas Oficiales con estudiantes con capacidades excepcionales vinculados a Escuela de Talentos | I27: Porcentaje | J27: 0 Fuente: Secretaría de Educación, 2023. | K27: Vincular estudiantes con capacidades excepcionales a la Escuela de Talentos en cincuenta (50) Instituciones Educativas Oficiales | L27: 0.05 | M27: Servicio | N27: 220108400 Sedes educativas con apoyo pedagógico para la oferta de educación inclusiva para preescolar, básica y media | O27: 50 | P27: 12 | Q27: 12 | R27: 13 | S27: 13 | T27: 12 | U27: 12 | V27: =+Y27+AA27+AB27 -> 13 | X27: =+T27+U27+V27+W27 -> 37 | Y27: 13 | Z27: 13 | AC27: =(V27/R27)*L27 -> 0.05 | AD27: =(X27/O27)*L27 -> 0.037 | AE27: =V27/R27 -> 1 | AF27: =X27/O27 -> 0.74 | AG27: Se focalizaron 13 Establecimientos Educativos para implementación de la ruta de atención a la población con capacidades y talentos excepcionales. 223 Estudiantes han sido caracterizados. | AI27: Se completó la caracterización de los estudiantes con capacidades y talentos excepcionales, consolidando la información necesaria para su atención educativa. De igual manera, se registra un avance del 50 % en la construcción de los portafolios, herramienta fundamental para el seguimiento, la planificación de apoyos y el fortalecimiento de sus capacidades.
A28: 4. Educación de Calidad | B28: 2. Dignificar la Vida de los habitantes del Distrito de Cartagena de Indias con el desarrollo y fortalecimiento de la infraestructura educativa, la calidad y la cobertura de la educación en las instituciones públicas, y la reducción de la pobreza multidimensional con la disminución del déficit habitacional, ampliación de la cobertura del saneamiento básico, y garantizando una vivienda digna para toda la población, durante el período de gobierno 2024-2027. | C28: VIDA DIGNA | D28: EDUCACION | E28: Reducir la tasa de extraedad en el Distrito al 9% | F28: Yo Cuento | G28: 02-02-09 | H28: Número de Instituciones Educativas Oficiales con modelos educativos flexibles implementados | I28: Porcentaje | J28: 22 Instituciones educativas Oficiales con modelos educativos flexibles implementados en el Distrito Fuente: Secretaría de Educación, 2023 | K28: Implementar en veintisiete (27) Instituciones Educativas Oficiales los modelos educativos flexibles | L28: 0.2 | M28: Servicio | N28: 220105700 Modelos educativos flexibles validados | O28: 27 | P28: 2 | Q28: 2 | R28: 3 | S28: 2 | T28: 20 | U28: 5 | V28: =+Y28+Z28+AA28+AB28 -> 0 | X28: =+T28+U28+V28+W28 -> 25 | Y28: 0 | Z28: 0 | AC28: =(V28/R28)*L28 -> 0 | AD28: =(X28/O28)*L28 -> 0.18518519 | AE28: =V28/R28 -> 0 | AF28: =X28/O28 -> 0.92592593 | AG28: Durante la vigencia 2026 contamos con un total de 24 EE dado que por condiciones de infraestructura una institución, la I.E Valores unidos en el marco de su autonomia decidió no continuar la implementación MEF.
A29: 4. Educación de Calidad | B29: 2. Dignificar la Vida de los habitantes del Distrito de Cartagena de Indias con el desarrollo y fortalecimiento de la infraestructura educativa, la calidad y la cobertura de la educación en las instituciones públicas, y la reducción de la pobreza multidimensional con la disminución del déficit habitacional, ampliación de la cobertura del saneamiento básico, y garantizando una vivienda digna para toda la población, durante el período de gobierno 2024-2027. | C29: VIDA DIGNA | D29: EDUCACION | E29: Reducir la tasa de extraedad en el Distrito al 9% | F29: Yo Cuento | G29: 02-02-10 | H29: Número de niños, niñas, adolescentes y jóvenes en extraedad que se encuentran dentro de la oferta regular, atendidos con modelos educativos flexibles en el sistema educativo oficial | I29: Porcentaje | J29: 1.052 niños, niñas, adolescentes y jóvenes atendidos Fuente: Secretaría de Educación Distrital, 2023 | K29: Atender con modelos educativos flexibles a cuatro mil (4.000) niños, niñas, adolescentes y jóvenes en extraedad, que se encuentran dentro de la oferta regular del sistema educativo oficial. | L29: 0.2 | M29: Servicio | N29: 220103000 Beneficiarios atendidos con modelos educativos flexibles | O29: 4000 | P29: 1000 | Q29: 1000 | R29: 1000 | S29: 1000 | T29: 0 | U29: 821 | V29: =+Y29+Z29+AA29+AB29 -> 928 | X29: =+T29+U29+V29+W29 -> 1749 | Y29: 928 | Z29: 0 | AC29: =(V29/R29)*L29 -> 0.1856 | AD29: =(X29/O29)*L29 -> 0.08745 | AE29: =V29/R29 -> 0.928 | AF29: =X29/O29 -> 0.43725 | AG29: En el marco de la reorganización que se adelanta en el Distrito de Cartagena, se aumenta el numero de aulas que implementan MEF con docentes en planta fija, lo cual representa la oportunidad para disminuir los indices de extraedad de estudiantes de la ciudad. | AI29: Durante el periodo se mantiene la matricula de Niños niñas y adolescentes en extraedad, atendidos por la planta de docentes fija. Sin embargo, en comparaciòn con la matricula de planta temporal, èsta es significativamente mayor. Este aumento en la matrìcula e implementaciòn de MEF representa una mejor capacidad de respuesta por parte de la ETC para garantizar los derechos de loas niños, niñas con esta condiciòn.
A30: 4. Educación de Calidad | B30: 2. Dignificar la Vida de los habitantes del Distrito de Cartagena de Indias con el desarrollo y fortalecimiento de la infraestructura educativa, la calidad y la cobertura de la educación en las instituciones públicas, y la reducción de la pobreza multidimensional con la disminución del déficit habitacional, ampliación de la cobertura del saneamiento básico, y garantizando una vivienda digna para toda la población, durante el período de gobierno 2024-2027. | C30: VIDA DIGNA | D30: EDUCACION | E30: Reducir la tasa de extraedad en el Distrito al 9% | F30: Yo Cuento | G30: 02-02-11 | H30: Número de niños, niñas, adolescentes y jóvenes en extraedad que se encuentran por fuera del sistema educativo oficial atendidos con modelos educativos flexibles | I30: Porcentaje | J30: 0 Fuente: Secretaría de Educación Distrital, 2023 | K30: Atender con modelos educativos flexibles a tres mil seiscientos noventa (3.690) niños, niñas, adolescentes y jóvenes en extraedad, que se encuentran por fuera del sistema educativo oficial. | L30: 0.25 | M30: Servicio | N30: 220103001 Beneficiarios atendidos con modelos educativos flexibles | O30: 3690 | P30: 922 | Q30: 1230 | R30: 920 | S30: 723 | T30: 908 | U30: 422 | V30: =+Y30+Z30+AA30+AB30 -> 381 | X30: =+T30+U30+V30+W30 -> 1711 | Y30: 317 | Z30: 64 | AC30: =(V30/R30)*L30 -> 0.10353261 | AD30: =(X30/O30)*L30 -> 0.11592141 | AE30: =V30/R30 -> 0.41413043 | AF30: =X30/O30 -> 0.46368564 | AG30: Se contrató una planta temporal de 13 docentes que atienden estudiantes en extraedad con MEF. | AI30: Se mantiene la planta temporal
A31: 4. Educación de Calidad | B31: 2. Dignificar la Vida de los habitantes del Distrito de Cartagena de Indias con el desarrollo y fortalecimiento de la infraestructura educativa, la calidad y la cobertura de la educación en las instituciones públicas, y la reducción de la pobreza multidimensional con la disminución del déficit habitacional, ampliación de la cobertura del saneamiento básico, y garantizando una vivienda digna para toda la población, durante el período de gobierno 2024-2027. | C31: VIDA DIGNA | D31: EDUCACION | E31: Reducir la tasa de analfabetismo en el Distrito al 0,9% | F31: Yo Cuento | G31: 02-02-12 | H31: Número de personas atendidas con modelos de alfabetización | I31: Porcentaje | J31: 1.200 personas atendidas con modelos de alfabetización a corte 2023 Fuente: Secretaría de Educación, 2023 | K31: Atender a ocho mil cuatrocientas (8.400) personas con modelos de alfabetización | L31: 0.05 | M31: Servicio | N31: 220103200 Personas beneficiarias con modelos de alfabetización | O31: 8400 | P31: 400 | Q31: 2700 | R31: 2700 | S31: 2600 | T31: 400 | U31: 310 | V31: =+Y31+Z31+AA31+AB31 -> 335 | X31: =+T31+U31+V31+W31 -> 1045 | Y31: 106 | Z31: 229 | AC31: =(V31/R31)*L31 -> 0.0062037037 | AD31: =(X31/O31)*L31 -> 0.0062202381 | AE31: =V31/R31 -> 0.12407407 | AF31: =X31/O31 -> 0.12440476 | AG31: Aun se encuentra en proceso de Busqueda activa y matricula de personas a alfabetizar | AI31: El proceso de búsqueda activa ha permitido incrementar la matrícula en la estrategia de alfabetización; sin embargo, persisten retos para identificar y vincular personas con la motivación suficiente para permanecer en el proceso. Aunque la articulación con la Secretaría de Participación y los Centros de Vida ha favorecido principalmente la matrícula de población adulta, se hace necesario fortalecer las estrategias de búsqueda activa para mejorar la identificación, captación y permanencia de la población objetivo.
B32: Avance Programa Yo Cuento | AC32: =SUM(AC25:AC31) -> 0.74533631 | AD32: =SUM(AD25:AD31) -> 0.68177683 | AE32: =AVERAGE(AE25:AE31) -> 0.63802922 | AF32: =AVERAGE(AF25:AF31) -> 0.6701809
A33: 4. Educación de Calidad | B33: 2. Dignificar la Vida de los habitantes del Distrito de Cartagena de Indias con el desarrollo y fortalecimiento de la infraestructura educativa, la calidad y la cobertura de la educación en las instituciones públicas, y la reducción de la pobreza multidimensional con la disminución del déficit habitacional, ampliación de la cobertura del saneamiento básico, y garantizando una vivienda digna para toda la población, durante el período de gobierno 2024-2027. | C33: VIDA DIGNA | D33: EDUCACION | E33: Incrementar a 67% el porcentaje de Instituciones Educativas Oficiales que cuentan con fortalecimiento de educación inclusiva | F33: Escuela Hogar | G33: 02-02-07 | H33: Número de Instituciones Educativas Oficiales con proyectos pedagógicos transversales de cultura, deporte, recreación, actividad física y artes implementados | I33: Porcentaje | J33: 48 Instituciones Educativas Oficiales con proyectos pedagógicos transversales implementados a corte 2023 Fuente: Secretaría de Educación, 2023 | K33: Implementar proyectos pedagógicos transversales de cultura, deporte, recreación, actividad física y artes en cincuenta y nueve (59) Instituciones Educativas Oficiales | L33: 0.25 | M33: Servicio | N33: 220106100 Establecimientos educativos beneficiados | O33: 236 | P33: 10 | Q33: 59 | R33: 59 | S33: 59 | T33: 71 | U33: 59 | V33: =+Y33+Z33+AA33+AB33 -> 67 | X33: =+T33+U33+V33+W33 -> 197 | Y33: 47 | Z33: 20 | AC33: 0.25 | AD33: =(X33/O33)*L33 -> 0.20868644 | AE33: 1 | AF33: =X33/O33 -> 0.83474576 | AG33: • Durante el período reportado, se desarrollaron diversas acciones de asistencia técnica dirigidas a fortalecer los Proyectos Pedagógicos Transversales en las Instituciones Educativas Oficiales del Distrito, en coherencia con las líneas de cultura, arte, deporte y recreación. • Se brindó asistencia técnica a las instituciones educativas Soledad Acosta de Samper y Fundación Pies Descalzos Villas de Aranjuez, orientada a la revisión, ajuste y mejora de sus proyectos pedagógicos, incluyendo análisis de estructura, implementación, articulación curricular y mecanismos de seguimiento. • De igual manera, se realizó asistencia técnica a la Institución Educativa Ararca, brindando orientaciones para la organización de una carrera deportiva escolar, abordando aspectos técnicos, normativos, logísticos y de seguridad, y generando recomendaciones para garantizar su viabilidad. • Adicionalmente, se desarrollaron jornadas de asistencia técnica grupal dirigidas a docentes responsables de proyectos pedagógicos en el área cultural y artística, con participación de 50 instituciones educativas oficiales, fortaleciendo capacidades institucionales en la formulación e implementación de proyectos. 1 IE FERNANDEZ DE LA VEGA 2 IE MARIA AUXILIADORA 3 IE NUEVO BOSQUE 4 IE NUESTRA SEÑORA DEL CARMEN 5 IE ANA MARIA VELEZ DE TRUJILLO 6 IE NORMAL SUPERIOR 7 IE PLAYAS DE ACAPULCO 8 IE BAYUNCA 9 IE 20 DE JULIO 10 IE ISLA FUERTE 11 IE JUAN JOSE NIETO 12 IE SOLEDAD ACOSTA DE SAMPER 13 IE ANTONIO NARÑO 14 IE OMAIRA SANCHEZ 15 IE MANZANILLO DEL MAR 16 IE LUIS CARLOS GALAN 17 IE PIES DESCALZOS VILLAS DE ARANJUEZ 18 IE PIES DESCALZOS LOMAS DEL PEYE 19 IE MARIA REINA 20 IE CIUDAD DE TUNJA 21 IE FREDONIA 22 IE MADRE GABRIELA DE SAN MARTÍN 23 IE FRANCISCO DE PAULA SANTANDER 24 IE FE Y ALEGRIA LAS AMÉRICAS 25 IE RAFAEL NUÑEZ 26 IE PONTEZUELA 27 IE LA MILAGROSA 28 IE SANTA MARIA 29 IE PUERTO REY 30 IE POLITÉCNICO DEL POZÓN 31 IE LETICIA 32 IE TIERRA BOMBA 33 IE FÉ Y ALEGRIA EL PROGRESO 34 IE MADRE LAURA 35 IE PEDRO ROMERO 36 IE MERCEDES ABREGO 37 IE JOSE MARIA CÓRDOBA DE PASACABALLOS 38 IE BOQUILLA 39 IE GABRIEL GARCIA MARQUEZ 40 IE MANUEL CLEMENTE ZABALA 41 IE JOSE DE LA VEGA 42 IE MANUELA VERGARA DE CURI 43 IE TERNERA 44 IE LICEO DE BOLÍVAR 45 IE NUESTRO ESFUERZO 46 IE SOLEDAD ROMAN DE NUÑEZ 47 IE CASD - MANUELA BELTRAN • Así mismo, se realizaron jornadas de acompañamiento a docentes de educación física en articulación con el IDER, orientadas al seguimiento de compromisos, revisión de acuerdos y socialización de lineamientos para la organización de los Juegos Intercolegiados 2026. En este marco, también se brindaron orientaciones sobre procesos de inscripción, aspectos logísticos y ajustes derivados de jornadas previas, incluyendo la ampliación de plazos para garantizar mayor participación institucional. • Finalmente, se adelantaron acciones internas de planeación metodológica con el equipo de trabajo, orientadas a estructurar las jornadas de asistencia técnica, definir contenidos y garantizar la calidad de los procesos de acompañamiento | AI33: Durante el período reportado se desarrollaron acciones de asistencia técnica dirigidas a fortalecer los Proyectos Pedagógicos Transversales en las Instituciones Educativas Oficiales del Distrito, mediante jornadas de orientación, acompañamiento institucional y seguimiento a procesos relacionados con el deporte, la cultura y las artes. Se brindó asistencia técnica a la Institución Educativa Fernando de la Vega, orientada a la revisión del Proyecto Pedagógico Transversal "+Arte +Deporte +Convivencia". Durante el acompañamiento se analizaron aspectos relacionados con la estructura, pertinencia, articulación institucional, mecanismos de seguimiento y evaluación del proyecto, permitiendo identificar fortalezas y oportunidades de mejora para fortalecer su implementación. De igual manera, se realizó asistencia técnica a la Institución Educativa Cecilia Porras, brindando orientaciones al equipo responsable del Proyecto Pedagógico Transversal "Move and Create". Durante la jornada se revisaron sus componentes pedagógicos, metodológicos y de gestión, formulando recomendaciones para fortalecer su articulación con el Proyecto Educativo Institucional (PEI), la transversalidad curricular, la participación de la comunidad educativa y los procesos de evaluación y seguimiento. Asimismo, en articulación con el Instituto Distrital de Deporte y Recreación (IDER) y el Ministerio del Deporte, se desarrolló una asistencia técnica dirigida a docentes de educación física de las Instituciones Educativas Oficiales para socializar los lineamientos técnicos, administrativos y normativos para la implementación de los Juegos Intercolegiados 2026. Durante la jornada se abordaron aspectos relacionados con el cronograma oficial, el proceso de inscripción, el manejo de la plataforma y los requisitos establecidos para la participación institucional, fortaleciendo la preparación de las instituciones educativas para el desarrollo de las competencias deportivas escolares. En esta jornada participaron las siguientes instituciones educativas: N.° Institución Educativa N.° Institución Educativa 1 Foco Rojo 10 Nuestra Señora del Carmen 2 Bayunca 11 Olga González Arraut 3 San Juan de Damasco 12 Fe y Alegría Las Gaviotas 4 Nueva Esperanza Arroyo Grande 13 Ternera 5 Benkos Biohó 14 María Reina 6 Liceo de Bolívar 15 Fundación Pies Descalzos 7 José de la Vega 16 Nuevo Bosque 8 Hijos de María 17 Fredonia 9 Santa María 18 María Auxiliadora Por otra parte, se adelantaron acciones internas de planeación con el equipo de trabajo de la Dirección de Calidad Educativa, orientadas a organizar metodológicamente las jornadas de asistencia técnica, realizar seguimiento a la programación de actividades institucionales y definir estrategias de acompañamiento a las Instituciones Educativas Oficiales, garantizando la pertinencia y calidad de los procesos desarrollados durante la vigencia. Finalmente, se desarrolló una mesa de seguimiento con representantes de los instructores de las Bandas de Paz de las Instituciones Educativas Oficiales, con el propósito de revisar el avance del proceso de caracterización de las agrupaciones, definir la programación de futuras visitas institucionales y coordinar acciones para la participación de las Bandas de Paz en la conmemoración del 20 de Julio, en articulación con CORPOBANDAS y la Armada Nacional.
A34: 4. Educación de Calidad | B34: 2. Dignificar la Vida de los habitantes del Distrito de Cartagena de Indias con el desarrollo y fortalecimiento de la infraestructura educativa, la calidad y la cobertura de la educación en las instituciones públicas, y la reducción de la pobreza multidimensional con la disminución del déficit habitacional, ampliación de la cobertura del saneamiento básico, y garantizando una vivienda digna para toda la población, durante el período de gobierno 2024-2027. | C34: VIDA DIGNA | D34: EDUCACION | E34: Incrementar a 67% el porcentaje de Instituciones Educativas Oficiales que cuentan con fortalecimiento de educación inclusiva | F34: Escuela Hogar | G34: 02-02-08 | H34: Número de Instituciones Educativas Oficiales con proyectos pedagógicos transversales de educación ambiental, emprendimiento y otros implementados | I34: Porcentaje | J34: 48 Instituciones Educativas Oficiales con proyectos pedagógicos transversales implementados a corte 2023 Fuente: Secretaría de Educación, 2023 | K34: Implementar proyectos pedagógicos transversales de educación ambiental, emprendimiento y otros en cincuenta y nueve (59) Instituciones Educativas Oficiales | L34: 0.35 | M34: Servicio | N34: 220106100 Establecimientos educativos beneficiados | O34: 59 | P34: 7 | Q34: 15 | R34: 15 | S34: 11 | T34: 22 | U34: 46 | V34: =+Y34+Z34+AA34+AB34 -> 26 | X34: =+T34+U34+V34+W34 -> 94 | Y34: 16 | Z34: 10 | AC34: 0.35 | AD34: 0.35 | AE34: 1 | AF34: 1 | AG34: • En el marco del fortalecimiento de los Proyectos Pedagógicos Transversales, se adelantaron acciones orientadas a la gestión, proyección y formalización de recursos financieros destinados a fortalecer la implementación de iniciativas en las Instituciones Educativas Oficiales. • En este sentido, se desarrollaron gestiones administrativas para la proyección de transferencia de recursos específicos enfocados en la línea de formación musical, contemplando el fortalecimiento de procesos como bandas de paz, orquestas sinfónicas escolares y agrupaciones corales. Esta iniciativa busca consolidar espacios formativos que contribuyan al desarrollo artístico, cultural y socioemocional de los estudiantes, así como al fortalecimiento del clima escolar y el aprovechamiento adecuado del tiempo libre. • Como resultado de estas gestiones, se logró la expedición del acto administrativo (resolución), mediante el cual se autoriza la transferencia de recursos a las Instituciones Educativas Oficiales, garantizando así la viabilidad financiera para la implementación y fortalecimiento de los proyectos en la línea musical. • Por último, se proyectó oficio orientado a garantizar la transparencia y el adecuado manejo de los recursos, estableciéndose como requisito indispensable que las instituciones educativas, a través de sus rectores y rectoras, formalicen su compromiso frente a la recepción, correcta ejecución y oportuna rendición de cuentas. 1 I.E. DE LETICIA 2 I.E. DE PONTEZUELA 3 I.E. DE BAYUNCA 4 I.E. JOSE MARIA CORDOBA DE PASACABALLOS 5 I.E. MADRE GABRIELA DE SAN MARTIN 6 I.E AMBIENTALISTA CARTAGENA DE INDIAS 7 I.E. SOLEDAD ACOSTA DE SAMPER 8 ESCUELA NORMAL SUPERIOR DE CARTAGENA DE INDIAS 9 I.E. NUEVO BOSQUE 10 I.E. CORAZÓN DE MARIA 11 I.E. FE Y ALEGRÍA DE LAS AMÉRICAS 12 I.E. DE LA BOQUILLA 13 I.E. CLEMENTE MANUEL ZABALA 14 I.E. JUAN JOSE NIETO 15 I.E. SAN FRANCISCO DE ASÍS 16 I.E. FULGENCIO LEQUERICA VELEZ 17 I.E. MANUELA VERGARA DE CURI 18 I.E. SOLEDAD ROMÁN DE NÚÑEZ 19 I.E. BERTHA GEDEÓN DE BALADI 20 I.E NUESTRA SEÑORA DEL CARMEN 21 I.E. JOHN F KENNEDY 22 I.E. LUIS CARLOS LOPEZ 23 I.E. DE TERNERA 24 I.E. PEDRO ROMERO 25 I.E LA LIBERTAD 26 I.E. ISLAS DEL ROSARIO 27 I.E. MARIA REINA 28 I.E. OMAIRA SÁNCHEZ GARZÓN 29 I.E. CIUDAD DE TUNJA 30 I.E. MERCEDES ABREGO 31 I.E. LUIS CARLOS GALAN 32 I.E. JOSE DE LA VEGA 33 I.E. SANTA MARÍA 34 I.E. SAN FELIPE NERI 35 I.E. LICEO DE BOLIVAR 36 I.E. MADRE LAURA 37 I.E. ACISCLO DE AVILA TORRES - BOCACHICA 38 I.E. POLITECNICO DEL POZON 39 I.E. CAMILO TORRES 40 I.E. NUESTRO ESFUERZO 41 I.E. JOSÉ MANUEL RODRIGUEZ DE TORICES 42 I.E. ANA MARIA VELEZ DE TRUJILLO 43 I.E. SAN LUCAS - CENTROS ORQUESTALES - 44 I.E. TIERRA BAJA - CORAL 45 I.E. SAN JUAN DE DAMASCO 46 I.E. LAS GAVIOTAS 47 I.E. FUNDACION PIES DESCALZOS - LOMAS DEL PEYÉ 48 I.E. FUNDACION PIES DESCALZOS - VILLAS DE ARANJUEZ 49 I.E. TIERRA BOMBA 50 I.E. REPÚBLICA DEL LIBANO 51 I.E JORGE ARTEL | AH34: AJUSTAR | AI34: Se desarrollaron assitencias tecnicas, talleres formativos y seguimeinto a las instituciones educativas focalizadas en el primer trimestre como parte del proceso de fortalecimiento institucional. Asistidas:1. Institución Educativa Nuevo Bosque 2. Institución Educativa San Lucas 3. Institución Educativa Fernando de la Vega 4. Institución Educativa Juan José Nieto 5. Institución Educativa Antonia Santos 6. Institución Educativa Ambientalista de Cartagena • Participación y acompañamiento en mesas de trabajo del Comité Técnico Interinstitucional de Educación Ambiental, para la construcción de la Política de Educación Ambiental del Distrito de Cartagena, en articulación con el EPA Cartagena y la Universidad de Cartagena. • Asistencia técnica y acompañamiento en la revisión, formulación y actualización del PGIRE de la Institución Educativa Oficial Mercedes Abrego. Socialización con directivos docentes y actores
A35: 4. Educación de Calidad | B35: 2. Dignificar la Vida de los habitantes del Distrito de Cartagena de Indias con el desarrollo y fortalecimiento de la infraestructura educativa, la calidad y la cobertura de la educación en las instituciones públicas, y la reducción de la pobreza multidimensional con la disminución del déficit habitacional, ampliación de la cobertura del saneamiento básico, y garantizando una vivienda digna para toda la población, durante el período de gobierno 2024-2027. | C35: VIDA DIGNA | D35: EDUCACION | E35: Incrementar a 67% el porcentaje de Instituciones Educativas Oficiales que cuentan con fortalecimiento de educación inclusiva | F35: Escuela Hogar | G35: 02-02-09 | H35: Numero de Instituciones Educativas Oficiales asistidas en su sistema escolar de convivencia, habilidades para la vida y la paz y gobierno escolar | I35: Porcentaje | J35: 91 Instituciones Educativas Oficiales fortalecidas en su sistema escolar de convivencia, habilidades para la vida y la paz y gobierno escolar a corte 2023 Fuente: Secretaría de Educación, 2023 | K35: Asistir a ciento siete (107) Instituciones Educativas Oficiales en su sistema escolar de convivencia, habilidades para la vida y la paz y gobierno escolar | L35: 0.2 | M35: Servicio | N35: 220105400 Entidades territoriales con estrategias para la prevención de riesgos sociales en los entornos escolares implementadas | O35: 107 | P35: 25 | Q35: 30 | R35: 28 | S35: 25 | T35: 27 | U35: 70 | V35: =+Y35+Z35+AA35+AB35 -> 23 | X35: =+T35+U35+V35+W35 -> 120 | Y35: 13 | Z35: 10 | AC35: =(V35/R35)*L35 -> 0.16428571 | AD35: 0.2 | AE35: =V35/R35 -> 0.82142857 | AF35: 1 | AG35: • Asistencia técnica en sana convivencia escolar, y prevención de consumo de sustancias INSTITUCIONES EDUCATIVAS CON ASISTENCIAS TÉCNICAS 1. Institución Educativa Canadiense 2. Institución Educativa Ana María Vélez 3. Institución Educativa Fulgencio Lequerica Vélez 4. Institución Educativa Bertha Gedeón de Baladís 5. Institución Educativa Fernando de la Vega 6. Institución Educativa John F. Kennedy 7. Institución Educativa Luis Felipe Cabrera de Barú. 8. Institución Educativa San Juan de Damasco 9. Institución Educativa Camilo Torres 10. Institución Educativa Madre Gabriela de San Martín 11. Institución Educativa Politécnico del Pozón 12. Institución Educativa Hijos de María 13. Institución Educativa La Libertad • Acompañamiento desde el Plan del Buen Vivir- FUNDACION GRUPO SOCIAL: Convivencia Escolar- Manuales de Convivencias y Habilidades Socioemocionales. 1. Fulgencio Lequerica Vélez. 2. Madre Gabriela de San Martín. 3. Fredonia. 4. Fe y Alegría Las Américas. 5. Villa Estrella. 6. Hijos de María. 7. Valores Unidos – El Pozón. 8. Nuestro Esfuerzo – El Pozón. 9. La Libertad – El Pozón. 10. Luis Carlos Galán Sarmiento – El Pozón / La Virgen y Turística. 11. 14 de Febrero. 12. Politécnico del Pozón. | AH35: REVISAR | AI35: Reuniones de planeación y seguimiento del equipo de transversales para el fortalecimiento de los procesos de acompañamiento de las instituciones educativas en temas de convivencia escolar y prevención de violencias basadas en género. Participar en el Foro Distrital 2026. • Asesoría jurídica y acompañamiento técnico en el análisis de las temáticas relacionadas con la implementación del Acuerdo Distrital 113 de 2022 y en respuesta a derechos de peticiones de instituciones educativas, entidades o ciudadanos relacionadas con temas de convivencia escolar y/o violencias basadas en género. • Seguimiento a la implementación de rutas y protocolos de convivencia escolar en instituciones educativas oficiales del distrito de Cartagena a partir de los casos reportados. • Participación en reuniones técnicas para ajustar y consolidar el proyecto de decreto de convivencia escolar. • Hacer seguimiento al proceso jurídico del decreto de creación del Comité Territorial de Convivencia Escolar del Distrito de Cartagena. • Elaborar y revisar el oficio dirigido a la Secretaría Técnica del Consejo Distrital de Política Social, para el análisis del Decreto de conformación del comité. • Asistencia en la mesa de trabajo para la atención de la problemática de convivencia escolar en la Institución Educativa de Tierra Bomba, brindando asesoría jurídica sobre las actuaciones procedentes frente al caso expuesto por la rectoría de la institución. • Asistencia técnica en el análisis y mediación de la problemáticas existente entre docentes y padres de familia en la Institución Educativa José de la Vega relacionadas con convivencia escolar-gobierno escolar (roles-límites y alcances). • Participación en la Mesa de Infancia, Adolescencia y Familia (MIAF). • Socialización de las acciones desarrolladas por la Secretaría de Educación en prevención del uso de la pólvora en las instituciones educativas del Distrito y las acciones futuras. • Participación en la sesión extraordinaria del Comité Interinstitucional para la Prevención y Erradicación del Trabajo Infantil (CIETI), aportando las estrategias de acompañamiento de la Secretaria de Educación al Proceso, brindando aportes técnicos y jurídicos al análisis de la problemática del trabajo infantil. • Participación en la jornada conmemorativa del Día Mundial contra el Trabajo Infantil en la Institución Educativa María Reina. • Apoyar en las actividades de sensibilización sobre prevención del trabajo infantil y prevención del uso de la pólvora. • Articulación interinstitucional con el Departamento Administrativo Distrital de Salud (DADIS) y la Liga de Lucha contra el Cáncer. • Coadyuvar en la gestión de alianzas interinstitucionales para fortalecer la atención oportuna de casos relacionados con violencias basadas en género y discriminación. • Apoyar la socialización del Programa Ampliado de Inmunización (PAI) dirigido a las instituciones educativas oficiales. • Asistir al Segundo Comité Ejecutivo del Consejo de Paz, Reconciliación, Convivencia y Derechos Humanos. • Coadyuvar en el fortalecimiento de la articulación interinstitucional entre las entidades participantes. • Realizar aportes jurídicos sobre el marco normativo que orienta el funcionamiento del Consejo. • Articulación con la Fundación Grupo Social para la implementación de estrategias de fortalecimiento de habilidades socioemocionales en instituciones educativas oficiales de la Comuna 6. • Participación en el Encuentro Distrital de Personeros de las Instituciones Educativas Oficiales para el fortalecimiento del liderazgo estudiantil, la participación democrática y la convivencia escolar. Cecilia Porras, Camilo Torres, Luis Carlos Galan, Ararca, Jhon F. Kenedy, Foco Rojo, Madre Gabriela, Bertha Gedeon, Manuela Beltran, Maria Auxilia dora ,Villa Estrella , la milagrosa, Republica de argentina y nuestro esfuerzo
A36: 4. Educación de Calidad | B36: 2. Dignificar la Vida de los habitantes del Distrito de Cartagena de Indias con el desarrollo y fortalecimiento de la infraestructura educativa, la calidad y la cobertura de la educación en las instituciones públicas, y la reducción de la pobreza multidimensional con la disminución del déficit habitacional, ampliación de la cobertura del saneamiento básico, y garantizando una vivienda digna para toda la población, durante el período de gobierno 2024-2027. | C36: VIDA DIGNA | D36: EDUCACION | E36: Incrementar a 67% el porcentaje de Instituciones Educativas Oficiales que cuentan con fortalecimiento de educación inclusiva | F36: Escuela Hogar | G36: 02-02-10 | H36: Número de Instituciones Educativas Oficiales que implementan el Acuerdo Distrital No. 113 de 2022 | I36: Porcentaje | J36: 34 Instituciones Educativas Oficiales que implementan el Acuerdo Distrital No. 113 de 2022, de formación en derechos humanos de las mujeres y prevención de las violencias de género, dirigido a niñas, niños y jóvenes Fuente:Secretaría de Educación, 2023 | K36: Implementar el Acuerdo Distrital No. 113 de 2022 en ciento siete (107) Instituciones Educativas Oficiales, de formación en derechos humanos de las mujeres y prevención de las violencias de género, dirigido a niñas, niños y jóvenes | L36: 0.2 | M36: Servicio | N36: 220107500 Eventos de promoción y prevención de los derechos realizados | O36: 107 | P36: 25 | Q36: 30 | R36: 28 | S36: 25 | T36: 23 | U36: 49 | V36: =+Y36+Z36+AA36+AB36 -> 31 | X36: =+T36+U36+V36+W36 -> 103 | Y36: 15 | Z36: 16 | AC36: 0.2 | AD36: =(X36/O36)*L36 -> 0.19252336 | AE36: 1 | AF36: =X36/O36 -> 0.96261682 | AG36: Se realizaron talleres orientados a docentes sobre promoción de derechos humanos, convivencia y prevención de violencias basadas en género: 1. Institución Educativa Canadiense 2. Institución Educativa La Milagrosa 3. Institución Educativa Antonia Santos 4. Institución Educativa Ana María Vélez 5. Institución Educativa Bertha Gedeón de Baladís 6. Institución Educativa Fernando de la Vega 7. Institución Educativa John F. Kennedy 8. Institución Educativa Tierra Baja 9. Institución Educativa Fulgencio Lequerica Vélez 10. Institución Educativa Hijos de María 11. Institución Educativa La Libertad. 12. Institución Educativa Politécnico del Pozón. 13. Institución Educativa Puerto Rey. 14. Institución Educativa Manzanillo del Mar. 15. Institución Educativa La Boquilla. | AI36: Reuniones de planeación y seguimiento del equipo de transversales para el fortalecimiento de los procesos de acompañamiento de las instituciones educativas en temas de convivencia escolar y prevención de violencias basadas en género. Participar en el Foro Distrital 2026: Cecilia Porras, Camilo Torres, Luis Carlos Galan, Ararca, Jhon F. Kenedy, Foco Rojo, Madre Gabriela, Bertha Gedeon, Manuela Beltran, Maria Auxilia dora ,Villa Estrella , la milagrosa, Republica de argentina y nuestro esfuerzo • Asesoría jurídica y acompañamiento técnico en el análisis de las temáticas relacionadas con la implementación del Acuerdo Distrital 113 de 2022 y en respuesta a derechos de peticiones de instituciones educativas, entidades o ciudadanos relacionadas con temas de convivencia escolar y/o violencias basadas en género. • Seguimiento a la implementación de rutas y protocolos de convivencia escolar en instituciones educativas oficiales del distrito de Cartagena a partir de los casos reportados. • Participación en reuniones técnicas para ajustar y consolidar el proyecto de decreto de convivencia escolar. • Hacer seguimiento al proceso jurídico del decreto de creación del Comité Territorial de Convivencia Escolar del Distrito de Cartagena. • Elaborar y revisar el oficio dirigido a la Secretaría Técnica del Consejo Distrital de Política Social, para el análisis del Decreto de conformación del comité. • Asistencia en la mesa de trabajo para la atención de la problemática de convivencia escolar en la Institución Educativa de Tierra Bomba, brindando asesoría jurídica sobre las actuaciones procedentes frente al caso expuesto por la rectoría de la institución. • Asistencia técnica en el análisis y mediación de la problemáticas existente entre docentes y padres de familia en la Institución Educativa José de la Vega relacionadas con convivencia escolar-gobierno escolar (roles-límites y alcances). • Participación en la Mesa de Infancia, Adolescencia y Familia (MIAF). • Socialización de las acciones desarrolladas por la Secretaría de Educación en prevención del uso de la pólvora en las instituciones educativas del Distrito y las acciones futuras. • Participación en la sesión extraordinaria del Comité Interinstitucional para la Prevención y Erradicación del Trabajo Infantil (CIETI), aportando las estrategias de acompañamiento de la Secretaria de Educación al Proceso, brindando aportes técnicos y jurídicos al análisis de la problemática del trabajo infantil. • Participación en la jornada conmemorativa del Día Mundial contra el Trabajo Infantil en la Institución Educativa María Reina. • Apoyar en las actividades de sensibilización sobre prevención del trabajo infantil y prevención del uso de la pólvora. • Articulación interinstitucional con el Departamento Administrativo Distrital de Salud (DADIS) y la Liga de Lucha contra el Cáncer. • Coadyuvar en la gestión de alianzas interinstitucionales para fortalecer la atención oportuna de casos relacionados con violencias basadas en género y discriminación. • Apoyar la socialización del Programa Ampliado de Inmunización (PAI) dirigido a las instituciones educativas oficiales. • Asistir al Segundo Comité Ejecutivo del Consejo de Paz, Reconciliación, Convivencia y Derechos Humanos. • Coadyuvar en el fortalecimiento de la articulación interinstitucional entre las entidades participantes. • Realizar aportes jurídicos sobre el marco normativo que orienta el funcionamiento del Consejo. • Articulación con la Fundación Grupo Social para la implementación de estrategias de fortalecimiento de habilidades socioemocionales en instituciones educativas oficiales de la Comuna 6. • Participación en el Encuentro Distrital de Personeros de las Instituciones Educativas Oficiales para el fortalecimiento del liderazgo estudiantil, la participación democrática y la convivencia escolar.
B37: Avance Programa Escuela Hogar | AC37: =SUM(AC33:AC36) -> 0.96428571 | AD37: =SUM(AD33:AD36) -> 0.95120981 | AE37: =AVERAGE(AE33:AE36) -> 0.95535714 | AF37: =AVERAGE(AF33:AF36) -> 0.94934065
A38: 4. Educación de Calidad | B38: 2. Dignificar la Vida de los habitantes del Distrito de Cartagena de Indias con el desarrollo y fortalecimiento de la infraestructura educativa, la calidad y la cobertura de la educación en las instituciones públicas, y la reducción de la pobreza multidimensional con la disminución del déficit habitacional, ampliación de la cobertura del saneamiento básico, y garantizando una vivienda digna para toda la población, durante el período de gobierno 2024-2027. | C38: VIDA DIGNA | D38: EDUCACION | E38: Incrementar a 67% el porcentaje de Instituciones Educativas Oficiales que cuentan con fortalecimiento de educación inclusiva | F38: Cartagena Territorio Plurilingüe | G38: 02-02-08 | H38: Numero de Instituciones Educativas Oficiales asistidas técnicamente en el proceso de tránsito de Proyecto Educativo Institucional – PEI a Proyecto Educativo Comunitario - PEC o Proyecto Educativo Intercultural acorde con la pertinencia con respecto a la caracterización y perfil educativo del territorio | I38: Porcentaje | J38: 5 Instituciones Educativas Oficiales asistidas técnicamente en el proceso de tránsito de Proyecto Educativo Institucional- PEI a Proyecto Educativo Comunitario-pec p Proyecto Educativo Intercultural a corte 2023 Fuente: Secretaría e Educación, 2023 | K38: Asistir técnicamente a trece (13) Instituciones Educativas Oficiales en el proceso de tránsito de Proyecto Educativo Insitucional-PEI a Proyecto Educativo Comunitario-PEC o Proyecto Educativo Intercultural | L38: 0.2 | M38: Servicio | N38: 220105600 Modelos educativos acompañados | O38: 13 | P38: 4 | Q38: 3 | R38: 3 | S38: 3 | T38: 3 | U38: 11 | V38: =+Y38+Z38+AA38+AB38 -> 3 | X38: =+T38+U38+V38+W38 -> 17 | Y38: 1 | Z38: 2 | AC38: =(V38/R38)*L38 -> 0.2 | AD38: 0.2 | AE38: =V38/R38 -> 1 | AF38: 1 | AG38: El pasado 26 de febrero de 2026. Se realizó asistencia técnica y acompañamiento a la institución Etnoeducativa de Arroyo de Piedra en la construcción con el comité etnoeducativo de la institución para retomar la ruta y consolidación del tránsito de PEI a PEC. Se avanzó en la ruta y se propuso la integración de la Junta del Consejo Comunitario y miembros de la asamblea general. La fecha quedó para el siguiente lunes, 16 de marzo de 2026. El 26 de febrero de 2026 también se realizó asistencia y acompañamiento técnico a la Institución Etnoeducativa de Manzanillo del Mar. Se avanzó en la revisión del documento, la necesidad de convocar a la Junta del Consejo Comunitario y comunidad para aprobación de arranque del proceso. 21 de marzo de 2026, se dio continuidad a la asistencia técnica y acompañamiento a la institución Etnoeducativa de Manzanillo del Mar. se contó con la participación de la Junta del Consejo Comunitario de Villa Gloria, docentes y directivos docentes de la Institución y miembros de la comunidad. Se expuso el trámite de tránsito de PEI a PEC, al igual que, los procesos que internamente debe llevar la comunidad étnica. En especial, el componente e insumos para el diseño etnocurricular de la propuesta PEC. La Junta del Consejo y la I.E quedaron con el compromiso de crear el comité etnoeducativo de la propuesta, en especial, avanzar con las pautas sobre el primer segmento (Horizonte institucional) e informar a la SED para revisión y retroalimentación. 05 de marzo de 2026, se realizó asistencia y acompañamiento técnico a la Institución Etnoeducativa de Caño del Loro. Se avanzó en la revisión del documento, la necesidad de convocar a la asamblea general de la comunidad para aprobación y próxima radicación de documentación. también, se creó la comisión de comité para la dinamización del proceso de tránsito. 19 de marzo de 2026, se realizó y dio continuidad al tránsito de PEI a PEC a la Institución Etnoeducativa Técnica de Pasacaballos, donde se construyó y se dejaron definidos los ajustes del documento para entrega, donde es importante y clave la asamblea general de la comunidad étnica. | AI38: Acompañamiento en la Institución Educativa Arroyo de Piedra, Isla Fuerte, Manzanillo del mar, Puerto Rey, Santa Ana, Jose maria cordoba de pasacaballos, San Jose caño del Oro, Islas del rosario , Ararca, con el propósito de socializar la ruta etnocurricular y la plantilla curricular dirigida a los docentes. Durante la jornada se presentaron los principales lineamientos y orientaciones para su implementación, promoviendo la articulación de los saberes propios, los enfoques pedagógicos institucionales y los referentes curriculares establecidos. Asimismo, se generó un espacio de diálogo con los docentes para resolver inquietudes y fortalecer la apropiación de la propuesta curricular, orientada a la consolidación del Proyecto Educativo Comunitario (PEC). El pasado 5 de junio se realizó visita en la comunidad de bayunca con el objetivo de verificar las condiciones del terreno propuesto para el desarrollo del Sistema Educativo Indígena Propio (SEIP) y evaluar posibles alternativas para su implementación, en cumplimiento de un compromiso de la Secretaría de Educación Distrital con la autoridad tradicional del Cabildo Indígena Caizeba. El 30 de junio se realizó una reunión virtual con el Ministerio de Educación, en la que se revisaron los compromisos adquiridos durante la asistencia técnica relacionada con el Sistema Educativo Indígena Propio (SEIP).
A39: 4. Educación de Calidad | B39: 2. Dignificar la Vida de los habitantes del Distrito de Cartagena de Indias con el desarrollo y fortalecimiento de la infraestructura educativa, la calidad y la cobertura de la educación en las instituciones públicas, y la reducción de la pobreza multidimensional con la disminución del déficit habitacional, ampliación de la cobertura del saneamiento básico, y garantizando una vivienda digna para toda la población, durante el período de gobierno 2024-2027. | C39: VIDA DIGNA | D39: EDUCACION | E39: Incrementar a 67% el porcentaje de Instituciones Educativas Oficiales que cuentan con fortalecimiento de educación inclusiva | F39: Cartagena Territorio Plurilingüe | G39: 02-02-09 | H39: Número de Instituciones Educativas Oficiales con Cátedra de Estudios Afrocolombianos (CEA) implementada | I39: Porcentaje | J39: 6 Instituciones Educativas Oficiales con Cátedra de Estudios Afrocolombianos a corte 2023 Fuente:Secretaría de Educación, 2023 | K39: Implementar la Cátedra de Estudios Afrocolombianos (CEA) en seis (6) Instituciones Educativas Oficiales adicionales | L39: 0.4 | M39: Servicio | N39: 220105601 Modelos educativos para grupos étnicos acompañados | O39: 6 | P39: 6 | Q39: 2 | R39: 2 | S39: 2 | T39: 2 | U39: 5 | V39: =+Y39+Z39+AA39+AB39 -> 4 | X39: =+T39+U39+V39+W39 -> 11 | Y39: 3 | Z39: 1 | AC39: 0.4 | AD39: 0.4 | AE39: 1 | AF39: 1 | AG39: Se realizaron asistencias tecnicas en las instituciones educativas para laimplementación de Catedra de Estudios Afrocolombianos y Taller de integración Curricular para Incorporar los contenidos de la Cátedra en los contenidos curricolares: Mercedes Abrego, Ana Maria Velez, Manuela Vergara de Curi. | AI39: Se realizó acompañamiento y asistencia a la I.E de Ana María Velez de Trujillo, en ella, se dejaron las inquietudes y retroalimentaciones de la construcción de ejes etnopedagogicos y confirmamos que en la segunda semana de mayo se procedería en la construcción del gobierno escolar con los lineamientos diferenciales. Para posterior, continuar con los procesos etnocurriculares, horizonte institucional y gobierno escolar han sido construido con la participación étnica del entorno por ser contexto urbano, pero, con fuerte incidencia de autorreconocimiento negro. El pasado 27 de abril de 2026, se realizó acompañamiento y asistencia a la I.E Omaira Sánchez, en ella, quedo con el compromiso de parte de la secretaria de Educación sobre la urgencia interna de expedición del acto de reconocimiento. Los procesos etnocurriculares, horizonte institucional y gobierno escolar han sido construido con la participación étnica del entorno por ser contexto urbano, pero, con fuerte incidencia de autorreconocimiento negro. El 13 de mayo se realizo Reunión virtual con la IE Omaira sanches con el objetivo para coordinar esfuerzos para la realización del foro etnoeducactivo la candela es afro, que tiene como objetivo promover un espacio de dialogo reflexión y aprendizaje intercultural entre estudiantes e instituciones educativas, fortaleciendo la identidad cultural valorando la diversidad étnica y el fomentando practicas pedagógicas inclusivas y contextualizadas. El 20 de mayo Se realizo la revisión, concepto técnico de calidad y transferencia la I.E Omaira Sánchez a la dirección de inspección y vigilancia con miras a la entrega de acto administrativo de transición de Proyecto Educativo Institucional a Proyecto Etnoeducativo Intercultural Comunitario PEINC. El pasado 29 de mayo se realizó la entrega del acto administrativo de tránsito de la Institución Etnoeducativa Omaira Sánchez. El 12 de de mayo En articulación con el Programa de Asuntos Étnicos, se desarrolló la estrategia “África en Mí: Del África al Caribe”, mediante talleres en la institución educativa Manuela Vergara de Curi. Las actividades se enfocaron en la importancia cultural e histórica de las trenzas y los turbantes como expresiones de identidad, resistencia y herencia africana. El 18 de mayo Se realizo la revisión del documento de la institución Etnoeducativa Manuela Vergara de Curi, junto a la rectoría y demás miembros del consejo académico. Se realizaron las siguientes recomendaciones: i) Definir el modelo pedagógico con base en los insumos del contexto multifactorial urbano ii) definir la caracterización para la cantidad deestudiantes que se auto reconocen como afrocolombianos y iv) articular con el programa de asuntos étnicos dicho proceso de caracterización. El pasado 23 de junio se llevó a cabo revisión del documentó PEINC de la IE mercedes Abrego, Durante la jornada se realizó una retroalimentación al componente de horizonte institucional, revisando aspectos relacionados con la misión, la visión, los principios, los valores y los objetivos institucionales. https://drive.google.com/drive/u/0/folders/1HqsAsWLvIDf4WyXzEJskkYiZnvVG2vo3
A40: 4. Educación de Calidad | B40: 2. Dignificar la Vida de los habitantes del Distrito de Cartagena de Indias con el desarrollo y fortalecimiento de la infraestructura educativa, la calidad y la cobertura de la educación en las instituciones públicas, y la reducción de la pobreza multidimensional con la disminución del déficit habitacional, ampliación de la cobertura del saneamiento básico, y garantizando una vivienda digna para toda la población, durante el período de gobierno 2024-2027. | C40: VIDA DIGNA | D40: EDUCACION | E40: Incrementar a 67% el porcentaje de Instituciones Educativas Oficiales que cuentan con fortalecimiento de educación inclusiva | F40: Cartagena Territorio Plurilingüe | G40: 02-02-10 | H40: Número de Instituciones Educativas Oficiales acompañadas en el fortalecimiento de la enseñanza de lenguas extranjeras, especialmente las focalizadas en los Colegios Amigos del Turismo | I40: Porcentaje | J40: 12 Instituciones Educativas Oficiales acompañadas en el fortalecimiento de la enseñanza de lenguas extranjeras a corte 2023 Fuente: Secretaría de Educación, 2023 | K40: Acompañar a cicuenta y cinco (55) Instituciones Educativas Oficiales en el fortalecimiento de la enseñanza de lenguas extranjeras, especialmente las focalizadas en los Colegios Amigos del Turismo. | L40: 0.2 | M40: Servicio | N40: 220103401 Instituciones educativas fortalecidas en competencias comunicativas en un segundo idioma | O40: 55 | P40: 12 | Q40: 15 | R40: 14 | S40: 14 | T40: 0 | U40: 13 | V40: =+Y40+Z40+AA40+AB40 -> 0 | X40: =+T40+U40+V40+W40 -> 13 | Y40: 0 | Z40: 0 | AC40: =(V40/R40)*L40 -> 0 | AD40: =(X40/O40)*L40 -> 0.047272727 | AE40: =V40/R40 -> 0 | AF40: =X40/O40 -> 0.23636364 | AG40: Elaboración de especificaciones técnicas para procesos contractual de formación a 600 estudiantes en lengua extranjera (ingles), dirigida a 13 colegios amigos del turismos (CAT). | AI40: Inscripciones de docentes (23) y estudiantes (79) de la Institución educativa oficial Cecilia Porra, Manuel Rodríguez Torices, Milagrosa y Puerto Rey
A41: 4. Educación de Calidad | B41: 2. Dignificar la Vida de los habitantes del Distrito de Cartagena de Indias con el desarrollo y fortalecimiento de la infraestructura educativa, la calidad y la cobertura de la educación en las instituciones públicas, y la reducción de la pobreza multidimensional con la disminución del déficit habitacional, ampliación de la cobertura del saneamiento básico, y garantizando una vivienda digna para toda la población, durante el período de gobierno 2024-2027. | C41: VIDA DIGNA | D41: EDUCACION | E41: Incrementar a 67% el porcentaje de Instituciones Educativas Oficiales que cuentan con fortalecimiento de educación inclusiva | F41: Cartagena Territorio Plurilingüe | G41: 02-02-11 | H41: Número de docentes formados en una segunda lengua | I41: Porcentaje | J41: N.D. | K41: Formar a seiscientos (600) docentes en una segunda lengua | L41: 0.2 | M41: Servicio | N41: 220107402 Docentes apoyados para el mejoramiento de sus competencias en un segundo idioma | O41: 600 | P41: 150 | Q41: 150 | R41: 150 | S41: 150 | T41: 6 | U41: 194 | V41: =+Y41+Z41+AA41+AB41 -> 0 | X41: =+T41+U41+V41+W41 -> 200 | Y41: 0 | Z41: 0 | AC41: =(V41/R41)*L41 -> 0 | AD41: =(X41/O41)*L41 -> 0.066666667 | AE41: =V41/R41 -> 0 | AF41: =X41/O41 -> 0.33333333 | AG41: En proceso de inscripción en inglés en alianza con el SENA, con el propósito de formar estudiantes y docentes en una segunda lengua. 5 niveles para estudiantes y proyección de 11 niveles dirigidos a estudiantes, docentes y proyección a la comunidad. INSTITUCIONES ASISTENTES Y COMPROMETIDAS CON EL PROCESO DE INSCRIPCIÓN: 1. LA MILAGROSA 2. INSTITUCION EDUCATIVA REPUBLICA DE ARGENTINA 3. INSTITUCIÓN EDUCATIVA FRANCISCO DE PAULA SANTANDER 4. INSTITUCIÓN ETNOEDUCATIVA DE PONTEZUELA 5. PUERTO REY 6. JORGE GARCIA USTA - LA SALLE 7. SAN FELIPE NERI 8. INSTITUCIÓN ETNOEDUCATIVA PEDRO ROMERO 9. ANA MARIA VELEZ DE TRUJILLO 10. PONTEZUELA 11. NUESTRA SEÑORA DEL BUEN AIRE 12. JUAN JOSÉ NIETO 13. INEM
B42: Avance Programa Cartagena Territorio Plurilingüe | AC42: =SUM(AC38:AC41) -> 0.6 | AD42: =SUM(AD38:AD41) -> 0.71393939 | AE42: =AVERAGE(AE38:AE41) -> 0.5 | AF42: =AVERAGE(AF38:AF41) -> 0.64242424
A43: 4. Educación de Calidad | B43: 2. Dignificar la Vida de los habitantes del Distrito de Cartagena de Indias con el desarrollo y fortalecimiento de la infraestructura educativa, la calidad y la cobertura de la educación en las instituciones públicas, y la reducción de la pobreza multidimensional con la disminución del déficit habitacional, ampliación de la cobertura del saneamiento básico, y garantizando una vivienda digna para toda la población, durante el período de gobierno 2024-2027. | C43: VIDA DIGNA | D43: EDUCACION | E43: Incrementar a treinta y dos (32) el número de Instituciones Educativas Oficiales que mejoran su clasificación en Pruebas SABER 11 | F43: Cartagena Mejor Educada | G43: 02-02-09 | H43: Número de docentes formados en evaluación por competencias en las áreas que evalúa el ICFES | I43: Número | J43: 350 docentes formados en evaluación por competencias en las áreas que evalúa el ICFES a corte 2023 Fuente: Secretaría de Educación, 2023 | K43: Formar a seiscientos (600) docentes en evaluación por competencias en las áreas que evalúa el ICFES | L43: 0.3 | M43: Servicio | N43: 220107400 Docentes y agentes educativos de educación inicial, preescolar, básica y media beneficiados con estrategias de mejoramiento de sus capacidades | O43: 600 | P43: 150 | Q43: 150 | R43: 150 | S43: 150 | T43: 200 | U43: 605 | V43: =+Y43+Z43+AA43+AB43 -> 79 | X43: =+T43+U43+V43+W43 -> 884 | Y43: 0 | Z43: 79 | AC43: =(V43/R43)*L43 -> 0.158 | AD43: 0.3 | AE43: =V43/R43 -> 0.52666667 | AF43: 1 | AG43: Se programa para el segundo trimestre. | AI43: Se se realizo taller de formación a 79 docentes de las areas de lenguaje, matematicas e ingles en coordinación con la caja de compensación comfenalco en semana de desarrollo institucional
A44: 4. Educación de Calidad | B44: 2. Dignificar la Vida de los habitantes del Distrito de Cartagena de Indias con el desarrollo y fortalecimiento de la infraestructura educativa, la calidad y la cobertura de la educación en las instituciones públicas, y la reducción de la pobreza multidimensional con la disminución del déficit habitacional, ampliación de la cobertura del saneamiento básico, y garantizando una vivienda digna para toda la población, durante el período de gobierno 2024-2027. | C44: VIDA DIGNA | D44: EDUCACION | E44: Incrementar a treinta y dos (32) el número de Instituciones Educativas Oficiales que mejoran su clasificación en Pruebas SABER 12 | F44: Cartagena Mejor Educada | G44: 02-02-10 | H44: Número de formaciones para estudiantes de grado 9, 10 y 11 para las Pruebas Saber | I44: Número | J44: N.D. | K44: Desarrollar setenta y ocho mil doscientos (78.200) formaciones a estudiantes de grado 9, 10 y 11 de las 107 Instituciones Educativas Oficiales en procesos de preparación para las pruebas Saber | L44: 0.5 | M44: Servicio | N44: 220103600 Contenidos educativos para la educación inicial, preescolar, básica y media producidos | O44: 78200 | P44: 19550 | Q44: 19550 | R44: 19550 | S44: 19550 | T44: 2031 | U44: 10467 | V44: =+Y44+Z44+AA44+AB44 -> 6756 | X44: =+T44+U44+V44+W44 -> 19254 | Y44: 0 | Z44: 6756 | AC44: =(V44/R44)*L44 -> 0.17278772 | AD44: =(X44/O44)*L44 -> 0.12310742 | AE44: =V44/R44 -> 0.34557545 | AF44: =X44/O44 -> 0.24621483 | AG44: Se tramita trasferencia de recucursos para la financición del pago de pruebas saber a las 88 IEO con fondos educativos. | AI44: transferencia de los recursos destinados a la financiación del pago pruebas saber 11 de todos los estudiantes de las Instituciones Educativas oficiales del distrito de Cartagena, la cual fue aprobada mediante Resolución expedida por la Secretaria de Educación Distrital 3051 del 30 de marzo del 2026 por valor de $695.520.000
A45: 4. Educación de Calidad | B45: 2. Dignificar la Vida de los habitantes del Distrito de Cartagena de Indias con el desarrollo y fortalecimiento de la infraestructura educativa, la calidad y la cobertura de la educación en las instituciones públicas, y la reducción de la pobreza multidimensional con la disminución del déficit habitacional, ampliación de la cobertura del saneamiento básico, y garantizando una vivienda digna para toda la población, durante el período de gobierno 2024-2027. | C45: VIDA DIGNA | D45: EDUCACION | E45: Incrementar a treinta y dos (32) el número de Instituciones Educativas Oficiales que mejoran su clasificación en Pruebas SABER 13 | F45: Cartagena Mejor Educada | G45: 02-02-11 | H45: Número de Instituciones Educativas Oficiales asesoradas en el análisis y uso de resultados de Pruebas Saber | I45: Número | J45: 45 Instituciones Educativas Oficiales asesoradas en el análisis y uso de resultados de Pruebas Saber a corte 2023 Fuente: Secretaría de Educación, 2023 | K45: Asesorar técnicamente a sesenta y dos (62) nuevas Instituciuones Educativas Oficiales en el análisis y uso de resultados de Prueba Saber | L45: 0.2 | M45: Servicio | N45: 220100602 Establecimientos Educativos oficiales con acompañamiento en el marco de las estrategias de calidad educativa | O45: 62 | P45: 45 | Q45: 6 | R45: 6 | S45: 5 | T45: 23 | U45: 73 | V45: =+Y45+Z45+AA45+AB45 -> 2 | X45: =+T45+U45+V45+W45 -> 98 | Y45: 2 | Z45: 0 | AC45: =(V45/R45)*L45 -> 0.066666667 | AD45: 0.2 | AE45: =V45/R45 -> 0.33333333 | AF45: 1 | AG45: Se realiza asistencia tecnica a las instituciones educativas fulgencio lequerica velez, Luis carlos galan sarmiento en el analisis y uso de los resultados de pruebas saber para mejoramiento de la calidad educativa | AI45: Se programa para segundo semestre
B46: Avance Programa Cartagena Mejor Educada | AC46: =SUM(AC43:AC45) -> 0.39745439 | AD46: =SUM(AD43:AD45) -> 0.62310742 | AE46: =AVERAGE(AE43:AE45) -> 0.40185848 | AF46: =AVERAGE(AF43:AF45) -> 0.74873828
A47: 4. Educación de Calidad | B47: 2. Dignificar la Vida de los habitantes del Distrito de Cartagena de Indias con el desarrollo y fortalecimiento de la infraestructura educativa, la calidad y la cobertura de la educación en las instituciones públicas, y la reducción de la pobreza multidimensional con la disminución del déficit habitacional, ampliación de la cobertura del saneamiento básico, y garantizando una vivienda digna para toda la población, durante el período de gobierno 2024-2027. | C47: VIDA DIGNA | D47: EDUCACION | E47: Reducir la tasa de deserción en educación preescolar, básica y media de Instituciones Educativas Oficiales a 2,47% | F47: Levantemos La Voz | G47: 02-02-10 | H47: Número de Instituciones Educativas Oficiales con Plan Institucional de Lectura, Escritura y Oralidad (PILEO) implementado | I47: Porcentaje | J47: 0 Fuente: Secretaría de Educación, 2023. | K47: Implementar el Plan Institucional de Lectura, Escritura y Oralidad en ochenta y siete (87) Instituciones Educativas Oficiales. | L47: 0.25 | M47: Servicio | N47: 220103600 Contenidos educativos para la educación inicial, preescolar, básica y media producidos | O47: 87 | P47: 22 | Q47: 23 | R47: 22 | S47: 20 | T47: 30 | U47: 34 | V47: =+Y47+Z47+AA47+AB47 -> 23 | X47: =+T47+U47+V47+W47 -> 87 | Y47: 15 | Z47: 8 | AC47: 0.25 | AD47: =(X47/O47)*L47 -> 0.25 | AE47: 1 | AF47: =X47/O47 -> 1 | AG47: Se llevaron a cabo 15 asistencias técnicas dirigidas a las Instituciones Educativas Oficiales (IEO) focalizadas, con el propósito de orientar el diseño, ajuste e implementación de los Planes Institucionales de Lectura, Escritura y Oralidad (PILEO), así como su articulación con el Proyecto Educativo Institucional (PEI) y los Planes de Mejoramiento Institucional (PMI). Las asistencias técnicas se desarrollaron con las siguientes instituciones educativas: • I.E. 14 de Febrero • I.E. Pontezuela • I.E. Nuestro Esfuerzo • I.E. Politécnico del Pozón • I.E. Nueva Esperanza (Arroyo Grande) • I.E. Fe y Alegría Las Américas • I.E. Fredonia • I.E. Liceo Bolívar • I.E. Etnoeducativa La Boquilla • I.E. Nuestra Señora del Carmen • I.E. Olga González Arraut • I.E. Fulgencio Lequerica • I.E. San Francisco de Asís • I.E. El Salvador • I.E. Nelson Mandela Este proceso permitió avanzar en la consolidación de planes más estructurados, coherentes y articulados, fortaleciendo las capacidades institucionales para la promoción de la lectura, la escritura y la oralidad como ejes transversales del proceso educativo. | AI47: Se llevaron a cabo asistencias técnicas dirigidas a las Instituciones Educativas Oficiales (IEO) focalizadas, con el propósito de orientar el diseño, ajuste e implementación de los Planes Institucionales de Lectura, Escritura y Oralidad (PILEO), así como su articulación con el Proyecto Educativo Institucional (PEI) y los Planes de Mejoramiento Institucional (PMI). 1 Institución Educativa Playas de Acapulco 2 Institución Educativa Foco Rojo 3 Institución Educativa Salim Bechara 4 Institución Educativa de Ternera 5 Institución Educativa Alberto Elías Fernández Baena 6 Institución Educativa 20 de Julio 7 Institución Educativa Luis Felipe Cabrera de Barú 8 Institución Etnoeducativa de La Boquilla 9 Institución Educativa Nuestra Señora del Carmen 10 Institución Educativa Olga González Arraut* 11 Institución Educativa Fulgencio Lequerica Vélez* 12 Institución Educativa San Francisco de Asís 13 Institución Educativa El Salvador* 14 Institución Educativa Mandela* 15 Institución Etnoeducativa de Pontezuela 16 Institución Educativa Liceo de Bolívar 17 Institución Educativa Fe y Alegría Las Américas 18 Institución Educativa Nuestro Esfuerzo 19 Institución Educativa Politécnico del Pozón 20 Institución Educativa 14 de Febrero 21 Institución Educativa Nueva Esperanza Arroyo Grande 22 Institución Educativa de Fredonia 23 Institución educativa Cecilia Porras
A48: 4. Educación de Calidad | B48: 2. Dignificar la Vida de los habitantes del Distrito de Cartagena de Indias con el desarrollo y fortalecimiento de la infraestructura educativa, la calidad y la cobertura de la educación en las instituciones públicas, y la reducción de la pobreza multidimensional con la disminución del déficit habitacional, ampliación de la cobertura del saneamiento básico, y garantizando una vivienda digna para toda la población, durante el período de gobierno 2024-2027. | C48: VIDA DIGNA | D48: EDUCACION | E48: Reducir la tasa de deserción en educación preescolar, básica y media de Instituciones Educativas Oficiales a 2,47% | F48: Levantemos La Voz | G48: 02-02-11 | H48: Número de Instituciones Educativas Oficiales dotadas con material bibliográfico | I48: Porcentaje | J48: 1 Institución Educativa Oficial dotadas con material bibliográfico a corte 2023 Fuente: Secretaría de Educación, 2023 | K48: Dotar las bibliotecas escolares de ochenta y seis (86) Instituciones Educativas Oficiales con material bibliográfico | L48: 0.4 | M48: Bien | N48: 220106902 Sedes dotadas con materiales pedagógicos | O48: 86 | P48: 22 | Q48: 22 | R48: 22 | S48: 20 | T48: 0 | U48: 8 | V48: =+Y48+Z48+AA48+AB48 -> 23 | X48: =+T48+U48+V48+W48 -> 31 | Y48: 15 | Z48: 8 | AC48: 0.4 | AD48: =(X48/O48)*L48 -> 0.14418605 | AE48: 1 | AF48: =X48/O48 -> 0.36046512 | AG48: En el marco de esta actividad, durante el mes de marzo se adelantó el proceso de asignación y entrega de pines de acceso a las instituciones educativas oficiales, como parte de la estrategia de dotación de material bibliográfico digital. Los pines fueron remitidos a cada institución educativa a través de correo electrónico institucional, junto con: • El detalle del material asignado. • El instructivo para el acceso y uso de la plataforma. Posteriormente, los rectores de las instituciones educativas realizaron el retorno del recibido de los pines, confirmando la correcta recepción de la información y habilitando el inicio del proceso de implementación. • I.E. 14 de Febrero • I.E. Pontezuela • I.E. Nuestro Esfuerzo • I.E. Politécnico del Pozón • I.E. Nueva Esperanza (Arroyo Grande) • I.E. Fe y Alegría Las Américas • I.E. Fredonia • I.E. Liceo Bolívar • I.E. Etnoeducativa La Boquilla • I.E. Nuestra Señora del Carmen • I.E. Olga González Arraut • I.E. Fulgencio Lequerica • I.E. San Francisco de Asís • I.E. El Salvador • I.E. Nelson Mandela | AI48: Durante el mes de abril se realizó el cierre del proceso de dotación de material bibliográfico digital a las 22 Instituciones Educativas Oficiales focalizadas, mediante la entrega de pines de acceso a la biblioteca virtual del proyecto. • Institución Educativa Playas de Acapulco • Institución Educativa Foco Rojo • Institución Educativa Salim Bechara • Institución Educativa de Ternera • Institución Educativa Alberto Elías Fernández Baena • Institución Educativa 20 de Julio • Institución Educativa Luis Felipe Cabrera de Barú • Institución Etnoeducativa de La Boquilla • Institución Educativa Nuestra Señora del Carmen • Institución Educativa Olga González Arraut • Institución Educativa Fulgencio Lequerica Vélez • Institución Educativa San Francisco de Asís • Institución Educativa El Salvador • Institución Educativa Mandela • Institución Etnoeducativa de Pontezuela • Institución Educativa Liceo de Bolívar • Institución Educativa Fe y Alegría Las Américas • Institución Educativa Nuestro Esfuerzo • Institución Educativa Politécnico del Pozón • Institución Educativa 14 de Febrero • Institución Educativa Nueva Esperanza Arroyo Grande • Institución Educativa de Fredonia La distribución de los pines fue definida previamente en el marco de la primera asistencia técnica, de manera concertada con docentes, directivos docentes y asesoras de la Secretaría de Educación, atendiendo a las necesidades de cada institución. Como parte del proceso de cierre, cada Institución Educativa recibió de manera oficial, a través de correo electrónico, los pines asignados junto con el instructivo de uso proporcionado por la editorial, garantizando su adecuada activación. Asimismo, las instituciones realizaron la confirmación de recibido por el mismo medio, asegurando la trazabilidad de la entrega.
A49: 4. Educación de Calidad | B49: 2. Dignificar la Vida de los habitantes del Distrito de Cartagena de Indias con el desarrollo y fortalecimiento de la infraestructura educativa, la calidad y la cobertura de la educación en las instituciones públicas, y la reducción de la pobreza multidimensional con la disminución del déficit habitacional, ampliación de la cobertura del saneamiento básico, y garantizando una vivienda digna para toda la población, durante el período de gobierno 2024-2027. | C49: VIDA DIGNA | D49: EDUCACION | E49: Reducir la tasa de deserción en educación preescolar, básica y media de Instituciones Educativas Oficiales a 2,47% | F49: Levantemos La Voz | G49: 02-02-12 | H49: Red de Bibliotecas Escolares integrada al sistema de bibliotecas públicas creada | I49: Porcentaje | J49: 0 Fuente: Secretaría de Educación, 2023. | K49: Crear una (1) Red de Bibliotecas Escolares integrada al sistema de bibliotecas públicas | L49: 0.15 | M49: Servicio | N49: 220103600 Contenidos educativos para la educación inicial, preescolar, básica y media producidos | O49: 1 | P49: 0.25 | Q49: 0.25 | R49: 0.25 | S49: 0.25 | T49: 0 | U49: 1 | V49: =+Y49+AA49+AB49 -> 1 | X49: 1 | Y49: 1 | Z49: 1 | AC49: 0.15 | AD49: 0.15 | AE49: 1 | AF49: 1 | AG49: Participación en asistencia técnica del MEN: En el marco del fortalecimiento de capacidades del equipo ESPALEER, se participó en la Asistencia Técnica del Plan Nacional de Lectura, Escritura, Oralidad y Bibliotecas (2026-EE-100271), convocada por el Ministerio de Educación Nacional (MEN). Esta jornada tuvo como propósito brindar orientaciones técnicas y lineamientos actualizados para la implementación del plan a nivel territorial, así como fortalecer la articulación entre las estrategias nacionales y las acciones desarrolladas en las entidades territoriales | AH49: AJUSTADO | AI49: Durante el periodo de junio se realizó un (1) encuentro de la Red de Bibliotecarios Escolares, con la participación de 17 bibliotecarios, orientado al fortalecimiento de capacidades en estrategias de mediación lectora. La jornada abordó la estrategia "Entre páginas y pantallas: Mediación L.E.O. para otras formas de leer y narrar", promoviendo el intercambio de experiencias y el diseño de propuestas pedagógicas que integran recursos impresos, audiovisuales y digitales para dinamizar los procesos de lectura en las bibliotecas escolares. Adicionalmente, se mantuvo comunicación permanente con los integrantes de la Red a través del grupo de WhatsApp, utilizado para compartir información de interés, convocatorias, recursos y orientaciones relacionadas con el fortalecimiento de las bibliotecas escolares.
A50: 4. Educación de Calidad | B50: 2. Dignificar la Vida de los habitantes del Distrito de Cartagena de Indias con el desarrollo y fortalecimiento de la infraestructura educativa, la calidad y la cobertura de la educación en las instituciones públicas, y la reducción de la pobreza multidimensional con la disminución del déficit habitacional, ampliación de la cobertura del saneamiento básico, y garantizando una vivienda digna para toda la población, durante el período de gobierno 2024-2027. | C50: VIDA DIGNA | D50: EDUCACION | E50: Reducir la tasa de deserción en educación preescolar, básica y media de Instituciones Educativas Oficiales a 2,47% | F50: Levantemos La Voz | G50: 02-02-13 | H50: Ferias Distritales de Radio Escolar desarrolladas | I50: Porcentaje | J50: 0 Fuente: Secretaría de Educación, 2023. | K50: Desarrollar cuatro (4) Ferias Distritales de Radio Escolar | L50: 0.1 | M50: Servicio | N50: 220103305 Eventos realizados | O50: 4 | P50: 1 | Q50: 1 | R50: 1 | S50: 1 | T50: 1 | U50: 1 | V50: =+Y50+Z50+AA50+AB50 -> 0 | X50: =+T50+U50+V50+W50 -> 2 | Y50: 0 | Z50: 0 | AC50: =(V50/R50)*L50 -> 0 | AD50: =(X50/O50)*L50 -> 0.05 | AE50: =V50/R50 -> 0 | AF50: =X50/O50 -> 0.5 | AG50: Se programa para segundo semestre. | AI50: Se programa para segundo semestre.
A51: 4. Educación de Calidad | B51: 2. Dignificar la Vida de los habitantes del Distrito de Cartagena de Indias con el desarrollo y fortalecimiento de la infraestructura educativa, la calidad y la cobertura de la educación en las instituciones públicas, y la reducción de la pobreza multidimensional con la disminución del déficit habitacional, ampliación de la cobertura del saneamiento básico, y garantizando una vivienda digna para toda la población, durante el período de gobierno 2024-2027. | C51: VIDA DIGNA | D51: EDUCACION | E51: Reducir la tasa de deserción en educación preescolar, básica y media de Instituciones Educativas Oficiales a 2,47% | F51: Levantemos La Voz | G51: 02-02-14 | H51: Número de Instituciones Educativas Oficiales dotadas con materiales y equipos radiofónicos | I51: Porcentaje | J51: 30 Insituciones Educativas Oficiales dotadas con materiales y equipos radiofónicos a corte 2023 Fuente: Secretaría de Educación, 2023 | K51: Dotar con material y equipo radiofónico a treinta (30) Insituciones Educativas Oficiales adicionales para la implementación de la radio escolar | L51: 0.1 | M51: Servicio | N51: 220106904 Sedes dotadas con dispositivos tecnológicos | O51: 30 | P51: 30 | Q51: 3 | R51: 3 | S51: 3 | T51: 8 | U51: 0 | V51: =+Y51+Z51+AA51+AB51 -> 0 | X51: =+T51+U51+V51+W51 -> 8 | Y51: 0 | Z51: 0 | AC51: =(V51/R51)*L51 -> 0 | AD51: =(X51/O51)*L51 -> 0.026666667 | AE51: =V51/R51 -> 0 | AF51: =X51/O51 -> 0.26666667 | AG51: Se programa para segundo semestre. | AI51: Se programa para segundo semestre.
B52: Avance Programa Levantemos La Voz | AC52: =SUM(AC47:AC51) -> 0.8 | AD52: =SUM(AD47:AD51) -> 0.62085271 | AE52: =AVERAGE(AE47:AE51) -> 0.6 | AF52: =AVERAGE(AF47:AF51) -> 0.62542636
A53: 4. Educación de Calidad | B53: 2. Dignificar la Vida de los habitantes del Distrito de Cartagena de Indias con el desarrollo y fortalecimiento de la infraestructura educativa, la calidad y la cobertura de la educación en las instituciones públicas, y la reducción de la pobreza multidimensional con la disminución del déficit habitacional, ampliación de la cobertura del saneamiento básico, y garantizando una vivienda digna para toda la población, durante el período de gobierno 2024-2027. | C53: VIDA DIGNA | D53: EDUCACION | E53: Incrementar la tasa de cobertura neta sin extraedad global al 95% | F53: Aula Global | G53: 02-02-11 | H53: Número de Instituciones Educativas Oficiales que mejoran en resultados de pruebas - EGRA (Early Grade Reading Assessment) | I53: Porcentaje | J53: N.D. | K53: Mejorar en quince (15) Instituciones Educativas las destrezas básicas de alfabetismo en básica primaria medidos a través de EGRA | L53: 0.5 | M53: Servicio | N53: 220100602 Establecimientos Educativos oficiales con acompañamiento en el marco de las estrategias de calidad educativa | O53: 15 | P53: NP | Q53: 1 | R53: 5 | S53: 5 | T53: 0 | U53: 5 | V53: =+Y53+Z53+AA53+AB53 -> 2 | X53: =+T53+U53+V53+W53 -> 7 | Y53: 0 | Z53: 2 | AC53: =(V53/R53)*L53 -> 0.2 | AD53: =(X53/O53)*L53 -> 0.23333333 | AE53: =V53/R53 -> 0.4 | AF53: =X53/O53 -> 0.46666667 | AG53: Se programa para segundo semestre, se realizó socialización de resultados del acompañamiento realizado a las instituciones de la vigencia anterior y se programa seguimiento con las 5 IEO: Ciudad de tunja, Politecnico del pozon, Fulgencio Lequerica Velez, Francisco de paula santander, Liceo de Bolivar. Se focalizan las nuevas instituciones que se acompañarán en esta vigencia: INSTITUCION EDUCATIVA DE FREDONIA INSTITUCION EDUCATIVA PLAYAS DE ACAPULCO INSTITUCION EDUCATIVA NUESTRO ESFUERZO INSTITUCION EDUCATIVA SALIM BECHARA - Sede Única INSTITUCION EDUCATIVA MANUELA BELTRAN - Sede Única | AI53: En alianza con la fundación santo domingo se viene desarrollando la estrategia reto 1 OFFER para mejoramiento de los aprendizajes de los estudiantes de 2 instituciones educativas Ararca y Ecológico Barbacoas en la que reciben formación 13 docentes de estas instituciones .
A54: 4. Educación de Calidad | B54: 2. Dignificar la Vida de los habitantes del Distrito de Cartagena de Indias con el desarrollo y fortalecimiento de la infraestructura educativa, la calidad y la cobertura de la educación en las instituciones públicas, y la reducción de la pobreza multidimensional con la disminución del déficit habitacional, ampliación de la cobertura del saneamiento básico, y garantizando una vivienda digna para toda la población, durante el período de gobierno 2024-2027. | C54: VIDA DIGNA | D54: EDUCACION | E54: Incrementar la tasa de cobertura neta sin extraedad global al 95% | F54: Aula Global | G54: 02-02-12 | H54: Número de Instituciones Educativas Oficiales que mejoran en resultados de pruebas - EGMA (Early Grades Mathematics Assessment) | I54: Porcentaje | J54: N.D. | K54: Mejorar en quince (15) Instituciones Educativas las habilidades en matemáticas de las pruebas EGMA | L54: 0.5 | M54: Servicio | N54: 220100603 Establecimientos Educativos oficiales con acompañamiento en el marco de las estrategias de calidad educativa | O54: 15 | P54: NP | Q54: 1 | R54: 5 | S54: 5 | T54: 0 | U54: 5 | V54: =+Y54+Z54+AA54+AB54 -> 2 | X54: =+T54+U54+V54+W54 -> 7 | Y54: 0 | Z54: 2 | AC54: =(V54/R54)*L54 -> 0.2 | AD54: =(X54/O54)*L54 -> 0.23333333 | AE54: =V54/R54 -> 0.4 | AF54: =X54/O54 -> 0.46666667 | AI54: e llevó a cabo una reunión estratégica con el equipo de Offer y la Fundación Santo Domingo, con el propósito de gestionar y articular recursos técnicos, pedagógicos y financieros que permitan ampliar la cobertura de atención en las instituciones educativas. Durante el encuentro se analizaron las principales necesidades relacionadas con el fortalecimiento de los aprendizajes básicos, especialmente en estudiantes de los grados 3.° y 5.°, quienes presentan rezagos significativos en áreas fundamentales como lectura, escritura y matemáticas. Asimismo, se exploraron posibles líneas de acción conjuntas orientadas al diseño e implementación de estrategias pedagógicas innovadoras, acompañamiento docente y seguimiento continuo al progreso académico de los estudiantes. En el marco de esta alianza, se viene desarrollando un proceso de acompañamiento a las instituciones educativas de Ararca y Ecológico Barbacoas, enfocado en el fortalecimiento de los aprendizajes en lenguaje y matemáticas, con el fin de disminuir el rezago escolar en estudiantes de 2.°, 3.° y 5.° a través del Reto Offer 1. De igual manera, mediante el Reto Offer 2, se trabaja con estudiantes de grado 9.° para reducir las dificultades de aprendizaje en las áreas de lenguaje y matemáticas, incorporando además el componente socioemocional. Como resultado de estas acciones, en el Reto Offer 1 se han beneficiado 252 estudiantes y 13 docentes de las instituciones educativas de Ararca y Ecológico Barbacoas.
B55: Avance Programa Aula Global | AC55: =SUM(AC53:AC54) -> 0.4 | AD55: =SUM(AD53:AD54) -> 0.46666667 | AE55: =AVERAGE(AE53:AE54) -> 0.4 | AF55: =AVERAGE(AF53:AF54) -> 0.46666667
A56: 4. Educación de Calidad | B56: 2. Dignificar la Vida de los habitantes del Distrito de Cartagena de Indias con el desarrollo y fortalecimiento de la infraestructura educativa, la calidad y la cobertura de la educación en las instituciones públicas, y la reducción de la pobreza multidimensional con la disminución del déficit habitacional, ampliación de la cobertura del saneamiento básico, y garantizando una vivienda digna para toda la población, durante el período de gobierno 2024-2027. | C56: VIDA DIGNA | D56: EDUCACION | E56: Reducir la tasa de deserción en educación preescolar, básica y media de Instituciones Educativas Oficiales a 2,47% | F56: Formación Y Cualificación De Docentes Y Directivos Docentes | G56: 02-02-12 | H56: Número de docentes de Instituciones Educativas Oficiales formados en su saber disciplinar, pedagógico y reflexivo | I56: Porcentaje | J56: 974 docentes formados en su saber disciplinar pedagógico y reflexivp a corte 2023 fuente: Secretaría de Educación 2023 | K56: Formar a dos mil (2.000) docentes de Instituciones Educativas Oficiales en su saber disciplinar, pedagógico y reflexivo | L56: 0.5 | M56: Servicio | N56: 220107400 Docentes y agentes educativos de educación inicial, preescolar, básica y media beneficiados con estrategias de mejoramiento de sus capacidades | O56: 2000 | P56: 250 | Q56: 500 | R56: 500 | S56: 250 | T56: 350 | U56: 1315 | V56: =+Y56+Z56+AA56+AB56 -> 669 | X56: =+T56+U56+V56+W56 -> 2334 | Y56: 238 | Z56: 431 | AC56: 0.5 | AD56: 0.5 | AE56: 1 | AF56: 1 | AG56: 238 Docentes formatos en las siguientes tematicas: Desarrollo y mejoramiento de las habilidades en la lectura y escritura de estudiantes de primaria,Residuos Sólidos para Enseñar Conceptos Básicos de la Estadística Descriptiva y Estimular la Buena Conciencia Ambiental,Educación mediadas por las TIC,S, Matemáticas Recreativas | AI56: Se desarrolló taller con docentes con el objetivo de fortalecer sus capacidades de innovación pedagógica el taller de 40 horas ImpactoMaker, un programa de formación orientado a transformar ideas educativas en proyectos con impacto real mediante el uso estratégico de la inteligencia artificial. Esta iniciativa buscó fortalecer las competencias del siglo XXI, promover el uso significativo de la tecnología en la educación y aportar a la implementación de la Política Nacional de Inteligencia Artificial. El proyecto contó con el respaldo de Google.org y estuvo orientado a consolidar una comunidad educativa que, mediante la inteligencia artificial generativa, la cultura maker y metodologías creativas, desarrollara soluciones innovadoras frente a problemáticas de los contextos escolares. La participación fue de 431 docentes
A57: 4. Educación de Calidad | B57: 2. Dignificar la Vida de los habitantes del Distrito de Cartagena de Indias con el desarrollo y fortalecimiento de la infraestructura educativa, la calidad y la cobertura de la educación en las instituciones públicas, y la reducción de la pobreza multidimensional con la disminución del déficit habitacional, ampliación de la cobertura del saneamiento básico, y garantizando una vivienda digna para toda la población, durante el período de gobierno 2024-2027. | C57: VIDA DIGNA | D57: EDUCACION | E57: Reducir la tasa de deserción en educación preescolar, básica y media de Instituciones Educativas Oficiales a 2,47% | F57: Formación Y Cualificación De Docentes Y Directivos Docentes | G57: 02-02-13 | H57: Número de directivos docentes formados en liderazgo | I57: Porcentaje | J57: 0 Fuente: Secretaría de Educación, 2023. | K57: Formar a ciento (107) rectores de Insituciones Educativas Oficiales en liderazgo y gestión educativa | L57: 0.35 | M57: Servicio | N57: 220107401 Docentes y agentes educativos de educación inicial, preescolar, básica y media beneficiados con estrategias de mejoramiento de sus capacidades | O57: 107 | P57: 25 | Q57: 30 | R57: 27 | S57: 25 | T57: 78 | U57: 29 | V57: =+Y57+Z57+AA57+AB57 -> 41 | X57: =+T57+U57+V57+W57 -> 148 | Y57: 0 | Z57: 41 | AC57: 0.35 | AD57: 0.35 | AE57: 1 | AF57: 1 | AG57: Se programa para segundo trimestre. | AI57: Se llevó a cabo La conferencia titulada “Liderazgo Transformacional en Contextos Escolares” estuvo dirigida a directivos docentes y docentes de las Instituciones Educativas Oficiales del Distrito de Cartagena. Este importante espacio académico contó con la participación del conferencista Juan Manuel Ocoro Cuenju, magíster en Educación con énfasis en Calidad y Mejora de la Educación por la Universidad Autónoma de Madrid, quien compartió reflexiones, experiencias y estrategias orientadas al fortalecimiento del liderazgo educativo y la transformación de las prácticas institucionales en nuestras comunidades escolares. La participación fue de 41 directivos docentes.
A58: 4. Educación de Calidad | B58: 2. Dignificar la Vida de los habitantes del Distrito de Cartagena de Indias con el desarrollo y fortalecimiento de la infraestructura educativa, la calidad y la cobertura de la educación en las instituciones públicas, y la reducción de la pobreza multidimensional con la disminución del déficit habitacional, ampliación de la cobertura del saneamiento básico, y garantizando una vivienda digna para toda la población, durante el período de gobierno 2024-2027. | C58: VIDA DIGNA | D58: EDUCACION | E58: Reducir la tasa de deserción en educación preescolar, básica y media de Instituciones Educativas Oficiales a 2,47% | F58: Formación Y Cualificación De Docentes Y Directivos Docentes | G58: 02-02-14 | H58: Número de foros educativos distritales anuales realizados | I58: Porcentaje | J58: 4 foros elaborados en el cuatrienio 2020-2023 Fuente: Secretaría de Educación, 2023 | K58: Elaborar cuatro (4) foros educativos en el cuatrienio | L58: 0.15 | M58: Servicio | N58: 220103305 Eventos realizados | O58: 4 | P58: 1 | Q58: 1 | R58: 1 | S58: 1 | T58: 1 | U58: 1 | V58: =+Y58+Z58+AA58+AB58 -> 1 | X58: =+T58+U58+V58+W58 -> 3 | Y58: 0 | Z58: 1 | AC58: =(V58/R58)*L58 -> 0.15 | AD58: =(X58/O58)*L58 -> 0.1125 | AE58: =V58/R58 -> 1 | AF58: =X58/O58 -> 0.75 | AG58: Se realiza mesa de trabajo de preparación para el foro educativo. | AI58: Foro Educativo Distrital 2026, cuyo propósito es fortalecer la reflexión Pedagógica, el diálogo académico y la construcción colectiva de propuestas transformadoras para la educación en el territorio, conto con la participación de 325 docentes y directivos docentes en las mesas de trabajo del evento.
B59: Avance Programa Formación Y Cualificación De Docentes Y Directivos Docentes | AC59: =SUM(AC56:AC58) -> 1 | AD59: =SUM(AD56:AD58) -> 0.9625 | AE59: =AVERAGE(AE56:AE58) -> 1 | AF59: =AVERAGE(AF56:AF58) -> 0.91666667
A60: 4. Educación de Calidad | B60: 2. Dignificar la Vida de los habitantes del Distrito de Cartagena de Indias con el desarrollo y fortalecimiento de la infraestructura educativa, la calidad y la cobertura de la educación en las instituciones públicas, y la reducción de la pobreza multidimensional con la disminución del déficit habitacional, ampliación de la cobertura del saneamiento básico, y garantizando una vivienda digna para toda la población, durante el período de gobierno 2024-2027. | C60: VIDA DIGNA | D60: EDUCACION | E60: Reducir la tasa de deserción en educación preescolar, básica y media de Instituciones Educativas Oficiales a 2,47% | F60: Fortalecimiento De La Gestión Escolar En Las Instituciones Educativas Oficiales | G60: 02-02-13 | H60: Numero de Instituciones Educativas Oficiales, con asistencia tecnica en el proceso de actualización de sus modelos pedagógicos y curriculares | I60: Porcentaje | J60: 65 Instituciones Educativas Oficiales acompañadas en el proceso de actualización de sus modelos pedagógicos y curriculares a corte 2023 Fuente: Secretaría de Educación, 2023 | K60: Asistir técnicamente a ciento siete (107) Instituciones Educativas Oficiales en el proceso de actualización de sus modelos pedagógicos y curriculares | L60: 0.5 | M60: Servicio | N60: 220100602 Establecimientos Educativos oficiales con acompañamiento en el marco de las estrategias de calidad educativa | O60: 107 | P60: 65 | Q60: 14 | R60: 43 | S60: 40 | T60: 10 | U60: 14 | V60: =+Y60+Z60+AA60+AB60 -> 21 | X60: =+T60+U60+V60+W60 -> 45 | Y60: 10 | Z60: 11 | AC60: =(V60/R60)*L60 -> 0.24418605 | AD60: =(X60/O60)*L60 -> 0.21028037 | AE60: =V60/R60 -> 0.48837209 | AF60: =X60/O60 -> 0.42056075 | AG60: Continuamos con la Estrategia de Apoyo al Mejoramiento de la Calidad de la Educación- Escuelas que Aprenden, una iniciativa orientada a propiciar mayores oportunidades de aprendizaje para los estudiantes con la fundación Terpel: estrategia que se desarrolla mediante procesos de formación y asesoría a docentes y directivos docentes, enfocados en el fortalecimiento de aspectos clave como: liderazgo educativo, mejoramiento institucional, desarrollo curricular, enriquecimiento de las prácticas pedagógicas de aula, especialmente en las áreas de Lenguaje y Matemáticas y el fortalecimiento del vínculo entre la familia y la escuela: Institución Educativa Fredonia Institución Educativa José de La Vega Institución Educativa José María Córdoba Institución Educativa Técnica de Pasacaballos Institución Educativa Nuestra Señora del Buen Aire Institución Educativa Politécnico del Pozón Institución Educativa Rafael Nuñez Institución Educativa Santa María Institución Educativa Soledad Acosta de Samper Institución Educativa Antonio Nariño Se realizo proceso de entrevista con nuevas instituciones para la focalización de 10 IEO nuevas que inician proceso de acompañamiento en el segundo trimestre son: 1. Institución Educativa de Promoción Social 2. Institución Educativa 20 de Julio 3. Institución Educativa Foco Rojo 4. Institución Educativa Manuela Beltrán 5. Institución Educativa Manuela Vergara de Curí 6. Institución Educativa Nuestro Esfuerzo 7. Institución Educativa Olga González Arraut 8. Institución Educativa San Lucas 9. Institución Educativa San Francisco de Asís 10. Institución Educativa Omaira Sánchez Garzón | AI60: Continua el proceso de formación y asesoría a docentes y directivos docentes, enfocados en el fortalecimiento de aspectos clave como: liderazgo educativo, mejoramiento institucional, desarrollo curricular, enriquecimiento de las prácticas pedagógicas de aula, especialmente en las áreas de Lenguaje y Matemáticas y el fortalecimiento del vínculo entre la familia y la escuela. en las instituciones educativas que hacen parte del programa Escuelas que aprenden fase 9 acompañadas por la fundación Terpel: Institución Educativa Fredonia Institución Educativa José de La Vega Institución Educativa José María Córdoba Institución Educativa Técnica de Pasacaballos Institución Educativa Nuestra Señora del Buen Aire Institución Educativa Politécnico del Pozón Institución Educativa Rafael Nuñez Institución Educativa Santa María Institución Educativa Soledad Acosta de Samper Institución Educativa Antonio Nariño Institución Educativa maria Cano. Se realizó asistencia técnica a de directivos y docentes adscritos a la estrategia “Escuelas que Aprenden” fase 10: 1. Institución Educativa de Promoción Social 2. Institución Educativa 20 de Julio 3. Institución Educativa Foco Rojo 4. Institución Educativa Manuela Beltrán 5. Institución Educativa Manuela Vergara de Curí 6. Institución Educativa Nuestro Esfuerzo 7. Institución Educativa Olga González Arraut 8. Institución Educativa San Lucas 9. Institución Educativa San Francisco de Asís 10. Institución Educativa Omaira Sánchez Garzón Atendieron la jornada de 07:00 a 13:00 de la tarde, cuarenta (40) directivos docentes entre rectores, coordinadores y algunos docentes de IE focalizada para este fortalecimiento de directivos y de la mejora de calidad educativa, planteada en la carta de navegación de la actual administración de Cartagena. Aliado en este proceso la Fundación Terpel con apoyo pedagógico de Visión Social y logístico de Fundación Barco.
A61: 4. Educación de Calidad | B61: 2. Dignificar la Vida de los habitantes del Distrito de Cartagena de Indias con el desarrollo y fortalecimiento de la infraestructura educativa, la calidad y la cobertura de la educación en las instituciones públicas, y la reducción de la pobreza multidimensional con la disminución del déficit habitacional, ampliación de la cobertura del saneamiento básico, y garantizando una vivienda digna para toda la población, durante el período de gobierno 2024-2027. | C61: VIDA DIGNA | D61: EDUCACION | E61: Reducir la tasa de deserción en educación preescolar, básica y media de Instituciones Educativas Oficiales a 2,47% | F61: Fortalecimiento De La Gestión Escolar En Las Instituciones Educativas Oficiales | G61: 02-02-14 | H61: Sistema propio de información de la Gestión Escolar creado | I61: Porcentaje | J61: 0 Fuente: Secretaría de Educación, 2023. | K61: Crear un (1) sistema de información de la Gestión Escolar | L61: 0.1 | M61: Bien | N61: 220104800 Documentos elaborados | O61: 1 | P61: 0.25 | Q61: NP | R61: NP | S61: 0.25 | T61: 0 | U61: NP | V61: NP | X61: 0 | Y61: NP | Z61: NP | AC61: NP | AD61: =(X61/O61)*L61 -> 0 | AE61: NP | AF61: =X61/O61 -> 0 | AG61: No se programa para la vigencia. | AI61: NP
A62: 4. Educación de Calidad | B62: 2. Dignificar la Vida de los habitantes del Distrito de Cartagena de Indias con el desarrollo y fortalecimiento de la infraestructura educativa, la calidad y la cobertura de la educación en las instituciones públicas, y la reducción de la pobreza multidimensional con la disminución del déficit habitacional, ampliación de la cobertura del saneamiento básico, y garantizando una vivienda digna para toda la población, durante el período de gobierno 2024-2027. | C62: VIDA DIGNA | D62: EDUCACION | E62: Incrementar a 40% el porcentaje de las Instituciones Educativas Oficiales con oferta en Educación Inicial para la atención de la primera infancia | F62: Fortalecimiento De La Gestión Escolar En Las Instituciones Educativas Oficiales | G62: 02-02-15 | H62: Referentes técnicos de educación inicial y preescolar incorporados en PEI de instituciones educativas que ofertan los grados prejardín, jardín y transición | I62: Porcentaje | J62: 2 Instituciones Educativas Oficiales que incorporan los referentes técnicos de educación inicial y preescolar en los PEI de instituciones educativas que ofertan los grados prejardín, jardín y transición a corte 2023 Fuente: Secretaría de Educación, 2023 | K62: Incorporar los referentes técnicos de educación inicial y preescolar en los PEI de cuarenta (40) instituciones educativas que ofertan los grados prejardín, jardín y transición | L62: 0.4 | M62: Servicio | N62: 220103700 Instituciones educativas oficiales que implementan el nivel preescolar en el marco de la atención integral | O62: 40 | P62: 10 | Q62: 10 | R62: 10 | S62: 10 | T62: 10 | U62: 10 | V62: =+Y62+Z62+AA62+AB62 -> 10 | X62: =+T62+U62+V62+W62 -> 30 | Y62: 10 | Z62: 0 | AC62: 0.4 | AD62: 0.4 | AE62: 1 | AF62: 1 | AG62: 1. Asistencia técnica de acompañamiento y revisión de los procesos de ampliación curricular. IEO ASISTIDAS: IE. Ciudad de Tunja IE. Madre Gabriela IE. Politécnico del Pozón IE. Camilo Torres IE. 20 de Julio IE. Clemente Manuel Zabala IE. Villas de Aranjuez IE. Republica de Argentina IE. San Lucas IE. John F. Kennedy IE. Santa Maria IE. Villa Estrella IE. Liceo Bolivar IE. Manuela Vergara de Curis IE. Luis Carlos López | AI62: se desarrolla acompañamiento con el proyecto CEPE con aliado colectivo trazo en dos estrategias trasformando futuro objetivo es: Fortalecer la calidad de la educación inicial en Cartagena mediante el desarrollo de capacidades en la Secretaría de Educación y la mejora de las prácticas pedagógicas en seis instituciones piloto, implementando un currículo flexible que promueva los aprendizajes fundamentales y el desarrollo integral de los niños y niñas.
B63: Avance Programa Fortalecimiento De La Gestión Escolar En Las Instituciones Educativas Oficiales | AC63: =SUM(AC60:AC62) -> 0.64418605 | AD63: =SUM(AD60:AD62) -> 0.61028037 | AE63: =AVERAGE(AE60:AE62) -> 0.74418605 | AF63: =AVERAGE(AF60:AF62) -> 0.47352025
A64: 4. Educación de Calidad | B64: 2. Dignificar la Vida de los habitantes del Distrito de Cartagena de Indias con el desarrollo y fortalecimiento de la infraestructura educativa, la calidad y la cobertura de la educación en las instituciones públicas, y la reducción de la pobreza multidimensional con la disminución del déficit habitacional, ampliación de la cobertura del saneamiento básico, y garantizando una vivienda digna para toda la población, durante el período de gobierno 2024-2027. | C64: VIDA DIGNA | D64: EDUCACION | E64: Incrementar la participación de los egresados de las Instituciones Educativas Oficiales en la tasa de absorción de educación superior del Distrito a 30% | F64: Unidos Por El Sueño Superior | G64: 02-02-14 | H64: Número de estudiantes egresados de Instituciones Educativas Oficiales y con matrícula contratada becados en educación superior | I64: Porcentaje | J64: 3.250 estudiantes egresados de Instituciones Educativas Oficiales y con matrícula contratada que acceden a becas de educación superior a corte 2023 Fuente: Secretaría de Educación, 2023 | K64: Becar en educación superior a nueve mil (9.000) estudiantes egresados de Instituciones Educativas Oficiales y con matrícula contratada | L64: 0.4 | M64: Servicio | N64: 220206200 Beneficiarios de estrategias o programas de fomento para el acceso a la educación superior | O64: 9000 | P64: 1200 | Q64: 2600 | R64: 3441 | S64: 3000 | T64: 1123 | U64: 1436 | V64: =+Y64+Z64+AA64+AB64 -> 1305 | X64: =+T64+U64+V64+W64 -> 3864 | Y64: 1022 | Z64: 283 | AC64: =(V64/R64)*L64 -> 0.15170009 | AD64: =(X64/O64)*L64 -> 0.17173333 | AE64: =V64/R64 -> 0.37925022 | AF64: =X64/O64 -> 0.42933333 | AG64: Se evidencian avances a través de dos estrategias principales orientadas a la ampliación de cobertura en educación superior en el Distrito de Cartagena. En primer lugar, mediante la convocatoria 2026-1 del Fondo Educativo Cartagena 500 años, se otorgaron becas en las siguientes líneas: Línea Pilo “Ser Pilo Va Cartagena”: 30 becas, por un valor de $1.466.213.878,79, cubriendo el 100% del costo de la carrera. Línea Bicentenario: 175 becas, por un valor de $6.115.312.024,30. Lo anterior representa un total de 205 becas asignadas, contribuyendo directamente al cumplimiento de la meta producto. En segundo lugar, se desarrolló la convocatoria del programa “La U a tu Localidad”, mediante la cual se logró el ingreso de 817 estudiantes a programas de educación superior en Unitecnar y la Institución Universitaria Mayor de Cartagena, fortaleciendo el acceso y permanencia de la población beneficiaria. Consolidado del trimestre (enero – marzo 2026): Total beneficiarios atendidos: 1.022 estudiantes 205 estudiantes becados (Fondo Cartagena 500 años) 817 estudiantes vinculados (La U a tu Localidad) Estos resultados evidencian avances significativos en la estrategia de ampliación de cobertura en educación superior, aportando de manera progresiva al cumplimiento de la meta establecida. Para constancia de lo anterior, se anexan los informes correspondientes a la convocatoria 2026-1 del Fondo Educativo Cartagena 500 años y del programa “La U a tu Localidad” como documentos soporte. | AI64: Durante el segundo trimestre de 2026 se reportó un avance de 283 estudiantes beneficiados con becas de educación superior, de acuerdo con la información suministrada por el Servicio Nacional de Aprendizaje (SENA), correspondiente a egresados de Instituciones Educativas Oficiales y con matrícula contratada. Este reporte fue incorporado al seguimiento de la meta
A65: 4. Educación de Calidad | B65: 2. Dignificar la Vida de los habitantes del Distrito de Cartagena de Indias con el desarrollo y fortalecimiento de la infraestructura educativa, la calidad y la cobertura de la educación en las instituciones públicas, y la reducción de la pobreza multidimensional con la disminución del déficit habitacional, ampliación de la cobertura del saneamiento básico, y garantizando una vivienda digna para toda la población, durante el período de gobierno 2024-2027. | C65: VIDA DIGNA | D65: EDUCACION | E65: Incrementar a 67% el porcentaje de Instituciones Educativas Oficiales que cuentan con fortalecimiento de educación inclusiva | F65: Unidos Por El Sueño Superior | G65: 02-02-15 | H65: Número de estudiantes egresados de Instituciones Educativas Oficiales y con matrícula contratada becados con becas inclusivas en educación superior (víctimas, NARP, con discapacidad, indígenas) | I65: Porcentaje | J65: 228 estudiantes egresados de Instituciones Educativas Oficiales y con matrícula contratada becados con becas inclusivas en educación superior a corte 2023 Fuente: secretaría de Educación, 2023 | K65: Becar en educación superior a quinientos cuarenta y cuatro (544) estudiantes egresados de Instituciones Educativas Oficiales y con matricula contratada, con becas inclusivas | L65: 0.15 | M65: Servicio | N65: 220206205 Beneficiarios de estrategias de fomento a la educación inclusiva | O65: 544 | P65: 100 | Q65: 148 | R65: 148 | S65: 148 | T65: 100 | U65: 100 | V65: =+Y65+Z65+AA65+AB65 -> 46 | X65: =+T65+U65+V65+W65 -> 246 | Y65: 46 | Z65: 0 | AC65: =(V65/R65)*L65 -> 0.046621622 | AD65: =(X65/O65)*L65 -> 0.067830882 | AE65: =V65/R65 -> 0.31081081 | AF65: =X65/O65 -> 0.45220588 | AG65: Se desarrolló la convocatoria dirigida a población en condición de vulnerabilidad. Esta convocatoria estuvo orientada a garantizar el acceso a la educación superior de grupos priorizados, incluyendo personas pertenecientes a cabildos indígenas, consejos comunitarios, población con discapacidad, personas con experiencia de vida trans, deportistas y víctimas del conflicto armado en el Distrito de Cartagena . Como resultado del proceso, se asignaron un total de 100 becas inclusivas. No obstante, en cumplimiento de los criterios de reporte establecidos en el plan de acción, específicamente en lo relacionado con la segregación del capítulo étnico (becas NAR e indígenas), en esta línea de seguimiento se registran 46 becas, correspondientes a población no incluida en dicho capítulo. Las 54 becas restantes serán reportadas en el componente étnico, conforme a la estructura de seguimiento definida. Se anexa como evidencia el informe del fondo educativo Cartagena 500 años Convocatoria. | AI65: NO SE PRESENTAN AVANCES
A66: 4. Educación de Calidad | B66: 2. Dignificar la Vida de los habitantes del Distrito de Cartagena de Indias con el desarrollo y fortalecimiento de la infraestructura educativa, la calidad y la cobertura de la educación en las instituciones públicas, y la reducción de la pobreza multidimensional con la disminución del déficit habitacional, ampliación de la cobertura del saneamiento básico, y garantizando una vivienda digna para toda la población, durante el período de gobierno 2024-2027. | C66: VIDA DIGNA | D66: EDUCACION | E66: Incrementar a 67% el porcentaje de Instituciones Educativas Oficiales que cuentan con fortalecimiento de educación inclusiva | F66: Unidos Por El Sueño Superior | G66: 02-02-16 | H66: Número de estudiantes de media técnica graduados con doble titulación | I66: Porcentaje | J66: 2.136 estudiantes de media técnica graduados con doble titulación a corte 2023 Fuente: Secretaría de Educación, 2023 | K66: Graduar doce mil (12.000) estudiantes de media técnica con doble titulación | L66: 0.1 | M66: Servicio | N66: 220103500 Programas y proyectos de educación pertinente articulados con el sector productivo | O66: 12000 | P66: 2700 | Q66: 3100 | R66: 3000 | S66: 2891 | T66: 2705 | U66: 3404 | V66: =+Y66+Z66+AA66+AB66 -> 0 | X66: =U66+V66+W66+T66 -> 6109 | Y66: 0 | Z66: 0 | AC66: =(V66/R66)*L66 -> 0 | AD66: =(X66/O66)*L66 -> 0.050908333 | AE66: =V66/R66 -> 0 | AF66: =X66/O66 -> 0.50908333 | AG66: No se reportan avances cuantitativos, teniendo en cuenta que este periodo estuvo orientado a la articulación institucional y al proceso de cierre de matrículas de los estudiantes vinculados a los programas de media técnica. En este sentido, las acciones desarrolladas se centraron en la coordinación con las Instituciones Educativas para la consolidación de la matrícula y organización de la oferta académica, etapa previa indispensable para la ejecución del proceso formativo y posterior graduación. Dado que la naturaleza de esta meta implica resultados al finalizar el ciclo académico, los avances en términos de estudiantes graduados serán reportados en los siguientes trimestres, conforme a la información suministrada por las instituciones responsables de la implementación. Por lo anterior, se encuentra pendiente el reporte oficial de las instituciones educativas, el cual permitirá evidenciar el progreso de esta intervención en los próximos periodos de seguimiento. | AI66: En relación con los estudiantes graduados con doble titulación, el avance de esta meta solo puede evidenciarse al cierre de la vigencia, dado que la obtención del título está sujeta a la culminación del proceso de formación académica y al cumplimiento de los requisitos de graduación establecidos por las instituciones educativas y las entidades formadoras
A67: 4. Educación de Calidad | B67: 2. Dignificar la Vida de los habitantes del Distrito de Cartagena de Indias con el desarrollo y fortalecimiento de la infraestructura educativa, la calidad y la cobertura de la educación en las instituciones públicas, y la reducción de la pobreza multidimensional con la disminución del déficit habitacional, ampliación de la cobertura del saneamiento básico, y garantizando una vivienda digna para toda la población, durante el período de gobierno 2024-2027. | C67: VIDA DIGNA | D67: EDUCACION | E67: Incrementar a 67% el porcentaje de Instituciones Educativas Oficiales que cuentan con fortalecimiento de educación inclusiva | F67: Unidos Por El Sueño Superior | G67: 02-02-17 | H67: Número de Instituciones Educativas Oficiales con media técnica y académicas con doble titulación implementada | I67: Porcentaje | J67: 16 Instituciones Educativas Oficiales con doble titulación Fuente: Secretaría de Educación, 2023 | K67: Implementar doble titulación en veinticinco (25) Instituciones Educativas Oficiales con media técnica e Instituciones Educativas oficiales académicas | L67: 0.05 | M67: Servicio | N67: 220103501 Proyectos de investigación desarrollados de forma conjunta entre las Instituciones de educación media y el sector productivo | O67: 25 | P67: 7 | Q67: 6 | R67: 4 | S67: 3 | T67: 5 | U67: 13 | V67: =+Y67+Z67+AA67+AB67 -> 0 | X67: =+T67+U67+V67+W67 -> 18 | Y67: 0 | Z67: 0 | AC67: =(V67/R67)*L67 -> 0 | AD67: =(X67/O67)*L67 -> 0.036 | AE67: =V67/R67 -> 0 | AF67: =X67/O67 -> 0.72 | AI67: Durante el trimestre reportado se adelantaron conversaciones y acciones de articulación con las Instituciones Educativas Oficiales Cecilia Porras e IE Pies Descalzos, con el propósito de evaluar su posible vinculación a la estrategia de Media Técnica en la siguiente vigencia. Es importante resaltar que la apertura de un programa de Media Técnica en una Institución Educativa Oficial responde a un proceso de planeación que se desarrolla durante el año, el cual comprende el análisis de la pertinencia de la oferta, la identificación de las necesidades del contexto, la definición de los programas de formación y la articulación con las entidades aliadas, previo al inicio de su implementación.
A68: 4. Educación de Calidad | B68: 2. Dignificar la Vida de los habitantes del Distrito de Cartagena de Indias con el desarrollo y fortalecimiento de la infraestructura educativa, la calidad y la cobertura de la educación en las instituciones públicas, y la reducción de la pobreza multidimensional con la disminución del déficit habitacional, ampliación de la cobertura del saneamiento básico, y garantizando una vivienda digna para toda la población, durante el período de gobierno 2024-2027. | C68: VIDA DIGNA | D68: EDUCACION | E68: Incrementar a 67% el porcentaje de Instituciones Educativas Oficiales que cuentan con fortalecimiento de educación inclusiva | F68: Unidos Por El Sueño Superior | G68: 02-02-18 | H68: Numero de Instituciones Educativas Oficiales con nodos de media técnica asistidas con programas pilotos de bilingüismo | I68: Porcentaje | J68: 0 Fuente: Secretaría de Educación, 2023. | K68: Asistir con programas piloto de bilingüismo a cinco (5) Instituciones Educativas Oficiales con nodos de media técnica | L68: 0.1 | M68: Servicio | N68: 220208500 Instituciones de educación superior fortalecidas en competencias comunicativas en idiomas extranjeros | O68: 5 | P68: NP | Q68: 2 | R68: 3 | S68: 2 | T68: 0 | U68: 0 | V68: =+Y68+Z68+AA68+AB68 -> 0 | X68: =+T68+U68+V68+W68 -> 0 | Y68: 0 | Z68: 0 | AC68: =(V68/R68)*L68 -> 0 | AD68: =(X68/O68)*L68 -> 0 | AE68: =V68/R68 -> 0 | AF68: =X68/O68 -> 0 | AG68: No se reportan avances cuantitativos. Lo anterior obedece a que actualmente se encuentra en proceso la recolección y validación de información relacionada con los estudiantes de los grados 9°, 10° y 11° que se encuentran cursando formación en inglés a través del SENA, insumo fundamental para la estructuración e implementación de los programas piloto. | AI68: No se registraron avances en el cumplimiento de la meta durante el período reportado, debido a que la entidad se encontraba en período de Ley de Garantías, lo cual limitó la continuidad del proceso de suscripción del convenio entre la Secretaría de Educación y el SENA. En consecuencia, el trámite quedó pendiente de revisión en la Secretaría General y se está a la espera de la culminación de las restricciones establecidas por la Ley de Garantías para retomar el proceso y continuar con las actuaciones correspondientes.
A69: 4. Educación de Calidad | B69: 2. Dignificar la Vida de los habitantes del Distrito de Cartagena de Indias con el desarrollo y fortalecimiento de la infraestructura educativa, la calidad y la cobertura de la educación en las instituciones públicas, y la reducción de la pobreza multidimensional con la disminución del déficit habitacional, ampliación de la cobertura del saneamiento básico, y garantizando una vivienda digna para toda la población, durante el período de gobierno 2024-2027. | C69: VIDA DIGNA | D69: EDUCACION | E69: Incrementar a 67% el porcentaje de Instituciones Educativas Oficiales que cuentan con fortalecimiento de educación inclusiva | F69: Unidos Por El Sueño Superior | G69: 02-02-19 | H69: Número de estudiantes con formación técnica para el trabajo y el desarrollo humano | I69: Porcentaje | J69: 56 estudiantes con formación técnica para el trabajo y el desarrollo humano a corte 2023 Fuente: Secretaría de Educación, 2023 | K69: Formar a quinientos (500) estudiantes en educación técnica para el trabajo y el desarrollo humano | L69: 0.15 | M69: Servicio | N69: 220203900 Entidades o instituciones de educación acompañadas en el mejoramiento de la calidad y la pertinencia de la Educación para el Trabajo y Desarrollo Humano- ETDH | O69: 500 | P69: 125 | Q69: 125 | R69: 125 | S69: 125 | T69: 113 | U69: 44 | V69: =+Y69+Z69+AA69+AB69 -> 0 | X69: =+T69+U69+V69+W69 -> 157 | Y69: 0 | Z69: 0 | AC69: =(V69/R69)*L69 -> 0 | AD69: =(X69/O69)*L69 -> 0.0471 | AE69: =V69/R69 -> 0 | AF69: =X69/O69 -> 0.314 | AG69: No se reportan avances cuantitativos. Lo anterior obedece a que, durante el periodo evaluado, se adelantaron actividades relacionadas con el cierre de convocatorias anteriores y la estructuración del proceso para la nueva convocatoria correspondiente a la vigencia 2026, etapa necesaria para dar inicio a la ejecución de la meta. En consecuencia, los avances serán reportados en los siguientes periodos, una vez se dé apertura a la convocatoria y se formalice la vinculación de los estudiantes beneficiarios. | AI69: Durante el segundo trimestre de 2026 no se reportan avances cuantitativos en el indicador, debido a que el componente concentró su gestión en el seguimiento técnico, administrativo, financiero y operativo de la convocatoria 2025-1, garantizando los procesos de legalización, permanencia, renovación y gestión de giros de los beneficiarios en articulación con ICETEX y las Instituciones de Formación para el Trabajo y el Desarrollo Humano. De manera paralela, se adelantó la estructuración técnica, operativa y presupuestal de la convocatoria 2026-2, incluyendo la consolidación de la oferta institucional, la definición de la ruta de trabajo y la actualización de los requerimientos presupuestales, así como el inicio de las acciones para el proceso de condonación de créditos. Estas actividades constituyen la fase preparatoria indispensable para la apertura de la nueva convocatoria y permitirán el reporte de avances cuantitativos en los próximos periodos, una vez se formalice la vinculación de los nuevos beneficiarios.
A70: 4. Educación de Calidad | B70: 2. Dignificar la Vida de los habitantes del Distrito de Cartagena de Indias con el desarrollo y fortalecimiento de la infraestructura educativa, la calidad y la cobertura de la educación en las instituciones públicas, y la reducción de la pobreza multidimensional con la disminución del déficit habitacional, ampliación de la cobertura del saneamiento básico, y garantizando una vivienda digna para toda la población, durante el período de gobierno 2024-2027. | C70: VIDA DIGNA | D70: EDUCACION | E70: Incrementar a 67% el porcentaje de Instituciones Educativas Oficiales que cuentan con fortalecimiento de educación inclusiva | F70: Unidos Por El Sueño Superior | G70: 02-02-20 | H70: Número de voluntarios universitarios que acompañan a los estudiantes de las Instituciones Educativas Oficiales en el fortalecimiento de sus competencias | I70: Porcentaje | J70: N.D. | K70: Vincular a doscientos (200) voluntarios universitarios para acompañamiento a los estudiantes de las Instituciones Educativas Oficiales en el fortalecimiento de sus competencias | L70: 0.05 | M70: Servicio | N70: 220207000 Contenidos educativos para la educación superior producidos | O70: 200 | P70: NP | Q70: 70 | R70: 70 | S70: 60 | T70: 0 | U70: 0 | V70: =+Y70+Z70+AA70+AB70 -> 0 | X70: =+T70+U70+V70+W70 -> 0 | Y70: 0 | Z70: 0 | AC70: =(V70/R70)*L70 -> 0 | AD70: =(X70/O70)*L70 -> 0 | AE70: =V70/R70 -> 0 | AF70: =X70/O70 -> 0 | AG70: No se reportan avances cuantitativos. Lo anterior obedece a que el proceso de vinculación se encuentra supeditado a la emisión de concepto jurídico por parte de la Oficina Asesora Jurídica del Distrito, relacionado con el pago de la seguridad social de los voluntarios. En consecuencia, el inicio de las acciones operativas y la vinculación de los voluntarios quedarán sujetos a la definición de este concepto, por lo cual los avances serán reportados en los siguientes periodos de seguimiento. | AI70: Durante el segundo trimestre de 2026 no se reportan avances cuantitativos en el indicador, debido a que la vinculación de los voluntarios universitarios continúa supeditada a la definición del mecanismo jurídico y administrativo que permita garantizar la afiliación y el pago de la seguridad social. No obstante, se registraron avances significativos en la estructuración del proceso, mediante la realización de mesas de trabajo interinstitucionales y la elaboración del proyecto de decreto de delegación para habilitar la competencia de la Secretaría de Educación Distrital en materia de ordenación del gasto y actuaciones administrativas relacionadas con la cobertura de riesgos laborales. Dicho proyecto fue remitido a la Oficina Asesora Jurídica para su revisión y trámite, constituyéndose en un avance preparatorio que permitirá dar inicio a la vinculación de los voluntarios una vez se surtan las aprobaciones correspondientes.
B71: Avance Programa Unidos Por El Sueño Superior | AC71: =SUM(AC64:AC70) -> 0.19832171 | AD71: =SUM(AD64:AD70) -> 0.37357255 | AE71: =AVERAGE(AE64:AE70) -> 0.098580147 | AF71: =AVERAGE(AF64:AF70) -> 0.34637465
A72: 4. Educación de Calidad | B72: 2. Dignificar la Vida de los habitantes del Distrito de Cartagena de Indias con el desarrollo y fortalecimiento de la infraestructura educativa, la calidad y la cobertura de la educación en las instituciones públicas, y la reducción de la pobreza multidimensional con la disminución del déficit habitacional, ampliación de la cobertura del saneamiento básico, y garantizando una vivienda digna para toda la población, durante el período de gobierno 2024-2027. | C72: VIDA DIGNA | D72: EDUCACION | E72: Reducir la tasa de deserción en educación preescolar, básica y media de Instituciones Educativas Oficiales a 2,47% | F72: Avanzamos En El Fortalecimiento Institucional De La Secretaría De Educación | G72: 02-02-15 | H72: Numero de políticas armonizadas del Modelo Integrado de Planeación y Gestión – MIPG en la SED | I72: Porcentaje | J72: Una (1) política armonizada (Fortalecimiento organizacional y simplificación de procesos) a corte 2023 Fuente: Secretaría de Educación, 2023 | K72: Armonizar las diecinueve (19) políticas del Modelo Integrado de Planeación y Gestión - MIPG en la Secretaría de Educación | L72: 0.25 | M72: Servicio | N72: 229906000 Sistema de Gestión implementado | O72: 19 | P72: 1 | Q72: 8 | R72: 8 | S72: 2 | T72: 0.912 | U72: 7.024 | V72: =+Y72+Z72+AA72+AB72 -> 3 | X72: =+T72+U72+V72+W72 -> 10.936 | Y72: 0.17 | Z72: 2.83 | AC72: =(V72/R72)*L72 -> 0.09375 | AD72: =(X72/O72)*L72 -> 0.14389474 | AE72: =V72/R72 -> 0.375 | AF72: =X72/O72 -> 0.57557895 | AG72: Avances en las mesas de trabajo inicial con los responsables de liderar las políticas de: Gobierno Digital, Seguidad Digital e Información Estadísitica. | AI72: Validación de las políticas de: Gestión Presupuestal y Eficiencia del Gasto Público / Participación Ciudadana en la Gestión Pública Transparencia, acceso a la información y lucha contra la corrupción
A73: 4. Educación de Calidad | B73: 2. Dignificar la Vida de los habitantes del Distrito de Cartagena de Indias con el desarrollo y fortalecimiento de la infraestructura educativa, la calidad y la cobertura de la educación en las instituciones públicas, y la reducción de la pobreza multidimensional con la disminución del déficit habitacional, ampliación de la cobertura del saneamiento básico, y garantizando una vivienda digna para toda la población, durante el período de gobierno 2024-2027. | C73: VIDA DIGNA | D73: EDUCACION | E73: Reducir la tasa de deserción en educación preescolar, básica y media de Instituciones Educativas Oficiales a 2,47% | F73: Avanzamos En El Fortalecimiento Institucional De La Secretaría De Educación | G73: 02-02-16 | H73: Reorganización administrativa y de procesos de la Secretaría de Educación diseñada, aprobada e implementada | I73: Porcentaje | J73: Estructura de la Secretaría que data del año 2006 Fuente: Alcaldía Mayor de Cartagena, 2006 | K73: Diseñar, aprobar e implementar una (1) nueva estructura administrativa y de procesos de la Secretaría de Educación | L73: 0.2 | M73: Servicio | N73: 229907400 Sistema de gestión actualizado | O73: 1 | P73: 0.25 | Q73: 0.25 | R73: 0.25 | S73: 0.25 | T73: 0.25 | U73: 0.075 | V73: =+Y73+Z73+AA73+AB73 -> 5e-05 | X73: =+T73+U73+V73+W73 -> 0.32505 | Y73: 5e-05 | Z73: 0 | AC73: =(V73/R73)*L73 -> 4e-05 | AD73: =(X73/O73)*L73 -> 0.06501 | AE73: =V73/R73 -> 0.0002 | AF73: =X73/O73 -> 0.32505 | AG73: Revisión Plan de trabajo con la orientación de la Dirección de Talento Humano - AMC.
A74: 4. Educación de Calidad | B74: 2. Dignificar la Vida de los habitantes del Distrito de Cartagena de Indias con el desarrollo y fortalecimiento de la infraestructura educativa, la calidad y la cobertura de la educación en las instituciones públicas, y la reducción de la pobreza multidimensional con la disminución del déficit habitacional, ampliación de la cobertura del saneamiento básico, y garantizando una vivienda digna para toda la población, durante el período de gobierno 2024-2027. | C74: VIDA DIGNA | D74: EDUCACION | E74: Reducir la tasa de deserción en educación preescolar, básica y media de Instituciones Educativas Oficiales a 2,47% | F74: Avanzamos En El Fortalecimiento Institucional De La Secretaría De Educación | G74: 02-02-17 | H74: Sistema de seguimiento y aseguramiento de la calidad del servicio educativo a través del ejercicio de la inspección y vigilancia, diseñado e implementado | I74: Porcentaje | J74: 0 Fuente: Secretaría de Educación, 2023. | K74: Diseñar e implementar un (1) sistema de seguimiento y aseguramiento a la calidad del servicio educativo a través del ejercicio de la inspección, vigilancia y control | L74: 0.15 | M74: Servicio | N74: 220101401 Informes de inspección vigilancia y control del sector educativo | O74: 1 | P74: 0.25 | Q74: 0.25 | R74: 0.35 | S74: 0.25 | T74: 0 | U74: 0.501 | V74: =+Y74+Z74+AA74+AB74 -> 0.15 | X74: =+T74+U74+V74+W74 -> 0.651 | Y74: 0 | Z74: 0.15 | AC74: =(V74/R74)*L74 -> 0.064285714 | AD74: =(X74/O74)*L74 -> 0.09765 | AE74: =V74/R74 -> 0.42857143 | AF74: =X74/O74 -> 0.651 | AI74: Durante el segundo trimestre de 2026 se avanzó en la ejecución física del producto mediante la actualización técnica del proyecto, la gestión precontractual para la adquisición de equipos tecnológicos y la expedición del Certificado de Disponibilidad Presupuestal y del Registro Presupuestal. Estas actuaciones fortalecen las condiciones para la implementación del sistema de seguimiento y aseguramiento de la calidad del servicio educativo a través de la función de inspección y vigilancia, conforme a la programación establecida para la vigencia.Como resultado, se expidieron el Certificado de Disponibilidad Presupuestal y el Registro Presupuestal, constituyéndose compromisos por valor de $22.950.000. Al cierre del trimestre el producto registra un avance acumulado de 0,15, equivalente al 42,86 % de la meta programada para la vigencia 2026 y al 65,10 % de la meta del cuatrienio.
A75: 4. Educación de Calidad | B75: 2. Dignificar la Vida de los habitantes del Distrito de Cartagena de Indias con el desarrollo y fortalecimiento de la infraestructura educativa, la calidad y la cobertura de la educación en las instituciones públicas, y la reducción de la pobreza multidimensional con la disminución del déficit habitacional, ampliación de la cobertura del saneamiento básico, y garantizando una vivienda digna para toda la población, durante el período de gobierno 2024-2027. | C75: VIDA DIGNA | D75: EDUCACION | E75: Reducir la tasa de deserción en educación preescolar, básica y media de Instituciones Educativas Oficiales a 2,47% | F75: Avanzamos En El Fortalecimiento Institucional De La Secretaría De Educación | G75: 02-02-18 | H75: Plan de Bienestar y Protección para los funcionarios del sector educativo de Cartagena implementado | I75: Porcentaje | J75: 1 Plan de Bienestar y Protección para los funcionarios del sector eduactivo existente Fuente: Secretaría de Educación, 2023 | K75: Implementar un (1) Plan de Bienestar y protección otorgados a los funcionarios del Sector Educativo de Cartagena | L75: 0.4 | M75: Servicio | N75: 229905601 Actos administrativos elaborados | O75: 1 | P75: 0.25 | Q75: 0.25 | R75: 0.25 | S75: 0.25 | T75: 0.25 | U75: 0.25 | V75: =+Y75+Z75+AA75+AB75 -> 0.2034 | X75: =+T75+U75+V75+W75 -> 0.7034 | Y75: 0.0581 | Z75: 0.1453 | AC75: =(V75/R75)*L75 -> 0.32544 | AD75: =(X75/O75)*L75 -> 0.28136 | AE75: =V75/R75 -> 0.8136 | AF75: =X75/O75 -> 0.7034
B76: Avance Programa Avanzamos En El Fortalecimiento Institucional De La Secretaría De Educación | AC76: =SUM(AC72:AC75) -> 0.48351571 | AD76: =SUM(AD72:AD75) -> 0.58791474 | AE76: =AVERAGE(AE72:AE75) -> 0.40434286 | AF76: =AVERAGE(AF72:AF75) -> 0.56375724
A77: 4. Educación de Calidad | B77: 2. Dignificar la Vida de los habitantes del Distrito de Cartagena de Indias con el desarrollo y fortalecimiento de la infraestructura educativa, la calidad y la cobertura de la educación en las instituciones públicas, y la reducción de la pobreza multidimensional con la disminución del déficit habitacional, ampliación de la cobertura del saneamiento básico, y garantizando una vivienda digna para toda la población, durante el período de gobierno 2024-2027. | C77: VIDA DIGNA | D77: EDUCACION | E77: Incrementar la tasa de cobertura neta sin extraedad global al 95% | F77: Cartagena, Territorio Digital | G77: 02-02-16 | H77: Número de sedes educativas con conectividad escolar implementada | I77: Porcentaje | J77: 105 sedes educativas con conectividad escolar a corte 2023 Fuente: Secretaría de Educación, 2023 | K77: Implementar conectividad escolar en ciento cincuenta (150) sedes educativas del Distrito | L77: 0.3 | M77: Servicio | N77: 220105001 Establecimientos educativos conectados a internet | O77: 150 | P77: 40 | Q77: 150 | R77: 150 | S77: 150 | T77: 49 | U77: 101 | V77: 150 | X77: =+T77+U77+V77+W77 -> 300 | Y77: 150 | Z77: 0 | AC77: =(V77/R77)*L77 -> 0.3 | AD77: 0.3 | AE77: =V77/R77 -> 1 | AF77: 1 | AG77: Nos encontramos en fase de ejecución, realizando la instalación del servicio de internet dando cumplimiento de los términos establecidos en la Orden de Compra No. 161882, con el fin de garantizar la adecuada prestación del servicio de internet en las sedes educativas. Se han establecido con aliados la conectividad de 26 sedes educativas con internet gratuito permanente a través de la alianza con CLARO y BBVA, así mismo se cuenta con las 23 sedes educativas conectadas a través del programa de centros digitales y por último se llevó a cabo la contratación del servicio de internet para 120 sedes educativas, en el marco del programa de conectividad escolar del Ministerio de Educación. Dicha contratación se efectuó a través de la Orden de Compra No. 161882. | AI77: Con corte a junio 30 de 2026, la actividad se encuentra en fase de ejecución, conforme a la Orden de Compra No. 161882. Asimismo, se ha gestionado conectividad para 26 sedes mediante alianzas con CLARO y BBVA, 23 sedes a través del programa Centros Digitales y 120 sedes en el marco del programa de conectividad escolar del Ministerio de Educación Nacional.
A78: 4. Educación de Calidad | B78: 2. Dignificar la Vida de los habitantes del Distrito de Cartagena de Indias con el desarrollo y fortalecimiento de la infraestructura educativa, la calidad y la cobertura de la educación en las instituciones públicas, y la reducción de la pobreza multidimensional con la disminución del déficit habitacional, ampliación de la cobertura del saneamiento básico, y garantizando una vivienda digna para toda la población, durante el período de gobierno 2024-2027. | C78: VIDA DIGNA | D78: EDUCACION | E78: Incrementar la tasa de cobertura neta sin extraedad global al 95% | F78: Cartagena, Territorio Digital | G78: 02-02-17 | H78: Número de aulas RTCi para el desarrollo de competencias digitales en las Instituciones Educativas Oficiales habilitadas | I78: Porcentaje | J78: 1 aula RTCi habilitada en las Instituciones Educativas Oficiales a corte 2023 Fuente: Secretaría de Educación, 2023 | K78: Habilitar ocho (8) aulas RTCi para el desarrollo de competencias digitales en las Instituciones educativas Oficiales | L78: 0.4 | M78: Servicio | N78: 220106904 Sedes dotadas con dispositivos tecnológicos | O78: 8 | P78: 2 | Q78: 2 | R78: 3 | S78: 3 | T78: 0 | U78: 2 | V78: =+Y78+Z78+AA78+AB78 -> 17 | X78: =+T78+U78+V78+W78 -> 19 | Y78: 0 | Z78: 17 | AC78: 0.4 | AD78: 0.4 | AE78: 1 | AF78: 1 | AG78: Con corte al primer trimestre de la vigencia 2026, nos encontramos en la gestión de incorporación de recursos y el fortalecimiento de alianzas con actores estratégicos, que permitían dar inicio a la ejecución de la actividad. | AI78: Con corte al 30 de junio de 2026, en articulación con Computadores para Educar y la estrategia Tecnologías para Aprender, se avanzó en la gestión de la dotación tecnológica destinada al fortalecimiento de los Centros de Interés e iniciativas escolares focalizadas en Cartagena. Para ello, se priorizaron 17 sedes educativas oficiales y se consolidó la relación definitiva de elementos tecnológicos, entre los que se incluyen portátiles, pantallas interactivas/Smart TV, laboratorios de innovación maker, kits STEM, sensores Arduino y Micro:bit, kits Raspberry Pi, filamentos, kit audiovisual, computador de escritorio y disco duro externo, orientados al desarrollo de proyectos pedagógicos mediados por tecnología.
A79: 4. Educación de Calidad | B79: 2. Dignificar la Vida de los habitantes del Distrito de Cartagena de Indias con el desarrollo y fortalecimiento de la infraestructura educativa, la calidad y la cobertura de la educación en las instituciones públicas, y la reducción de la pobreza multidimensional con la disminución del déficit habitacional, ampliación de la cobertura del saneamiento básico, y garantizando una vivienda digna para toda la población, durante el período de gobierno 2024-2027. | C79: VIDA DIGNA | D79: EDUCACION | E79: Incrementar la tasa de cobertura neta sin extraedad global al 95% | F79: Cartagena, Territorio Digital | G79: 02-02-18 | H79: Número de Instituciones Educativas Oficiales asistidas en las prácticas de ciencia, innovación y tecnología | I79: Porcentaje | J79: 2 Instituciones Educativas Oficiales asistidas en las prácticas de ciencia, innovación y tecnología a corte 2023 Fuente: Secretaría de Educación, 2023 | K79: Asistir a ochenta y cinco (85) Instituciones Educativas Oficiales en las prácticas de ciencia, innovación y tecnología | L79: 0.3 | M79: Servicio | N79: 220104602 Instituciones educativas asistidas técnicamente en innovación educativa | O79: 85 | P79: 24 | Q79: 25 | R79: 30 | S79: 30 | T79: 0 | U79: 25 | V79: =+Y79+Z79+AA79+AB79 -> 20 | X79: =+T79+U79+V79+W79 -> 45 | Y79: 0 | Z79: 20 | AC79: =(V79/R79)*L79 -> 0.2 | AD79: =(X79/O79)*L79 -> 0.15882353 | AE79: =V79/R79 -> 0.66666667 | AF79: =X79/O79 -> 0.52941176 | AG79: Con corte al primer trimestre de la vigencia 2026, Nos encontramos en la gestión de incorporación de recursos y el fortalecimiento de alianzas con actores estratégicos, que permitían dar inicio a la ejecución de la actividad. | AI79: Con corte al 30 de junio de 2026, en el marco de la estrategia Tecnologías para Aprender, se desarrollaron acciones de formación y acompañamiento situado orientadas al fortalecimiento del uso pedagógico de tecnologías digitales, herramientas RTCi, pensamiento computacional e innovación educativa, con la participación de 17 sedes educativas oficiales de Cartagena y rutas dirigidas a estudiantes, docentes, directivos docentes y familias, beneficiando a 997 actores de la comunidad educativa: 72 docentes, 30 directivos docentes, 832 estudiantes y 63 familiares/acudientes; adicionalmente, desde la Oficina de Servicios Informáticos de la Secretaría de Educación Distrital, se realizaron procesos de capacitación en 3 sedes educativas adicionales, fortaleciendo las competencias digitales y el uso pedagógico de herramientas tecnológicas.
B80: Avance Programa Cartagena, Territorio Digital | AC80: =SUM(AC77:AC79) -> 0.9 | AD80: =SUM(AD77:AD79) -> 0.85882353 | AE80: =AVERAGE(AE77:AE79) -> 0.88888889 | AF80: =AVERAGE(AF77:AF79) -> 0.84313725
A81: 10. Reducción de la desigualdad 16. Paz, justicia e instituciones sólidas | B81: 3. Promover el Desarrollo Económico Equitativo en el Distrito de Cartagena de Indias mediante la formulación y ejecución de políticas y estrategias para lograr la reducción de la brecha laboral de género, la disminución de las tasas de desempleo juvenil, la reducción de la informalidad laboral, con el fomento al emprendimiento, el fortalecimiento de la economía popular, la diversificación económica, la mejora del índice de competitividad, y la creación de empleos de calidad en la ciudad, durante el período de gobierno 2024-2027. | C81: CAPÍTULO III DE LOS PUEBLOS Y COMUNIDADES ETNICAS | D81: EDUCACION | E81: Incrementar a 20% el porcentaje de la población negra, afrocolombiana, raizal, palenquera que habita el Distrito vinculada a procesos de fortalecimiento y reconocimiento de sus derechos, diversidad étnica y cultural como un principio fundamental | F81: Desarrollo Humano y Bienestar Social de las Comunidades Negras, Afrocolombianas, Raizales y Palenqueras | G81: 06-01-01 | H81: Becas inclusivas para estudiantes de los Consejos Comunitarios | I81: Porcentaje | J81: 277 becas entregadas por la SED a corte 2023 | K81: Otorgar trescientas noventa y seis (396) becas inclusivas a estudiantes de los Consejos Comunitarios | L81: 0.3333 | M81: Servicio | N81: 40010012 Educación - Cobertura neta en educación - Total | O81: 396 | Q81: 100 | R81: 132 | S81: 132 | T81: 0 | U81: 63 | V81: =+Y81+Z81+AA81+AB81 -> 50 | X81: =+T81+U81+V81+W81 -> 113 | Y81: 50 | Z81: 0 | AC81: =(V81/R81)*L81 -> 0.12625 | AD81: =(X81/O81)*L81 -> 0.095108333 | AE81: =V81/R81 -> 0.37878788 | AF81: =X81/O81 -> 0.28535354 | AG81: Se desarrolló la convocatoria dirigida a población en condición de vulnerabilidad. Esta convocatoria estuvo orientada a garantizar el acceso a la educación superior de grupos priorizados, incluyendo personas pertenecientes a cabildos indígenas, consejos comunitarios, población con discapacidad, personas con experiencia de vida trans, deportistas y víctimas del conflicto armado en el Distrito de Cartagena . Como resultado del proceso, se asignaron un total de 100 becas inclusivas. No obstante, en cumplimiento de los criterios de reporte establecidos en el plan de acción, específicamente en lo relacionado con la segregación del capítulo étnico (becas NAR e indígenas), en esta línea de seguimiento se registran 46 becas, correspondientes a población no incluida en dicho capítulo. Las 54 becas restantes serán reportadas en el componente étnico, conforme a la estructura de seguimiento definida. Se anexa como evidencia el informe del fondo educativo Cartagena 500 años Convocatoria. | AI81: NO SE PRESENTAN AVANCES
A82: 10. Reducción de la desigualdad 16. Paz, justicia e instituciones sólidas | B82: 3. Promover el Desarrollo Económico Equitativo en el Distrito de Cartagena de Indias mediante la formulación y ejecución de políticas y estrategias para lograr la reducción de la brecha laboral de género, la disminución de las tasas de desempleo juvenil, la reducción de la informalidad laboral, con el fomento al emprendimiento, el fortalecimiento de la economía popular, la diversificación económica, la mejora del índice de competitividad, y la creación de empleos de calidad en la ciudad, durante el período de gobierno 2024-2027. | C82: CAPÍTULO III DE LOS PUEBLOS Y COMUNIDADES ETNICAS | D82: EDUCACION | E82: Incrementar a 50% el porcentaje de población indígena que habita el Distrito de Cartagena vinculada a procesos fortalecimiento y reconocimiento de sus derechos, diversidad étnica y cultural como un principio fundamental | F82: Atención Integral para las Comunidades Indígenas (Programa 14.2.2) | G82: 06-01-02 | H82: Becas inclusivas para estudiantes de los cabildos indígenas asentados en el Distrito | I82: Porcentaje | J82: ND | K82: Otorgar sesenta (60) becas inclusivas para estudiantes de los cabildos indígenas | L82: 0.3333 | M82: Servicio | N82: 40010012 Educación - Cobertura neta en educación - Total | O82: 60 | Q82: 25 | R82: 20 | S82: 20 | T82: 0 | U82: 16 | V82: =+Y82+Z82+AA82+AB82 -> 4 | X82: =+T82+U82+V82+W82 -> 20 | Y82: 4 | Z82: 0 | AC82: =(V82/R82)*L82 -> 0.06666 | AD82: =(X82/O82)*L82 -> 0.1111 | AE82: =V82/R82 -> 0.2 | AF82: =X82/O82 -> 0.33333333 | AI82: NO SE PRESENTAN AVANCES
A83: 10. Reducción de la desigualdad 16. Paz, justicia e instituciones sólidas | B83: 3. Promover el Desarrollo Económico Equitativo en el Distrito de Cartagena de Indias mediante la formulación y ejecución de políticas y estrategias para lograr la reducción de la brecha laboral de género, la disminución de las tasas de desempleo juvenil, la reducción de la informalidad laboral, con el fomento al emprendimiento, el fortalecimiento de la economía popular, la diversificación económica, la mejora del índice de competitividad, y la creación de empleos de calidad en la ciudad, durante el período de gobierno 2024-2027. | C83: CAPÍTULO III DE LOS PUEBLOS Y COMUNIDADES ETNICAS | D83: EDUCACION | E83: Incrementar a 20% el porcentaje de la población negra, afrocolombiana, raizal, palenquera que habita el Distrito vinculada a procesos de fortalecimiento y reconocimiento de sus derechos, diversidad étnica y cultural como un principio fundamental | F83: Desarrollo Humano y Bienestar Social de las Comunidades Negras, Afrocolombianas, Raizales y Palenqueras | G83: 06-01-03 | H83: Mesa de Expertos creada, implementada y con seguimiento de la implementación de la cátedra de estudios afroamericanos, transición de PEI a PEC e implementación de la resemantización en Instituciones Educativas Oficiales del Distrito | I83: Porcentaje | J83: 0 Fuente: Secretaría de Educación Distrital, 2023 | K83: Crear, implementar y hacer seguimiento a una (1) Mesa de Expertos para el seguimiento de la implementación de la cátedra de estudios afroamericanos, transición de PEI a PEC e implementación de la resemantización en Instituciones Educativas Oficiales del Distrito | L83: 0.3333 | M83: Servicio | N83: 220105601 Modelos educativos para grupos étnicos acompañados | O83: 1 | Q83: 1 | R83: 0.35 | S83: 0.4 | T83: 0 | U83: 1 | V83: =+Y83+Z83+AA83+AB83 -> 0 | X83: =+T83+U83+V83+W83 -> 1 | Y83: 0 | Z83: 0 | AC83: =(V83/R83)*L83 -> 0 | AD83: =(X83/O83)*L83 -> 0.3333 | AE83: =V83/R83 -> 0 | AF83: =X83/O83 -> 1
B84: Avance Programa Desarrollo Humano y Bienestar Social de las Comunidades Negras, Afrocolombianas, Raizales y Palenqueras | AC84: =SUM(AC81:AC83) -> 0.19291 | AD84: =SUM(AD81:AD83) -> 0.53950833 | AE84: =AVERAGE(AE81:AE83) -> 0.19292929 | AF84: =AVERAGE(AF81:AF83) -> 0.53956229
B86: AVANCE PLAN DE DESARROLLO PARTE ESTRATÉGICA - SECRETARÍA DE EDUCACIÓN | AC86: =(AC80+AC76+AC71+AC63+AC59+AC55+AC52+AC46+AC42+AC37+AC32+AC24+AC18+AC15+AC84)/15 -> 0.59577699 | AD86: =(AD80+AD76+AD71+AD63+AD59+AD55+AD52+AD46+AD42+AD37+AD32+AD24+AD18+AD15+AD84)/15 -> 0.6522801 | AE86: =(AE80+AE76+AE71+AE63+AE59+AE55+AE52+AE46+AE42+AE37+AE32+AE24+AE18+AE15+AE84)/15 -> 0.53919345 | AF86: =(AF80+AF76+AF71+AF63+AF59+AF55+AF52+AF46+AF42+AF37+AF32+AF24+AF18+AF15+AF84)/15 -> 0.62728469

Sheet 2. GESTIÓN-MIPG
C1: ALCALDIA DISTRITAL DE CARTAGENA DE INDIAS | N1: Código: PTDGI01-F001
C2: MACROPROCESO: PLANEACIÓN TERRITORIAL Y DIRECCIONAMIENTO ESTRATEGICO | N2: Versión: 1.0
C3: PROCESO / SUBPROCESO: GESTIÓN DE LA INVERSIÓN PUBLICA / GESTIÓN DEL PLAN DE DESARROLLO Y SUS INSTRUMENTOS DE EJECUCIÓN | N3: Fecha: 16/07/2024
C4: FORMATO DE REPORTE DE INFORMACIÓN PLAN DE ACCIÓN INSTITUCIONAL | N4: Página: 2 de 3
A5: DEPENDENCIA :
A6: GESTIÓN ADMINISTRATIVA - MIPG | M6: ADMINISTRACIÓN DE RIESGOS
A8: META DE RESULTADO | B8: DIMENSIÓN (ES) DE MIPG | C8: POLÍTICA DE GESTIÓN Y DESEMPEÑO INSTITUCIONAL | D8: PROCESO ASOCIADO | E8: SUBPROCESO ASOCIADO | F8: OBJETIVO DEL SUBPROCESO | G8: NOMBRE DEL INDICADOR | H8: PROPÓSITO | I8: FRECUENCIA | J8: TIPO DE INDICADOR | K8: GRUPO DE VALOR | L8: PLANES DECRETO 612 DE 2018 | M8: RIESGOS ASOCIADOS AL PROCESO | N8: CONTROLES ESTABLECIDOS PARA LOS RIESGOS | O8: Promedio indicador 31/12/2024 | P8: Promedio avance indicador 2025
A9: ='[2]1. ESTRATÉGICO'!E8 -> Incrementar la tasa de cobertura neta sin extraedad global al 95% | B9: 2. Direccionamiento Estratégico y Planeación | C9: Compras y contratación pública | D9: GESTIÓN ADMINISTRATIVA DE BIENES Y SERVICIOS - EDUCACIÓN | E9: GESTIÓN DE RECURSOS FÍSICOS - EDUCACIÓN | F9: Gestionar oportunamente la adquisición, ingreso, control, custodia y promoción de los recursos físicos con el fin de atender los requerimientos de los diferentes procesos enfocadas a optimizar el servicio a la comunidad educativa | G9: Solicitudes de contratación gestionadas oportunamente | H9: Conocer el tiempo de respuesta a las necesidades de contratación de la SED | I9: Mensual | J9: Eficiencia | K9: Instituciones Educativas Oficiales Comunidad Educativa - Estudiantes - Padres de Familia MEN | L9: Plan Anual de Adquisiciones | M9: Posibilidad de perdida reputacional Por inoportunidad en los procesos de contratación debido a falta de recursos de inversión para el desarrollo de los proyectos educativos | N9: Subdirector Técnico Gestión Adminstrativa Seguimiento periódico al plan de adquisiciones y presentación de avance en comité directivo TRIMESTRAL | O9: 1
A10: ='[2]1. ESTRATÉGICO'!E14 -> Incrementar a 40% el porcentaje de las Instituciones Educativas Oficiales con oferta en Educación Inicial para la atención de la primera infancia | B10: 2. Direccionamiento Estratégico y Planeación | C10: Gestión Presupuestal y Eficiencia del Gasto Público | D10: COBERTURA EDUCATIVA | E10: GESTIÓN DE ESTRATEGIAS DE ACCESO | F10: Garantizar el 95% de la prestación del servicio educativo a niñas, niños, jóvenes y adultos, con altos índices de cobertura y eficiencia, mediante estrategias de acceso a Instituciones Educativas oficiales y en las modalidades de contratación que se requieran, de forma anual. | G10: Población preescolar sin extraedad matriculada | H10: Conocer la población entre los 5 y 16 años que se encuentra en el Sistema Educativa | I10: Semestral | J10: Eficiencia | K10: Instituciones Educativas Oficiales Comunidad Educativa - Estudiantes - Padres de Familia MEN | L10: NA | M10: Posibilidad de perdida economica y reputacional por no garantizar el acceso al sistema de educación preescolar, báisa y media debido a la insuficiencia y limitación de la capacidad instalada de establecimientos educativos oficiales para la prestación del servicio | N10: Director de cobertura educativa gestiona el cumplimiento de la ejecución del plan de cobertura en el formato GEDCO01 F001 - Plan de Cobertura trimestralmente | O10: 1
A11: ='[2]1. ESTRATÉGICO'!E16 -> Reducir la tasa de deserción en educación preescolar, básica y media de Instituciones Educativas Oficiales a 2,47% | B11: 2. Direccionamiento Estratégico y Planeación | C11: Compras y contratación pública | D11: COBERTURA EDUCATIVA | E11: GESTIÓN DE ESTRATEGIAS DE ACCESO | F11: Garantizar el 95% de la prestación del servicio educativo a niñas, niños, jóvenes y adultos, con altos índices de cobertura y eficiencia, mediante estrategias de acceso a Instituciones Educativas oficiales y en las modalidades de contratación que se requieran, de forma anual. | G11: Población sin extraedad matriculada | H11: Establecer si los estudiantes del grado de transición tienen la edad adecuada para cursarlo | I11: Semestral | J11: Eficacia | K11: Instituciones Educativas Oficiales Instituciones Educativas No Oficiales Comunidad Educativa - Estudiantes - Padres de Familia MEN | L11: NA | M11: Posibilidad de perdida economica y reputacional por no garantizar el acceso al sistema de educación preescolar, báisa y media debido a la insuficiencia y limitación de la capacidad instalada de establecimientos educativos oficiales para la prestación del servicio | N11: Director de cobertura educativa gestiona el cumplimiento de la ejecución del plan de cobertura en el formato GEDCO01 F001 - Plan de Cobertura trimestralmente | O11: 1.0282988
A12: ='[2]1. ESTRATÉGICO'!E17 -> Reducir la tasa de deserción en educación preescolar, básica y media de Instituciones Educativas Oficiales a 2,47% | B12: 2. Direccionamiento Estratégico y Planeación | C12: Compras y contratación pública | D12: COBERTURA EDUCATIVA | E12: GESTIÓN DE ESTRATEGIAS DE PERMANENCIA | F12: Planear e Implementar en un 100% una adecuada gestión para la mitigación del riesgo de abandono escolar de niñas, niños, adolescentes y jóvenes de establecimientos educativos con matrícula oficial del distrito cada anualidad mediante estrategias de permanencia | G12: Tasa de deserción escolar | H12: Medir el número de estudiantes que abandonan el sistema educativo durante el año | I12: Anual | J12: Eficacia | K12: Instituciones Educativas Oficiales Comunidad Educativa - Estudiantes - Padres de Familia MEN | L12: NA | M12: Posibilidad de perdida reputacional y economica por incremento en la tasa de deserción escolar de la oferta oficial del Distrito debido a la insuficiente oferta del ente Territorial para la implementación de estrategias de permanencia. baja cobertura de las estrategias de permanencia. | N12: Director de cobertura educativa gestiona el cumplimiento de la ejecución del plan de cobertura en el formato GEDCO01 F001 - Plan de Cobertura trimestralmente | O12: -0.14
A13: ='[2]1. ESTRATÉGICO'!E18 -> Reducir la tasa de deserción en educación preescolar, básica y media de Instituciones Educativas Oficiales a 2,47% | B13: 2. Direccionamiento Estratégico y Planeación | C13: Compras y contratación pública | D13: GESTIÓN ADMINISTRATIVA DE BIENES Y SERVICIOS - EDUCACIÓN | E13: ADQUISICIÓN DE BIENES Y SERVICIOS - EDUCACIÓN | F13: Suministrar eficazmente los Bienes y Servicios Requeridos para la prestación de servicio Educativo y la ejecución de los programas y proyectos del plan de desarrollo, por medio de la gestión precontractual, contractual y post contractual para satisfacer el 100% de las necesidades presupuestadas cada trimestre. | G13: Solicitudes de contratación gestionadas oportunamente | H13: Conocer el tiempo de respuesta a las necesidades de contratación de la SED | I13: Mensual | J13: Eficiencia | K13: Instituciones Educativas Oficiales Comunidad Educativa - Estudiantes - Padres de Familia MEN | L13: Plan Anual de Adquisiciones | M13: Posibilidad de perdida reputacional Por inoportunidad en los procesos de contratación debido a falta de recursos de inversión para el desarrollo de los proyectos educativos | N13: Subdirector Técnico Gestión Adminstrativa Seguimiento periódico al plan de adquisiciones y presentación de avance en comité directivo TRIMESTRAL | O13: 1
A14: ='[2]1. ESTRATÉGICO'!E19 -> Reducir la tasa de deserción en educación preescolar, básica y media de Instituciones Educativas Oficiales a 2,47% | B14: 1. Talento Humano | C14: Gestión Estratégica del Talento Humano | D14: TALENTO HUMANO - EDUCACIÓN | E14: ADMINISTRACIÓN DE LA NÓMINA - EDUCACIÓN | F14: Gestionar el 100% liquidación oportuna de las obligaciones laborales y de terceros asociados a la nómina del personal docente y administrativo de la Secretaría de Educación Distrital, mediante la optimización de recursos, garantizando la correcta generación de la nomina mensual. | G14: Tiempo de entrega de liquidacion de nómina a Financiera | H14: Medir el número de estudiantes que abandonan el sistema educativo durante el año | I14: Anual | J14: Eficacia | K14: Funcionarios Sindicato | L14: NA | M14: Posibilidad de perdida reputacional y economica por posesión de funcionarios sin el cumplimiento de requisitos por dispersión de información entre los diferentes sistemas de información. Muchos sistemas de información del MEN no tienen Inter operatividad. | N14: Subdirector tecnico de talento humano confirma con los establecimientos educativos y/u organismos la autenticidad de los mismos. En cada proceso | O14: ND
A15: ='[2]1. ESTRATÉGICO'!E23 -> Incrementar a 67% el porcentaje de Instituciones Educativas Oficiales que cuentan con fortalecimiento de educación inclusiva | B15: 2. Direccionamiento Estratégico y Planeación | C15: Compras y contratación pública | D15: COBERTURA EDUCATIVA | E15: GESTIÓN DE ESTRATEGIAS DE PERMANENCIA | F15: Planear e Implementar en un 100% una adecuada gestión para la mitigación del riesgo de abandono escolar de niñas, niños, adolescentes y jóvenes de establecimientos educativos con matrícula oficial del distrito cada anualidad mediante estrategias de permanencia | G15: Tasa de deserción escolar | H15: Medir el número de estudiantes que abandonan el sistema educativo durante el año | I15: Anual | J15: Eficacia | K15: Instituciones Educativas Oficiales Comunidad Educativa - Estudiantes - Padres de Familia MEN | L15: NA | M15: Posibilidad de perdida reputacional y economica por incremento en la tasa de deserción escolar de la oferta oficial del Distrito debido a la insuficiente oferta del ente Territorial para la implementación de estrategias de permanencia. baja cobertura de las estrategias de permanencia. | N15: Director de cobertura educativa gestiona el cumplimiento de la ejecución del plan de cobertura en el formato GEDCO01 F001 - Plan de Cobertura trimestralmente | O15: -0.14
A16: ='[2]1. ESTRATÉGICO'!E26 -> Reducir la tasa de extraedad en el Distrito al 9% | B16: 2. Direccionamiento Estratégico y Planeación | C16: Compras y contratación pública | D16: COBERTURA EDUCATIVA | E16: ATENCIÓN A POBLACIONES | F16: Garantizar el 100% de la gestión para la garantía del acceso y permanencia de población diversa en el sistema de educación prescolar, básica y media mediante fortalecimiento de la oferta educativa, el diseño de orientaciones y articulación interinstitucional e intersectorial para la inclusión de forma anual. | G16: Población sin extraedad matriculada | H16: Conocer la población entre los 5 y 16 años que se encuentra en el Sistema Educativa | I16: Semestral | J16: Eficacia | K16: Instituciones Educativas Oficiales Comunidad Educativa - Estudiantes - Padres de Familia MEN | L16: NA | M16: Posibilidad de perdida economica y reputacional por no garantizar el acceso al sistema de educación preescolar, báisa y media debido a la insuficiencia y limitación de la capacidad instalada de establecimientos educativos oficiales para la prestación del servicio | N16: Director de cobertura educativa gestiona el cumplimiento de la ejecución del plan de cobertura en el formato GEDCO01 F001 - Plan de Cobertura trimestralmente | O16: 1.0283
A17: ='[2]1. ESTRATÉGICO'!E27 -> Reducir la tasa de extraedad en el Distrito al 9% | B17: 2. Direccionamiento Estratégico y Planeación | C17: Planeación Institucional | D17: COBERTURA EDUCATIVA | E17: ATENCIÓN A POBLACIONES | F17: Garantizar el 100% de la gestión para la garantía del acceso y permanencia de población diversa en el sistema de educación prescolar, básica y media mediante fortalecimiento de la oferta educativa, el diseño de orientaciones y articulación interinstitucional e intersectorial para la inclusión de forma anual. | G17: Población sin extraedad matriculada | H17: Conocer la población entre los 5 y 16 años que se encuentra en el Sistema Educativa | I17: Semestral | J17: Eficacia | K17: Instituciones Educativas Oficiales Comunidad Educativa - Estudiantes - Padres de Familia MEN | L17: NA | M17: Posibilidad de perdida economica y reputacional por no garantizar el acceso al sistema de educación preescolar, báisa y media debido a la insuficiencia y limitación de la capacidad instalada de establecimientos educativos oficiales para la prestación del servicio | N17: Director de cobertura educativa gestiona el cumplimiento de la ejecución del plan de cobertura en el formato GEDCO01 F001 - Plan de Cobertura trimestralmente | O17: 1.0283
A18: ='[2]1. ESTRATÉGICO'!E30 -> Incrementar a 67% el porcentaje de Instituciones Educativas Oficiales que cuentan con fortalecimiento de educación inclusiva | B18: 3. Gestión con Valores para Resultados | C18: Fortalecimiento Organizacional y Simplificación de Procesos | D18: CALIDAD EDUCATIVA | E18: GEDCE02 GARANTIZAR EL MEJORAMIENTO CONTINUO EN LOS EE | F18: Acompañar mediante asistencias técnico-pedagógicas al 100% de los Establecimientos Educativos, a partir de las necesidades surgidas de la caracterización y el perfil del sector educativo, con el fin de fortalecer la gestión escolar, a través del mejoramiento continuo, de forma anual. | G18: Plan de Apoyo al Mejoramiento ejecutado | H18: Conocer el nivel de ejecución del PAM | I18: Semestral | J18: Eficacia | K18: Instituciones Educativas Oficiales Comunidad Educativa - Estudiantes - Fundaciones | L18: NA | M18: Posibilidad de perdida reputacional por el Incumplimiento de las metas previstas según lo establecido en el Plan de Apoyo al Mejoramiento Debidos a Falta de articulación y coordinación de políticas, programas, recursos y metas desde la transversalidad, con las diferentes dependencias de la SED y UNALDES. (Trabajo coordinado para la consecución de los objetivos) Insuficiente gestión a los resultados obtenidos en el seguimiento y evaluación de PAM | N18: =+CONCATENATE(K18," ",L18," ",M18) -> Instituciones Educativas Oficiales Comunidad Educativa - Estudiantes - Fundaciones NA Posibilidad de perdida reputacional por el Incumplimiento de las metas previstas según lo establecido en el Plan de Apoyo al Mejoramiento Debidos a Falta de articulación y coordinación de políticas, programas, recursos y metas desde la transversalidad, con las diferentes dependencias de la SED y UNALDES. (Trabajo coordinado para la consecución de los objetivos) Insuficiente gestión a los resultados obtenidos en el seguimiento y evaluación de PAM | O18: 1
